Workbook
Name a1_Y1: [2]CONFIGURACIÓN!$D$17
Name a1_Y2: [2]CONFIGURACIÓN!$E$17
Name a10_Y10: [2]CONFIGURACIÓN!$M$26
Name a10_Y11: [2]CONFIGURACIÓN!$N$26
Name a2_Y2: [2]CONFIGURACIÓN!$E$18
Name a2_Y3: [2]CONFIGURACIÓN!$F$18
Name a3_Y3: [2]CONFIGURACIÓN!$F$19
Name a3_Y4: [2]CONFIGURACIÓN!$G$19
Name a4_Y4: [2]CONFIGURACIÓN!$G$20
Name a4_Y5: [2]CONFIGURACIÓN!$H$20
Name a5_Y5: [2]CONFIGURACIÓN!$H$21
Name a5_Y6: [2]CONFIGURACIÓN!$I$21
Name a6_Y6: [2]CONFIGURACIÓN!$I$22
Name a6_Y7: [2]CONFIGURACIÓN!$J$22
Name a7_Y7: [2]CONFIGURACIÓN!$J$23
Name a7_Y8: [2]CONFIGURACIÓN!$K$23
Name a8_Y8: [2]CONFIGURACIÓN!$K$24
Name a8_Y9: [2]CONFIGURACIÓN!$L$24
Name a9_Y10: [2]CONFIGURACIÓN!$M$25
Name a9_Y9: [2]CONFIGURACIÓN!$L$25
Name ALMUERZO: '[3]Resumen Preparaciones'!$C$52:$C$113
Name almuerzocena: '[3]Resumen Preparaciones'!$C$52:$C$141
Name año1: [2]CONFIGURACIÓN!$F$9
Name APLICA: #REF!
Name APLICA.: #REF!
Name bbb: [4]lista!$A$11:$A$13
Name CALENDARIO: [2]CALENDARIO!$B$6:$H$161
Name Calidad: [5]PERSONAL!$P$58
Name Campamento: [5]PERSONAL!$P$122
Name Comercio: [6]OCULTAR!$F$14:$G$17
Name Decision: [4]lista!$A$6:$A$7
Name dependencia: '[7]Datos Inciales'!$B$5:$B$30
Name desayuno: '[3]Resumen Preparaciones'!$C$5:$C$50
Name DESAYUNOS: '[3]Resumen Preparaciones'!$C$5:$C$33
Name Ensayos: [5]PERSONAL!$P$100
Name Estrategia: [8]Tablas!$F$2:$F$34
Name EUR: '[2]DATOS ENTRADA'!$E$2
Name fecha_fin_servicio: [2]CONFIGURACIÓN!$C$10
Name fecha_inicio_servicio: [2]CONFIGURACIÓN!$C$9
Name Fuente: [8]Tablas!$D$2:$D$10
Name FUENTES: '[7]Datos Inciales'!$B$40:$B$49
Name GRUPO: #REF!
Name horas_jornada: [2]CONFIGURACIÓN!$C$12
Name horas_ubicacion1: [2]CONFIGURACIÓN!$C$47
Name horas_ubicacion2: [2]CONFIGURACIÓN!$C$48
Name horas_ubicacion3: [2]CONFIGURACIÓN!$C$49
Name horas_ubicacion4: [2]CONFIGURACIÓN!$C$50
Name horas_ubicacion5: [2]CONFIGURACIÓN!$C$51
Name horas_ubicacion6: [2]CONFIGURACIÓN!$C$52
Name horas_ubicacion7: [2]CONFIGURACIÓN!$C$53
Name Info_Prazo_do_contrato: [9]Seletor!$C$13
Name IVASobreUtilidad: [5]IMPUESTOS!$E$16
Name lista_hnp: '[2]COSTES NO SSPP'!$B$24:$B$33
Name lista_lineas_reparto: '[2]HW&SW'!$C$314:$C$324
Name lista_localizaciones: [2]CONFIGURACIÓN!$B$47:$B$53
Name lista_paises: '[2]DATOS MAESTROS'!$B$13:$B$39
Name lista_perfiles_esp: [2]TASAS!$D$7:$D$198
Name lista_perfiles_resto: [2]TASAS!$B$330:$B$450
Name M: [6]OCULTAR!$B$14:$B$17
Name Manufacturero: [6]OCULTAR!$B$14:$C$17

Sheet Matriz de Calculo
B2: #VALUE! | D2: República de Colombia | P2: #VALUE!
D3: Instituto Colombiano de Antropología e Historia
D5: ESTUDIO DE MERCADO
B7: ÍTEM | C7: SEDE | D7: DESCRIPCIÓN | E7: REFERENCIA | F7: ALCANCE MINIMO | G7: CANTIDAD DE EQUIPOS | H7: CANTIDAD DE MANTENIMIENTOS | I7: Muestra 1 | J7: Muestra 2 | K7: Muestra 3 | L7: Muestra 4 | M7: Coeficiente deVariación | N7: Promedio | O7: Mediana | P7: Media Geometrica | Q7: Media Armonica
I8: ='1. SELTEL S.A.S.'!D7 -> SELTEL S.A.S. | J8: ='2. ING ELECTROMECA'!D7 -> INGENIEROS ELECTROMECANICOS SAS | K8: L Y S INGENIERIA SAS (2025) + IPC ABRIL 2026 DANE (5,16)
I9: Precio unitario (Incluidos Impuestos) | J9: Precio unitario (Incluidos Impuestos) | K9: Precio unitario (Incluidos Impuestos) | L9: Precio unitario (Incluidos Impuestos)
B10: 1.1 | C10: PARQUE TEYUNA Parque Arqueológico Teyuna – Ciudad Perdida. Sierra Nevada de Santa Marta, Resguardo Kogüi-malayo -Arhuaco – Distrito Turístico, Cultural e Histórico de Santa Marta, Magdalena | D10: GENERADORE S ELÉCTRICOS | E10: Panel Solar Kyocera KC65 - Con accesorios | F10: Mantenimiento general del sistema de paneles solares, inlcuye limpeza general de equipos compuesto por 12 paneles solares y 8 baterias | G10: 1 | H10: 1 | I10: ='1. SELTEL S.A.S.'!I18 -> 2778704 | J10: ='2. ING ELECTROMECA'!I18 -> 2875000 | K10: =IF('3. EM 2025 + IPC'!I18*(1+($K$79/100))=0,"",'3. EM 2025 + IPC'!I18*(1+($K$79/100))) -> 2676453.5 | M10: =STDEVP(I10:L10)/AVERAGE(I10:L10) -> 0.029195765 | N10: =ROUND(AVERAGE(I10:L10),-2) -> 2776700 | O10: =ROUND(MEDIAN(I10:K10),-2) -> 2778700 | P10: =ROUND(GEOMEAN(I10:L10),-2) -> 2775500 | Q10: =ROUND(HARMEAN(I10:L10),-2) -> 2774300
E11: Planta eléctrica portátil Portel Cable 3.500 W | F11: Mantenimiento preventivo equipo portatil, incluye limpieza general de equipo (interior-exterior), mantenimiento de motor, cambio de aceite y filtro de aceite, sustitucion de filtro de aire del motor, cambio de correas de elementos auxiliares, mantenimiento del alternador inspeccion sistema de refigeracion y cambio de refigerante, servicio a la válvula de combustible, cambio de bujía y lo demas necesario para su correcto funcionamiento. | G11: 1 | H11: 1 | I11: ='1. SELTEL S.A.S.'!I19 -> 2576117 | J11: ='2. ING ELECTROMECA'!I19 -> 2640000 | K11: =IF('3. EM 2025 + IPC'!I19*(1+($K$79/100))=0,"",'3. EM 2025 + IPC'!I19*(1+($K$79/100))) -> 2484448.1 | M11: =STDEVP(I11:L11)/AVERAGE(I11:L11) -> 0.024871139 | N11: =ROUND(AVERAGE(I11:L11),-2) -> 2566900 | O11: =ROUND(MEDIAN(I11:K11),-2) -> 2576100 | P11: =ROUND(GEOMEAN(I11:L11),-2) -> 2566100 | Q11: =ROUND(HARMEAN(I11:L11),-2) -> 2565300
E12: Planta eléctrica Portel Cable 1200 W | F12: Mantenimiento preventivo equipo portatil, incluye limpieza general de equipo (interior-exterior), mantenimiento de motor, cambio de aceite y filtro de aceite, sustitucion de filtro de aire del motor, cambio de correas de elementos auxiliares, mantenimiento del alternador inspeccion sistema de refigeracion y cambio de refigerante, servicio a la válvula de combustible, cambio de bujía y lo demas necesario para su correcto funcionamiento. | G12: 1 | H12: 1 | I12: ='1. SELTEL S.A.S.'!I20 -> 2090502 | J12: ='2. ING ELECTROMECA'!I20 -> 2236000 | K12: =IF('3. EM 2025 + IPC'!I20*(1+($K$79/100))=0,"",'3. EM 2025 + IPC'!I20*(1+($K$79/100))) -> 1947694.7 | M12: =STDEVP(I12:L12)/AVERAGE(I12:L12) -> 0.056279018 | N12: =ROUND(AVERAGE(I12:L12),-2) -> 2091400 | O12: =ROUND(MEDIAN(I12:K12),-2) -> 2090500 | P12: =ROUND(GEOMEAN(I12:L12),-2) -> 2088100 | Q12: =ROUND(HARMEAN(I12:L12),-2) -> 2084800
B13: 1.2 | D13: MOTOBOMBA AUTOMÁTICA | E13: Motobomba Toolcraft Potencia máxima 4097w-Motor a gasolina | F13: Mantenimiento preventivo de equipo de bombeo incluye limpieza general del equipo, ajuste de contactos, revision de rodamientos y sello mecánico, lavado de embobinado de motor, revisión de parámetros y pruebas de aislamiento y lo demas necesario para su correcto funcionamiento. | G13: 1 | H13: 1 | I13: ='1. SELTEL S.A.S.'!I21 -> 1731170 | J13: ='2. ING ELECTROMECA'!I21 -> 1860000 | K13: =IF('3. EM 2025 + IPC'!I21*(1+($K$79/100))=0,"",'3. EM 2025 + IPC'!I21*(1+($K$79/100))) -> 1649944.6 | M13: =STDEVP(I13:L13)/AVERAGE(I13:L13) -> 0.049504185 | N13: =ROUND(AVERAGE(I13:L13),-2) -> 1747000 | O13: =ROUND(MEDIAN(I13:K13),-2) -> 1731200 | P13: =ROUND(GEOMEAN(I13:L13),-2) -> 1744900 | Q13: =ROUND(HARMEAN(I13:L13),-2) -> 1742800
B14: 1.3 | D14: EQUIPO DE SOLDADURA | E14: Maquina de soldadura TIG-220GP modelo TIG-220GP | F14: Mantenimiento preventivo de equipo de soldadura, incluye limpieza general del equipo (interior-exterior), revisión de conexiones eléctricas, verificación de componentes internos, inspección de cables y accesorios, pruebas de funcionamiento y ajustes básicos, así como las demás actividades necesarias para garantizar su correcto funcionamiento. | G14: 1 | H14: 1 | I14: ='1. SELTEL S.A.S.'!I22 -> 850000 | J14: ='2. ING ELECTROMECA'!I22 -> 1450000 | K14: =IF('3. EM 2025 + IPC'!I22*(1+($K$79/100))=0,"",'3. EM 2025 + IPC'!I22*(1+($K$79/100))) | M14: =STDEVP(I14:L14)/AVERAGE(I14:L14) -> 0.26086957 | N14: =ROUND(AVERAGE(I14:L14),-2) -> 1150000 | O14: =ROUND(MEDIAN(I14:K14),-2) -> 1150000 | P14: =ROUND(GEOMEAN(I14:L14),-2) -> 1110200 | Q14: =ROUND(HARMEAN(I14:L14),-2) -> 1071700
B15: 2.1 | C15: CASA ADMINISTRA TIVA SEDE SANTA MARTA Santa Marta "Calle 17 No. 3-72" | D15: GENERADORES ELÉCTRICOS | E15: Planta eléctrica portátil Portel Cable 3.500 W | F15: Mantenimiento preventivo equipo portatil, incluye limpieza general de equipo (interior-exterior), mantenimiento de motor, cambio de aceite y filtro de aceite, sustitucion de filtro de aire del motor, cambio de correas de elementos auxiliares, mantenimiento del alternador inspeccion sistema de refigeracion y cambio de refigerante, servicio a la válvula de combustible, cambio de bujía y lo demas necesario para su correcto funcionamiento. | G15: 1 | H15: 1 | I15: ='1. SELTEL S.A.S.'!I23 -> 1061886 | J15: ='2. ING ELECTROMECA'!I23 -> 1180000 | K15: =IF('3. EM 2025 + IPC'!I23*(1+($K$79/100))=0,"",'3. EM 2025 + IPC'!I23*(1+($K$79/100))) -> 1319181.7 | M15: =STDEVP(I15:L15)/AVERAGE(I15:L15) -> 0.088589595 | N15: =ROUND(AVERAGE(I15:L15),-2) -> 1187000 | O15: =ROUND(MEDIAN(I15:K15),-2) -> 1180000 | P15: =ROUND(GEOMEAN(I15:L15),-2) -> 1182400 | Q15: =ROUND(HARMEAN(I15:L15),-2) -> 1177800
B16: 2.2 | D16: AIRE ACONDICIONADO | E16: Aire acondicionado piso techo Ref / 12000 BTU | F16: Unidades Manejadoras Limpieza de bandeja de condensado, Limpieza de drenajes, Limpieza, sanitización e higienización serpentín evaporador, Mediciones de parámetros eléctricos, Revisión y limpieza de válvulas, Limpieza de filtros de aire, Revisión de lecturas eléctricas, temperatura, presiones alta y baja en circuitos de refrigeración, operación de motores y compresores. Unidades Condensadoras Limpieza y sanitización serpentín de la condensadora, Mediciones de parámetros eléctricos compresor, Revisión presiones de refrigerante de succión, descarga compresor con manómetros, Limpieza general de unidad, Verificación de niveles y presiones de aceite Verificación del estado de correas y poleas, Verificación del alineamiento de trasmisión de potencia, Revisión de rodamientos y chumaceras, Verificación del estado del sistema de acople a la red de ductos, Verificación del aislamiento térmico, Ajuste general de la unidad Revisión de la carga de refrigerante con manómetros, Revisión de tuberías para detectar posibles fugas, Inspección de mirillas de líquido para verificar estado de humedad en los circuitos, Verificación del estado del aislamiento térmico, Circuito de Refrigeración, Inspección visual de tuberías, Inspección y limpieza de conductos de expulsión de calor Revisión de válvulas de paso. Revisión Eléctrica Limpieza general de contactos eléctricos, fuerza y control de sulfatación de terminales, limpieza general de tableros, Ajuste de terminales eléctricos y de sulfatación, Verificación de la operación de sistemas de control, Ajuste del control de temperatura. | G16: 3 | H16: 1 | I16: ='1. SELTEL S.A.S.'!I24 -> 500000 | J16: ='2. ING ELECTROMECA'!I24 -> 950000 | K16: =IF('3. EM 2025 + IPC'!I24*(1+($K$79/100))=0,"",'3. EM 2025 + IPC'!I24*(1+($K$79/100))) -> 853112.6 | M16: =STDEVP(I16:L16)/AVERAGE(I16:L16) -> 0.25189885 | N16: =ROUND(AVERAGE(I16:L16),-2) -> 767700 | O16: =ROUND(MEDIAN(I16:K16),-2) -> 853100 | P16: =ROUND(GEOMEAN(I16:L16),-2) -> 740000 | Q16: =ROUND(HARMEAN(I16:L16),-2) -> 710100
E17: Aire acondicionado Wurden piso techo Inverter Ref / 18000 BTU | G17: 2 | H17: 1 | I17: ='1. SELTEL S.A.S.'!I25 -> 588540 | J17: ='2. ING ELECTROMECA'!I25 -> 950000 | K17: =IF('3. EM 2025 + IPC'!I25*(1+($K$79/100))=0,"",'3. EM 2025 + IPC'!I25*(1+($K$79/100))) -> 853112.6 | M17: =STDEVP(I17:L17)/AVERAGE(I17:L17) -> 0.19162494 | N17: =ROUND(AVERAGE(I17:L17),-2) -> 797200 | O17: =ROUND(MEDIAN(I17:K17),-2) -> 853100 | P17: =ROUND(GEOMEAN(I17:L17),-2) -> 781300 | Q17: =ROUND(HARMEAN(I17:L17),-2) -> 764500
E18: Aire acondicionado Wurden piso techo Inverter Ref / 24000 BTU | G18: 2 | H18: 1 | I18: ='1. SELTEL S.A.S.'!I26 -> 588540 | J18: ='2. ING ELECTROMECA'!I26 -> 950000 | K18: =IF('3. EM 2025 + IPC'!I26*(1+($K$79/100))=0,"",'3. EM 2025 + IPC'!I26*(1+($K$79/100))) -> 853112.6 | M18: =STDEVP(I18:L18)/AVERAGE(I18:L18) -> 0.19162494 | N18: =ROUND(AVERAGE(I18:L18),-2) -> 797200 | O18: =ROUND(MEDIAN(I18:K18),-2) -> 853100 | P18: =ROUND(GEOMEAN(I18:L18),-2) -> 781300 | Q18: =ROUND(HARMEAN(I18:L18),-2) -> 764500
E19: Aire acondicionado piso techo LG Ref AUNQ36EM / 36000 BTU | G19: 2 | H19: 1 | I19: ='1. SELTEL S.A.S.'!I27 -> 1070660 | J19: ='2. ING ELECTROMECA'!I27 -> 1956000 | M19: =STDEVP(I19:L19)/AVERAGE(I19:L19) -> 0.29251386 | N19: =ROUND(AVERAGE(I19:L19),-2) -> 1513300 | O19: =ROUND(MEDIAN(I19:K19),-2) -> 1513300 | P19: =ROUND(GEOMEAN(I19:L19),-2) -> 1447100 | Q19: =ROUND(HARMEAN(I19:L19),-2) -> 1383800
B20: 2.3 | D20: ELECTROBOMBA | E20: Electrobomba predollo modelo CPM620 TANQUE DE PRECIÓN MENBRANA DE 100 LITROS/ 1 HP | F20: Mantenimiento preventivo de sistema de presurizacion incluye limpieza general de equipos, ajuste de contactos, revision de rodamientos y sello mecánico, revision y mantenimiento de tanque hidroflo, ajuste de cableado, lavado de embobinado de motor, revisión de parámetros y pruebas de aislamiento y lo demas necesario para su correcto funcionamiento. | G20: 1 | H20: 1 | I20: ='1. SELTEL S.A.S.'!I28 -> 1350000 | J20: ='2. ING ELECTROMECA'!I28 -> 1723000 | K20: =IF('3. EM 2025 + IPC'!I28*(1+($K$79/100))=0,"",'3. EM 2025 + IPC'!I28*(1+($K$79/100))) | M20: =STDEVP(I20:L20)/AVERAGE(I20:L20) -> 0.12137976 | N20: =ROUND(AVERAGE(I20:L20),-2) -> 1536500 | O20: =ROUND(MEDIAN(I20:K20),-2) -> 1536500 | P20: =ROUND(GEOMEAN(I20:L20),-2) -> 1525100 | Q20: =ROUND(HARMEAN(I20:L20),-2) -> 1513900
B21: 3.1 | C21: PARQUE ARQUEOLOGICO TIERRADENTRO Vereda El Escaño bajo (El Escaño Parque) – Resguardo San Andrés de Pisimbalá | D21: BOMBAS | E21: Motobomba Toolcraft Potencia máxima 4097w-Motor a gasolina | F21: Mantenimiento preventivo de equipo de bombeo incluye limpieza general del equipo, ajuste de contactos, revision de rodamientos y sello mecánico, lavado de embobinado de motor, revisión de parámetros y pruebas de aislamiento y lo demas necesario para su correcto funcionamiento. | G21: 1 | H21: 1 | I21: ='1. SELTEL S.A.S.'!I29 -> 1705522 | J21: ='2. ING ELECTROMECA'!I29 -> 1700000 | K21: =IF('3. EM 2025 + IPC'!I29*(1+($K$79/100))=0,"",'3. EM 2025 + IPC'!I29*(1+($K$79/100))) -> 1649944.6 | M21: =STDEVP(I21:L21)/AVERAGE(I21:L21) -> 0.014835264 | N21: =ROUND(AVERAGE(I21:L21),-2) -> 1685200 | O21: =ROUND(MEDIAN(I21:K21),-2) -> 1700000 | P21: =ROUND(GEOMEAN(I21:L21),-2) -> 1685000 | Q21: =ROUND(HARMEAN(I21:L21),-2) -> 1684800
B22: 3.2 | D22: COMPRESOR AIRE | E22: Compresor de aire marca Toolcraft de 2,5 HP | F22: Mantenimiento preventivo equipo compresor portatil incluye limpieza general del equipo, cambio de filtro, aceites, correa y rodamientos. | G22: 1 | H22: 1 | I22: ='1. SELTEL S.A.S.'!I30 -> 744976 | J22: ='2. ING ELECTROMECA'!I30 -> 767000 | K22: =IF('3. EM 2025 + IPC'!I30*(1+($K$79/100))=0,"",'3. EM 2025 + IPC'!I30*(1+($K$79/100))) -> 692567.99 | M22: =STDEVP(I22:L22)/AVERAGE(I22:L22) -> 0.042483973 | N22: =ROUND(AVERAGE(I22:L22),-2) -> 734800 | O22: =ROUND(MEDIAN(I22:K22),-2) -> 745000 | P22: =ROUND(GEOMEAN(I22:L22),-2) -> 734200 | Q22: =ROUND(HARMEAN(I22:L22),-2) -> 733500
E23: Compresor de aire Siemens HP 1/2 RMP 1730 | F23: Mantenimiento preventivo equipo compresor portatil incluye limpieza general del equipo, cambio de filtro, aceites, correa y rodamientos. | G23: 1 | H23: 1 | I23: ='1. SELTEL S.A.S.'!I31 -> 292943 | J23: ='2. ING ELECTROMECA'!I31 -> 380000 | K23: =IF('3. EM 2025 + IPC'!I31*(1+($K$79/100))=0,"",'3. EM 2025 + IPC'!I31*(1+($K$79/100))) -> 267720.53 | M23: =STDEVP(I23:L23)/AVERAGE(I23:L23) -> 0.15339971 | N23: =ROUND(AVERAGE(I23:L23),-2) -> 313600 | O23: =ROUND(MEDIAN(I23:K23),-2) -> 292900 | P23: =ROUND(GEOMEAN(I23:L23),-2) -> 310000 | Q23: =ROUND(HARMEAN(I23:L23),-2) -> 306700
B24: 3.3 | D24: GENERADORES ELÉCTRICOS | E24: Planta eléctrica portátil Portel Cable / 6500W / voltaje 110-220 /Combustible gasolina. | F24: Mantenimiento preventivo equipo portatil, incluye limpieza general de equipo ( interior-exterior), mantenimiento de motor, cambio de aceite y filtro de aceite, sustitucion de filtro de aire del motor, cambio de correas de elementos auxiliares, mantenimiento del alternador inspeccion sistema de refigeracion y cambio de refigerante, servicio a la válvula de combustible, cambio de bujía y lo demas necesario para su correcto funcionamiento. | G24: 1 | H24: 1 | I24: ='1. SELTEL S.A.S.'!I32 -> 2702324 | J24: ='2. ING ELECTROMECA'!I32 -> 2800000 | K24: =IF('3. EM 2025 + IPC'!I32*(1+($K$79/100))=0,"",'3. EM 2025 + IPC'!I32*(1+($K$79/100))) -> 2579096.3 | M24: =STDEVP(I24:L24)/AVERAGE(I24:L24) -> 0.033552675 | N24: =ROUND(AVERAGE(I24:L24),-2) -> 2693800 | O24: =ROUND(MEDIAN(I24:K24),-2) -> 2702300 | P24: =ROUND(GEOMEAN(I24:L24),-2) -> 2692300 | Q24: =ROUND(HARMEAN(I24:L24),-2) -> 2690800
E25: Planta eléctrica portátil Honda 650 / voltaje 110-220 / Combustible gasolina. | F25: Mantenimiento preventivo equipo portatil, incluye limpieza general de equipo ( interior-exterior), mantenimiento de motor, cambio de aceite y filtro de aceite, sustitucion de filtro de aire del motor, cambio de correas de elementos auxiliares, mantenimiento del alternador inspeccion sistema de refigeracion y cambio de refigerante, servicio a la válvula de combustible, cambio de bujía y lo demas necesario para su correcto funcionamiento. | G25: 1 | H25: 1 | I25: ='1. SELTEL S.A.S.'!I33 -> 795000 | J25: ='2. ING ELECTROMECA'!I33 -> 825000 | K25: =IF('3. EM 2025 + IPC'!I33*(1+($K$79/100))=0,"",'3. EM 2025 + IPC'!I33*(1+($K$79/100))) -> 788700 | M25: =STDEVP(I25:L25)/AVERAGE(I25:L25) -> 0.019725119 | N25: =ROUND(AVERAGE(I25:L25),-2) -> 802900 | O25: =ROUND(MEDIAN(I25:K25),-2) -> 795000 | P25: =ROUND(GEOMEAN(I25:L25),-2) -> 802700 | Q25: =ROUND(HARMEAN(I25:L25),-2) -> 802600
E26: Planta eléctrica portátil Honda 950 / voltaje 110-220 / Combustible gasolina. | F26: Mantenimiento preventivo equipo portatil, incluye limpieza general de equipo ( interior-exterior), mantenimiento de motor, cambio de aceite y filtro de aceite, sustitucion de filtro de aire del motor, cambio de correas de elementos auxiliares, mantenimiento del alternador inspeccion sistema de refigeracion y cambio de refigerante, servicio a la válvula de combustible, cambio de bujía y lo demas necesario para su correcto funcionamiento. | G26: 1 | H26: 1 | I26: ='1. SELTEL S.A.S.'!I34 -> 932257 | J26: ='2. ING ELECTROMECA'!I34 -> 1030000 | K26: =IF('3. EM 2025 + IPC'!I34*(1+($K$79/100))=0,"",'3. EM 2025 + IPC'!I34*(1+($K$79/100))) -> 893860 | M26: =STDEVP(I26:L26)/AVERAGE(I26:L26) -> 0.060199352 | N26: =ROUND(AVERAGE(I26:L26),-2) -> 952000 | O26: =ROUND(MEDIAN(I26:K26),-2) -> 932300 | P26: =ROUND(GEOMEAN(I26:L26),-2) -> 950300 | Q26: =ROUND(HARMEAN(I26:L26),-2) -> 948700
B27: 4.1 | C27: PARQUE ALTO DE LOS ÍDOLOS ubicado en la Vereda Ídolos | D27: BOMBAS PRESURIZACI ÓN | E27: Sistema de presurización BARNES de dos (2) bombas Ref 1J6085 / Mod: AP2-HE 1.5 20- 1 -201 / 2 Hp / 220 V + tanque Hidroneumático + Presostato + Tablero de distribución | F27: Mantenimiento preventivo de sistema de presurizacion incluye limpieza general de equipos, ajuste de contactos, revision de rodamientos y sello mecánico, revision y mantenimiento de tanque hidroflo, ajuste de cableado, lavado de embobinado de motor, revisión de parámetros y pruebas de aislamiento y lo demas necesario para su correcto funcionamiento. | G27: 1 | H27: 2 | I27: ='1. SELTEL S.A.S.'!I35 -> 299130 | J27: ='2. ING ELECTROMECA'!I35 -> 756000 | K27: =IF('3. EM 2025 + IPC'!I35*(1+($K$79/100))=0,"",'3. EM 2025 + IPC'!I35*(1+($K$79/100))) -> 279149.32 | M27: =STDEVP(I27:L27)/AVERAGE(I27:L27) -> 0.49516886 | N27: =ROUND(AVERAGE(I27:L27),-2) -> 444800 | O27: =ROUND(MEDIAN(I27:K27),-2) -> 299100 | P27: =ROUND(GEOMEAN(I27:L27),-2) -> 398200 | Q27: =ROUND(HARMEAN(I27:L27),-2) -> 363700
B28: 4.2 | D28: BOMBAS SUMERGIBLES | E28: Sin especificaciones dos bombas sumergidas en un pozo | F28: Mantenimiento preventivo de sistema de subsión, incluye limpieza general de equipos, ajuste de contactos, revision de rodamientos y sello mecánico, revision y mantenimiento de tanque hidroflo, ajuste de cableado, lavado de embobinado de motor, revisión de parámetros y pruebas de aislamiento y lo demas necesario para su correcto funcionamiento. | G28: 2 | H28: 2 | I28: ='1. SELTEL S.A.S.'!I36 -> 683680 | J28: ='2. ING ELECTROMECA'!I36 -> 780000 | K28: =IF('3. EM 2025 + IPC'!I36*(1+($K$79/100))=0,"",'3. EM 2025 + IPC'!I36*(1+($K$79/100))) -> 683540 | M28: =STDEVP(I28:L28)/AVERAGE(I28:L28) -> 0.063484949 | N28: =ROUND(AVERAGE(I28:L28),-2) -> 715700 | O28: =ROUND(MEDIAN(I28:K28),-2) -> 683700 | P28: =ROUND(GEOMEAN(I28:L28),-2) -> 714300 | Q28: =ROUND(HARMEAN(I28:L28),-2) -> 713000
B29: 4.3 | D29: TABLERO DE DISTRIBUCIÓN GENERAL, | E29: Tablero distribución, Tensión de servicio 208/120v. Tensión nominal 600V. Corriente de corto 70KA. Corriente nominal 400AMP. Serial del tablero IP-B427/2020.Fases 3. Hilos 5 | F29: Mantenimiento en general todos los elementos que integran el tablero, Registro de datos del tablero correspondiente, Registro de datos del tablero correspondiente. Maniobras de des-energización y puesta a tierra, Revisión y limpieza del gabinete, cables, aisladores, interruptores electromagnéticos, termomagnéticos y demás componentes que integran el tablero, Revisión del sistema de tierras y apriete de conexiones en general, Pruebas de operación mecánica de interruptor(es) principal(es) y derivados, Medición de resistencia de aislamiento de interruptores electromagnéticos (megóhmetro), Revisión final, retiro de puesta a tierra y energización. | G29: 1 | H29: 1 | I29: ='1. SELTEL S.A.S.'!I37 -> 317250 | J29: ='2. ING ELECTROMECA'!I37 -> 750000 | K29: =IF('3. EM 2025 + IPC'!I37*(1+($K$79/100))=0,"",'3. EM 2025 + IPC'!I37*(1+($K$79/100))) -> 313991.99 | M29: =STDEVP(I29:L29)/AVERAGE(I29:L29) -> 0.44475743 | N29: =ROUND(AVERAGE(I29:L29),-2) -> 460400 | O29: =ROUND(MEDIAN(I29:K29),-2) -> 317300 | P29: =ROUND(GEOMEAN(I29:L29),-2) -> 421200 | Q29: =ROUND(HARMEAN(I29:L29),-2) -> 391100
D30: TRANSFERENCIA AUTOMÁTICA | E30: Transferencia motorizada, Tensión de servicio 208/120v. Tensión nominal 600V. Corriente de corto 70KA. Corriente nominal 400AMP. Serial del tablero IP- B427/2020.Fases 3. Hilos 5 | G30: 1 | H30: 1 | I30: ='1. SELTEL S.A.S.'!I38 -> 317250 | J30: ='2. ING ELECTROMECA'!I38 -> 750000 | K30: =IF('3. EM 2025 + IPC'!I38*(1+($K$79/100))=0,"",'3. EM 2025 + IPC'!I38*(1+($K$79/100))) -> 313991.99 | M30: =STDEVP(I30:L30)/AVERAGE(I30:L30) -> 0.44475743 | N30: =ROUND(AVERAGE(I30:L30),-2) -> 460400 | O30: =ROUND(MEDIAN(I30:K30),-2) -> 317300 | P30: =ROUND(GEOMEAN(I30:L30),-2) -> 421200 | Q30: =ROUND(HARMEAN(I30:L30),-2) -> 391100
B31: 4.4 | D31: GENERADORE S ELÉCTRICOS | E31: Planta eléctrica tipo cabinado Jeilyfish Power de 100KVA / voltaje 220V / altura 1000 mts | F31: Limpieza en general, ajuste de contactos, revisión de voltajes, corriente, cambio de aceite y filtros, cambio de refrigerante, pruebas de funcionamiento en vacío y lo demas necesario para su correcto funcionamiento. | G31: 1 | H31: 1 | I31: ='1. SELTEL S.A.S.'!I39 -> 928507 | J31: ='2. ING ELECTROMECA'!I39 -> 1400000 | K31: =IF('3. EM 2025 + IPC'!I39*(1+($K$79/100))=0,"",'3. EM 2025 + IPC'!I39*(1+($K$79/100))) -> 896533.17 | M31: =STDEVP(I31:L31)/AVERAGE(I31:L31) -> 0.21410958 | N31: =ROUND(AVERAGE(I31:L31),-2) -> 1075000 | O31: =ROUND(MEDIAN(I31:K31),-2) -> 928500 | P31: =ROUND(GEOMEAN(I31:L31),-2) -> 1052300 | Q31: =ROUND(HARMEAN(I31:L31),-2) -> 1032100
E32: Planta eléctrica portátil KT 3500 - 3,2 KW / Voltaje 110-220, combustible gasolina | F32: Mantenimiento preventivo equipo portatil, incluye limpieza general de equipo (interior-exterior), mantenimiento de motor, cambio de aceite y filtro de aceite, sustitucion de filtro de aire del motor, cambio de correas de elementos auxiliares, mantenimiento del alternador inspeccion sistema de refigeracion y cambio de refigerante, servicio a la válvula de combustible, cambio de bujía y lo demas necesario para su correcto funcionamiento. | G32: 1 | H32: 1 | I32: ='1. SELTEL S.A.S.'!I40 -> 1102630 | J32: ='2. ING ELECTROMECA'!I40 -> 840000 | K32: =IF('3. EM 2025 + IPC'!I40*(1+($K$79/100))=0,"",'3. EM 2025 + IPC'!I40*(1+($K$79/100))) -> 1422357.4 | M32: =STDEVP(I32:L32)/AVERAGE(I32:L32) -> 0.21229827 | N32: =ROUND(AVERAGE(I32:L32),-2) -> 1121700 | O32: =ROUND(MEDIAN(I32:K32),-2) -> 1102600 | P32: =ROUND(GEOMEAN(I32:L32),-2) -> 1096200 | Q32: =ROUND(HARMEAN(I32:L32),-2) -> 1071300
E33: Planta eléctrica portátil FG 1250 - 1200 W, Voltaje 110-220, combustible gasolina | F33: Mantenimiento preventivo equipo portatil, incluye limpieza general de equipo (interior-exterior), mantenimiento de motor, cambio de aceite y filtro de aceite, sustitucion de filtro de aire del motor, cambio de correas de elementos auxiliares, mantenimiento del alternador inspeccion sistema de refigeracion y cambio de refigerante, servicio a la válvula de combustible, cambio de bujía y lo demas necesario para su correcto funcionamiento. | G33: 1 | H33: 1 | I33: ='1. SELTEL S.A.S.'!I41 -> 787507 | J33: ='2. ING ELECTROMECA'!I41 -> 650000 | K33: =IF('3. EM 2025 + IPC'!I41*(1+($K$79/100))=0,"",'3. EM 2025 + IPC'!I41*(1+($K$79/100))) -> 784361.1 | M33: =STDEVP(I33:L33)/AVERAGE(I33:L33) -> 0.086539063 | N33: =ROUND(AVERAGE(I33:L33),-2) -> 740600 | O33: =ROUND(MEDIAN(I33:K33),-2) -> 784400 | P33: =ROUND(GEOMEAN(I33:L33),-2) -> 737700 | Q33: =ROUND(HARMEAN(I33:L33),-2) -> 734700
B34: 4.5 | D34: MOTOBOMBA A GASOLINA | E34: Motobomba Globalmeq. Model KGP 30. FLOW 60 M3/H. LIFT 35m. SUCTION HEIGHT 8m. OUTIETSIZE 80mm. INIET SIZE 80mm. Motor 7.0 HP A GASOLINA | F34: Mantenimiento preventivo equipo portatil, incluye limpieza general de equipo (interior-exterior), mantenimiento de motor, cambio de aceite y filtro de aceite, sustitucion de filtro de aire del motor, inspeccion sistema de refigeracion y cambio de refigerante y lo demas necesario para su corrector funcionamiento. | G34: 1 | H34: 1 | I34: ='1. SELTEL S.A.S.'!I42 -> 662634 | J34: ='2. ING ELECTROMECA'!I42 -> 689000 | K34: =IF('3. EM 2025 + IPC'!I42*(1+($K$79/100))=0,"",'3. EM 2025 + IPC'!I42*(1+($K$79/100))) -> 657515 | M34: =STDEVP(I34:L34)/AVERAGE(I34:L34) -> 0.020598014 | N34: =ROUND(AVERAGE(I34:L34),-2) -> 669700 | O34: =ROUND(MEDIAN(I34:K34),-2) -> 662600 | P34: =ROUND(GEOMEAN(I34:L34),-2) -> 669600 | Q34: =ROUND(HARMEAN(I34:L34),-2) -> 669400
B35: 4.6 | D35: AIRES ACONDICIONADOS | E35: Aire acondicionado PANASONIC CS-YS18VKV-8 - 1552 KW, Frecuencia 60HZ. Voltaje 220V. Potencia Nominal 1.552KW. Capacidad 5043W. Índice de eficiencia energía 3.25W./ WE. Entrada de alimentación 1552W. | F35: Unidades Manejadoras Limpieza de bandeja de condensado, Limpieza de drenajes, Limpieza, sanitización e higienización serpentín evaporador, Mediciones de parámetros eléctricos, Revisión y limpieza de válvulas, Limpieza de filtros de aire, Revisión de lecturas eléctricas, temperatura, presiones alta y baja en circuitos de refrigeración, operación de motores y compresores. Unidades Condensadoras Limpieza y sanitización serpentín de la condensadora, Mediciones de parámetros eléctricos compresor, Revisión presiones de refrigerante de succión, descarga compresor con manómetros, Limpieza general de unidad, Verificación de niveles y presiones de aceite Verificación del estado de correas y poleas, Verificación del alineamiento de trasmisión de potencia, Revisión de rodamientos y chumaceras, Verificación del estado del sistema de acople a la red de ductos, Verificación del aislamiento térmico, Ajuste general de la unidad Revisión de la carga de refrigerante con manómetros, Revisión de tuberías para detectar posibles fugas, Inspección de mirillas de líquido para verificar estado de humedad en los circuitos, Verificación del estado del aislamiento térmico, Circuito de Refrigeración, Inspección visual de tuberías, Inspección y limpieza de conductos de expulsión de calor Revisión de válvulas de paso. Revisión Eléctrica Limpieza general de contactos eléctricos, fuerza y control de sulfatación de terminales, limpieza general de tableros, Ajuste de terminales eléctricos y de sulfatación, Verificación de la operación de sistemas de control, Ajuste del control de temperatura. | G35: 1 | H35: 1 | I35: ='1. SELTEL S.A.S.'!I43 -> 739537 | J35: ='2. ING ELECTROMECA'!I43 -> 980000 | K35: =IF('3. EM 2025 + IPC'!I43*(1+($K$79/100))=0,"",'3. EM 2025 + IPC'!I43*(1+($K$79/100))) -> 853112.6 | M35: =STDEVP(I35:L35)/AVERAGE(I35:L35) -> 0.11453414 | N35: =ROUND(AVERAGE(I35:L35),-2) -> 857500 | O35: =ROUND(MEDIAN(I35:K35),-2) -> 853100 | P35: =ROUND(GEOMEAN(I35:L35),-2) -> 851900 | Q35: =ROUND(HARMEAN(I35:L35),-2) -> 846300
B36: 4.7 | D36: UPS ELÉCTRICA | E36: UPS marca PEI Potencia 3.000VA Frecuencia 60 Hz THD: <3% Numero de fases una (1) Voltaje de entrada 120 VAC +20, -25% Voltaje de salida 120 VAC +/-2% Voltaje de baterías 72 VDC | F36: Mantenimiento preventivo equipo fijo, incluye limpieza general de equipo (interior-exterior), mantenimiento de de baterias, verificación de entrada y salida, configuración del equipo. Cambio de baterias si es necesario. | G36: 3 | H36: 1 | I36: ='1. SELTEL S.A.S.'!I44 -> 610352 | J36: ='2. ING ELECTROMECA'!I44 -> 2100000 | K36: =IF('3. EM 2025 + IPC'!I44*(1+($K$79/100))=0,"",'3. EM 2025 + IPC'!I44*(1+($K$79/100))) -> 581097.33 | M36: =STDEVP(I36:L36)/AVERAGE(I36:L36) -> 0.64642292 | N36: =ROUND(AVERAGE(I36:L36),-2) -> 1097100 | O36: =ROUND(MEDIAN(I36:K36),-2) -> 610400 | P36: =ROUND(GEOMEAN(I36:L36),-2) -> 906500 | Q36: =ROUND(HARMEAN(I36:L36),-2) -> 782200
E37: UPS marca PEI Potencia 10.000VA Frecuencia 60 Hz, THD: <3%, Numero de fases dos (2) Voltaje de entrada 208 VAC +20, -25%, Voltaje de baterías 192 VDC, Voltaje de salida 240/120 VAC +/-1% | F37: Mantenimiento preventivo equipo fijo, incluye limpieza general de equipo (interior-exterior), mantenimiento de de baterias, verificación de entrada y salida, configuración del equipo. Cambio de baterias si es necesario. | G37: 1 | H37: 1 | I37: ='1. SELTEL S.A.S.'!I45 -> 1992144 | J37: ='2. ING ELECTROMECA'!I45 -> 2200000 | K37: =IF('3. EM 2025 + IPC'!I45*(1+($K$79/100))=0,"",'3. EM 2025 + IPC'!I45*(1+($K$79/100))) -> 1954908.6 | M37: =STDEVP(I37:L37)/AVERAGE(I37:L37) -> 0.052628889 | N37: =ROUND(AVERAGE(I37:L37),-2) -> 2049000 | O37: =ROUND(MEDIAN(I37:K37),-2) -> 1992100 | P37: =ROUND(GEOMEAN(I37:L37),-2) -> 2046200 | Q37: =ROUND(HARMEAN(I37:L37),-2) -> 2043500
B38: 4.8 | D38: SISTEMA DE DETECCION Y ALARMA CONTRA INCENDIO | E38: Panel central de detección VS SERIES ref VS4-(G/R)(D)(-PG/-SP) / 110 V | F38: Inspección pruebas y mantenimientos de sistemas de detección, alarma, extinción y protección contra incendio, incluye limpieza e inspeccion visual, pruebas funcionales, pruebas de sensibilidad, | G38: 1 | H38: 1 | I38: ='1. SELTEL S.A.S.'!I46 -> 500000 | J38: ='2. ING ELECTROMECA'!I46 -> 150000 | K38: =IF('3. EM 2025 + IPC'!I46*(1+($K$79/100))=0,"",'3. EM 2025 + IPC'!I46*(1+($K$79/100))) | M38: =STDEVP(I38:L38)/AVERAGE(I38:L38) -> 0.53846154 | N38: =ROUND(AVERAGE(I38:L38),-2) -> 325000 | O38: =ROUND(MEDIAN(I38:K38),-2) -> 325000 | P38: =ROUND(GEOMEAN(I38:L38),-2) -> 273900 | Q38: =ROUND(HARMEAN(I38:L38),-2) -> 230800
E39: Sirena Kidde con luz estroboscópica | G39: 10 | H39: 1 | I39: ='1. SELTEL S.A.S.'!I47 -> 72000 | J39: ='2. ING ELECTROMECA'!I47 -> 100000 | K39: =IF('3. EM 2025 + IPC'!I47*(1+($K$79/100))=0,"",'3. EM 2025 + IPC'!I47*(1+($K$79/100))) | M39: =STDEVP(I39:L39)/AVERAGE(I39:L39) -> 0.1627907 | N39: =ROUND(AVERAGE(I39:L39),-2) -> 86000 | O39: =ROUND(MEDIAN(I39:K39),-2) -> 86000 | P39: =ROUND(GEOMEAN(I39:L39),-2) -> 84900 | Q39: =ROUND(HARMEAN(I39:L39),-2) -> 83700
E40: Estación manual de alarma | G40: 5 | H40: 1 | I40: ='1. SELTEL S.A.S.'!I48 -> 72000 | J40: ='2. ING ELECTROMECA'!I48 -> 120000 | K40: =IF('3. EM 2025 + IPC'!I48*(1+($K$79/100))=0,"",'3. EM 2025 + IPC'!I48*(1+($K$79/100))) | M40: =STDEVP(I40:L40)/AVERAGE(I40:L40) -> 0.25 | N40: =ROUND(AVERAGE(I40:L40),-2) -> 96000 | O40: =ROUND(MEDIAN(I40:K40),-2) -> 96000 | P40: =ROUND(GEOMEAN(I40:L40),-2) -> 93000 | Q40: =ROUND(HARMEAN(I40:L40),-2) -> 90000
E41: Sensor humo fotoeléctrico | G41: 10 | H41: 1 | I41: ='1. SELTEL S.A.S.'!I49 -> 72000 | J41: ='2. ING ELECTROMECA'!I49 -> 120000 | K41: =IF('3. EM 2025 + IPC'!I49*(1+($K$79/100))=0,"",'3. EM 2025 + IPC'!I49*(1+($K$79/100))) | M41: =STDEVP(I41:L41)/AVERAGE(I41:L41) -> 0.25 | N41: =ROUND(AVERAGE(I41:L41),-2) -> 96000 | O41: =ROUND(MEDIAN(I41:K41),-2) -> 96000 | P41: =ROUND(GEOMEAN(I41:L41),-2) -> 93000 | Q41: =ROUND(HARMEAN(I41:L41),-2) -> 90000
E42: Modulo indicador, BOSCH de la serie DS7400Xi o similar | G42: 1 | H42: 1 | I42: ='1. SELTEL S.A.S.'!I50 -> 72000 | J42: ='2. ING ELECTROMECA'!I50 -> 150000 | K42: =IF('3. EM 2025 + IPC'!I50*(1+($K$79/100))=0,"",'3. EM 2025 + IPC'!I50*(1+($K$79/100))) | M42: =STDEVP(I42:L42)/AVERAGE(I42:L42) -> 0.35135135 | N42: =ROUND(AVERAGE(I42:L42),-2) -> 111000 | O42: =ROUND(MEDIAN(I42:K42),-2) -> 111000 | P42: =ROUND(GEOMEAN(I42:L42),-2) -> 103900 | Q42: =ROUND(HARMEAN(I42:L42),-2) -> 97300
E43: Rociador Pendent K=5,6 Respuesta Rápida (QR) UL/FM | G43: 30 | H43: 1 | I43: ='1. SELTEL S.A.S.'!I51 -> 55000 | J43: ='2. ING ELECTROMECA'!I51 -> 100000 | K43: =IF('3. EM 2025 + IPC'!I51*(1+($K$79/100))=0,"",'3. EM 2025 + IPC'!I51*(1+($K$79/100))) | M43: =STDEVP(I43:L43)/AVERAGE(I43:L43) -> 0.29032258 | N43: =ROUND(AVERAGE(I43:L43),-2) -> 77500 | O43: =ROUND(MEDIAN(I43:K43),-2) -> 77500 | P43: =ROUND(GEOMEAN(I43:L43),-2) -> 74200 | Q43: =ROUND(HARMEAN(I43:L43),-2) -> 71000
B44: 5.1 | C44: PARQUE ARQUEOLOGICO SAN AGUSTIN Km 3 Vía San Agustín – Parque Arqueológico | D44: BOMBAS | E44: Motobomba Gasolina Honda Gp 3x3 Pulgadas, sistema de arranque manual | F44: Mantenimiento preventivo equipo portatil, incluye limpieza general de equipo (interior-exterior), mantenimiento de motor, cambio de aceite y filtro de aceite, sustitucion de filtro de aire del motor, inspeccion sistema de refigeracion y cambio de refigerante,cambio de bujía y lo demas necesario para su corrector funcionamiento. | G44: 1 | H44: 1 | I44: ='1. SELTEL S.A.S.'!I52 -> 1679482 | J44: ='2. ING ELECTROMECA'!I52 -> 1800000 | K44: =IF('3. EM 2025 + IPC'!I52*(1+($K$79/100))=0,"",'3. EM 2025 + IPC'!I52*(1+($K$79/100))) -> 1649944.6 | M44: =STDEVP(I44:L44)/AVERAGE(I44:L44) -> 0.037960247 | N44: =ROUND(AVERAGE(I44:L44),-2) -> 1709800 | O44: =ROUND(MEDIAN(I44:K44),-2) -> 1679500 | P44: =ROUND(GEOMEAN(I44:L44),-2) -> 1708600 | Q44: =ROUND(HARMEAN(I44:L44),-2) -> 1707400
E45: Bomba Succión Barmesa Modelo IA4-7,5-4 / motor WEG W 22 / 7.5 Hp / V 220 / | F45: Mantenimiento preventivo equipo portatil, incluye limpieza general de equipo (interior-exterior), mantenimiento de motor, cambio de aceite y filtro de aceite, sustitucion de filtro de aire del motor, inspeccion sistema de refigeracion y cambio de refigerante,cambio de bujía y lo demas necesario para su corrector funcionamiento. | G45: 2 | H45: 1 | I45: ='1. SELTEL S.A.S.'!I53 -> 468932 | J45: ='2. ING ELECTROMECA'!I53 -> 1150000 | K45: =IF('3. EM 2025 + IPC'!I53*(1+($K$79/100))=0,"",'3. EM 2025 + IPC'!I53*(1+($K$79/100))) -> 447405.32 | M45: =STDEVP(I45:L45)/AVERAGE(I45:L45) -> 0.47366536 | N45: =ROUND(AVERAGE(I45:L45),-2) -> 688800 | O45: =ROUND(MEDIAN(I45:K45),-2) -> 468900 | P45: =ROUND(GEOMEAN(I45:L45),-2) -> 622500 | Q45: =ROUND(HARMEAN(I45:L45),-2) -> 572800
E46: Barnes, modelo GE3C75-4 / 7,5 Hp / V 220- 440 / D succión 4" / D descarga 3" + Tablero de distribución | F46: Mantenimiento preventivo del sistema de bombeo lavapatas, incluye limpieza general de equipos, ajuste de contactos, revision de rodamientos y sello mecánico, ajuste de cableado, revisión de parámetros, pruebas de aislamiento y lo demas necesario para su correcto funcionamiento. | G46: 2 | H46: 1 | I46: ='1. SELTEL S.A.S.'!I54 -> 448080 | J46: ='2. ING ELECTROMECA'!I54 -> 650000 | K46: =IF('3. EM 2025 + IPC'!I54*(1+($K$79/100))=0,"",'3. EM 2025 + IPC'!I54*(1+($K$79/100))) -> 447405.32 | M46: =STDEVP(I46:L46)/AVERAGE(I46:L46) -> 0.1850786 | N46: =ROUND(AVERAGE(I46:L46),-2) -> 515200 | O46: =ROUND(MEDIAN(I46:K46),-2) -> 448100 | P46: =ROUND(GEOMEAN(I46:L46),-2) -> 507000 | Q46: =ROUND(HARMEAN(I46:L46),-2) -> 499600
B47: 5.2 | D47: SISTEMA PRESURIZADO R | E47: Sistema de presurización WEG de dos (2) bombas Ref / 1,5 Hp / 220 V + tanque Hidroneumático + Presostato + Tablero de distribución | F47: Mantenimiento preventivo de sistema de presurizacion incluye limpieza general de equipos, ajuste de contactos, revision de rodamientos y sello mecánico, revision y mantenimiento de tanque hidroflo, ajuste de cableado, lavado de embobinado de motor, revisión de parámetros y pruebas de aislamiento y lo demas necesario para su correcto funcionamiento. | G47: 1 | H47: 1 | I47: ='1. SELTEL S.A.S.'!I55 -> 335048 | J47: ='2. ING ELECTROMECA'!I55 -> 650000 | K47: =IF('3. EM 2025 + IPC'!I55*(1+($K$79/100))=0,"",'3. EM 2025 + IPC'!I55*(1+($K$79/100))) -> 300181.32 | M47: =STDEVP(I47:L47)/AVERAGE(I47:L47) -> 0.36724927 | N47: =ROUND(AVERAGE(I47:L47),-2) -> 428400 | O47: =ROUND(MEDIAN(I47:K47),-2) -> 335000 | P47: =ROUND(GEOMEAN(I47:L47),-2) -> 402800 | Q47: =ROUND(HARMEAN(I47:L47),-2) -> 382000
B48: 5.3 | D48: COMPRESOR DE AIRE | E48: Compresor de aire Mawell HP 1/2 RMP / 30 lbs | F48: Mantenimiento preventivo equipo compresor portatil incluye limpieza general del equipo, cambio de filtro, aceites, correa, rodamientos y lo demas necesario para su correcto funcionamiento. | G48: 1 | H48: 1 | I48: ='1. SELTEL S.A.S.'!I56 -> 281422 | J48: ='2. ING ELECTROMECA'!I56 -> 300000 | K48: =IF('3. EM 2025 + IPC'!I56*(1+($K$79/100))=0,"",'3. EM 2025 + IPC'!I56*(1+($K$79/100))) -> 279709.83 | M48: =STDEVP(I48:L48)/AVERAGE(I48:L48) -> 0.03200884 | N48: =ROUND(AVERAGE(I48:L48),-2) -> 287000 | O48: =ROUND(MEDIAN(I48:K48),-2) -> 281400 | P48: =ROUND(GEOMEAN(I48:L48),-2) -> 286900 | Q48: =ROUND(HARMEAN(I48:L48),-2) -> 286800
B49: 5.4 | D49: CALENTADOR DE AGUA | E49: Calentador de agua marca Haceb corriente 220 V / 75,7 lts | F49: Mantenimiento general de calentador de agua incluye limpeza general (interna-externa ) del equipo | G49: 3 | H49: 1 | I49: ='1. SELTEL S.A.S.'!I57 -> 135367 | J49: ='2. ING ELECTROMECA'!I57 -> 180000 | K49: =IF('3. EM 2025 + IPC'!I57*(1+($K$79/100))=0,"",'3. EM 2025 + IPC'!I57*(1+($K$79/100))) -> 131924.27 | M49: =STDEVP(I49:L49)/AVERAGE(I49:L49) -> 0.14686276 | N49: =ROUND(AVERAGE(I49:L49),-2) -> 149100 | O49: =ROUND(MEDIAN(I49:K49),-2) -> 135400 | P49: =ROUND(GEOMEAN(I49:L49),-2) -> 147600 | Q49: =ROUND(HARMEAN(I49:L49),-2) -> 146200
B50: 5.5 | D50: TABLERO PRINCIPAL | E50: Tablero general de distribución y unidad de medida 100 AMP | F50: Desmonte y cambio de gabinete de distribucion general y unidad de medida, incluye mantenimeinto general de las piezas internas demonstadas, distribucion de barraje, cableado y totalizadores con los elemtos existentes de aceurdo a la normatividad vigente. | G50: 1 | H50: 1 | I50: ='1. SELTEL S.A.S.'!I58 -> 315325 | J50: ='2. ING ELECTROMECA'!I58 -> 850000 | K50: =IF('3. EM 2025 + IPC'!I58*(1+($K$79/100))=0,"",'3. EM 2025 + IPC'!I58*(1+($K$79/100))) -> 300187.63 | M50: =STDEVP(I50:L50)/AVERAGE(I50:L50) -> 0.52341578 | N50: =ROUND(AVERAGE(I50:L50),-2) -> 488500 | O50: =ROUND(MEDIAN(I50:K50),-2) -> 315300 | P50: =ROUND(GEOMEAN(I50:L50),-2) -> 431700 | Q50: =ROUND(HARMEAN(I50:L50),-2) -> 390700
B51: 5.6 | D51: GENERADORE S ELÉCTRICOS | E51: Planta eléctrica tipo cabinado Generatin Set Model T30X de 30KVA / voltaje 220V /110; Dimensiones 2152 x 885 x 1106 mm | F51: Limpieza en general, ajuste de contactos, revisión de voltajes, corriente, cambio de aceite y filtros, cambio de refrigerante, pruebas de funcionamiento en vacío y lo demas necesario para su correcto funcionamiento. | G51: 1 | H51: 1 | I51: ='1. SELTEL S.A.S.'!I59 -> 772684 | J51: ='2. ING ELECTROMECA'!I59 -> 900000 | K51: =IF('3. EM 2025 + IPC'!I59*(1+($K$79/100))=0,"",'3. EM 2025 + IPC'!I59*(1+($K$79/100))) -> 2235125.3 | M51: =STDEVP(I51:L51)/AVERAGE(I51:L51) -> 0.50778179 | N51: =ROUND(AVERAGE(I51:L51),-2) -> 1302600 | O51: =ROUND(MEDIAN(I51:K51),-2) -> 900000 | P51: =ROUND(GEOMEAN(I51:L51),-2) -> 1158400 | Q51: =ROUND(HARMEAN(I51:L51),-2) -> 1051600
E52: Planta eléctrica portátil Portel Cable / 6500W / voltaje 110-220 /Combustible gasolina. | G52: 2 | H52: 1 | I52: ='1. SELTEL S.A.S.'!I60 -> 1353164 | J52: ='2. ING ELECTROMECA'!I60 -> 650000 | K52: =IF('3. EM 2025 + IPC'!I60*(1+($K$79/100))=0,"",'3. EM 2025 + IPC'!I60*(1+($K$79/100))) -> 1318245.8 | M52: =STDEVP(I52:L52)/AVERAGE(I52:L52) -> 0.2922481 | N52: =ROUND(AVERAGE(I52:L52),-2) -> 1107100 | O52: =ROUND(MEDIAN(I52:K52),-2) -> 1318200 | P52: =ROUND(GEOMEAN(I52:L52),-2) -> 1050600 | Q52: =ROUND(HARMEAN(I52:L52),-2) -> 988100
B53: 5.7 | D53: PLANTA ELECTRICA | E53: Planta electrica tipo cabinado E-PRO Model T30X SERIE TPSO1FJ180328 de 30KVA / voltaje 220V /110; Dimensiones 2152 x 885 x 1106 mm | F53: Mantenimiento preventivo equipo portatil, incluye limpieza general de equipo (interior-exterior), mantenimiento de motor, cambio de aceite y filtro de aceite, sustitucion de filtro de aire del motor, cambio de correas de elementos auxiliares, mantenimiento del alternador inspeccion sistema de refigeracion y cambio de refigerante, servicio a la válvula de combustible, cambio de bujía y lo demas necesario para su correcto funcionamiento. | G53: 1 | H53: 1 | I53: ='1. SELTEL S.A.S.'!I61 -> 1850000 | J53: ='2. ING ELECTROMECA'!I61 -> 1400000 | K53: =IF('3. EM 2025 + IPC'!I61*(1+($K$79/100))=0,"",'3. EM 2025 + IPC'!I61*(1+($K$79/100))) | M53: =STDEVP(I53:L53)/AVERAGE(I53:L53) -> 0.13846154 | N53: =ROUND(AVERAGE(I53:L53),-2) -> 1625000 | O53: =ROUND(MEDIAN(I53:K53),-2) -> 1625000 | P53: =ROUND(GEOMEAN(I53:L53),-2) -> 1609300 | Q53: =ROUND(HARMEAN(I53:L53),-2) -> 1593800
B54: 6.1 | C54: SEDE GREGORIO HERNANDEZ DE ALBA calle 12 No 2– 38 | D54: SISTEMA DE DETECCIÓN Y ALARMA CONTRA INCENDIO | E54: Panel central de detección VS SERIES ref VS4-(G/R)(D)(-PG/-SP) / 110 V | F54: Inspección pruebas y mantenimientos de sistemas de detección, alarma, extinción y protección contra incendio, incluye limpieza e inspeccion visual, pruebas funcionales, pruebas de sensibilidad, | G54: 1 | H54: 1 | I54: ='1. SELTEL S.A.S.'!I62 -> 500000 | J54: ='2. ING ELECTROMECA'!I62 -> 150000 | M54: =STDEVP(I54:L54)/AVERAGE(I54:L54) -> 0.53846154 | N54: =ROUND(AVERAGE(I54:L54),-2) -> 325000 | O54: =ROUND(MEDIAN(I54:K54),-2) -> 325000 | P54: =ROUND(GEOMEAN(I54:L54),-2) -> 273900 | Q54: =ROUND(HARMEAN(I54:L54),-2) -> 230800
E55: Sirena Kidde con luz estroboscópica | G55: 13 | H55: 1 | I55: ='1. SELTEL S.A.S.'!I63 -> 55000 | J55: ='2. ING ELECTROMECA'!I63 -> 120000 | K55: =IF('3. EM 2025 + IPC'!I63*(1+($K$79/100))=0,"",'3. EM 2025 + IPC'!I63*(1+($K$79/100))) -> 26765.323 | M55: =STDEVP(I55:L55)/AVERAGE(I55:L55) -> 0.58042997 | N55: =ROUND(AVERAGE(I55:L55),-2) -> 67300 | O55: =ROUND(MEDIAN(I55:K55),-2) -> 55000 | P55: =ROUND(GEOMEAN(I55:L55),-2) -> 56100 | Q55: =ROUND(HARMEAN(I55:L55),-2) -> 47000
E56: Estación manual de alarma | G56: 13 | H56: 1 | I56: ='1. SELTEL S.A.S.'!I64 -> 55000 | J56: ='2. ING ELECTROMECA'!I64 -> 120000 | K56: =IF('3. EM 2025 + IPC'!I64*(1+($K$79/100))=0,"",'3. EM 2025 + IPC'!I64*(1+($K$79/100))) -> 26765.323 | M56: =STDEVP(I56:L56)/AVERAGE(I56:L56) -> 0.58042997 | N56: =ROUND(AVERAGE(I56:L56),-2) -> 67300 | O56: =ROUND(MEDIAN(I56:K56),-2) -> 55000 | P56: =ROUND(GEOMEAN(I56:L56),-2) -> 56100 | Q56: =ROUND(HARMEAN(I56:L56),-2) -> 47000
E57: Sensor humo fotoeléctrico | G57: 77 | H57: 1 | I57: ='1. SELTEL S.A.S.'!I65 -> 55000 | J57: ='2. ING ELECTROMECA'!I65 -> 100000 | K57: =IF('3. EM 2025 + IPC'!I65*(1+($K$79/100))=0,"",'3. EM 2025 + IPC'!I65*(1+($K$79/100))) -> 16284.026 | M57: =STDEVP(I57:L57)/AVERAGE(I57:L57) -> 0.59916241 | N57: =ROUND(AVERAGE(I57:L57),-2) -> 57100 | O57: =ROUND(MEDIAN(I57:K57),-2) -> 55000 | P57: =ROUND(GEOMEAN(I57:L57),-2) -> 44700 | Q57: =ROUND(HARMEAN(I57:L57),-2) -> 33500
E58: Modulo indicador, BOSCH de la serie DS7400Xi o similar | G58: 4 | H58: 1 | I58: ='1. SELTEL S.A.S.'!I66 -> 55000 | J58: ='2. ING ELECTROMECA'!I66 -> 120000 | K58: =IF('3. EM 2025 + IPC'!I66*(1+($K$79/100))=0,"",'3. EM 2025 + IPC'!I66*(1+($K$79/100))) -> 78435.689 | M58: =STDEVP(I58:L58)/AVERAGE(I58:L58) -> 0.3181631 | N58: =ROUND(AVERAGE(I58:L58),-2) -> 84500 | O58: =ROUND(MEDIAN(I58:K58),-2) -> 78400 | P58: =ROUND(GEOMEAN(I58:L58),-2) -> 80300 | Q58: =ROUND(HARMEAN(I58:L58),-2) -> 76400
B59: 6.2 | D59: SISTEMA DE EXTINCIÓN | E59: Rociador Pendent K=5,6 Respuesta Rápida (QR) UL/FM | G59: 118 | H59: 1 | I59: ='1. SELTEL S.A.S.'!I67 -> 35000 | J59: ='2. ING ELECTROMECA'!I67 -> 100000 | K59: =IF('3. EM 2025 + IPC'!I67*(1+($K$79/100))=0,"",'3. EM 2025 + IPC'!I67*(1+($K$79/100))) -> 12749.598 | M59: =STDEVP(I59:L59)/AVERAGE(I59:L59) -> 0.75162809 | N59: =ROUND(AVERAGE(I59:L59),-2) -> 49200 | O59: =ROUND(MEDIAN(I59:K59),-2) -> 35000 | P59: =ROUND(GEOMEAN(I59:L59),-2) -> 35500 | Q59: =ROUND(HARMEAN(I59:L59),-2) -> 25600
B60: 6.3 | D60: GENERADORES ELÉCTRICOS | E60: Planta Eléctrica tipo cabinado PEL Power Sistems de 150 KVA efectivos altura Bogotá / motor WEIFFANG modelo R6105BZLDS2/ Trifásica / 220 V/ tanque interno para suministro de combustible (Diesel) por 8 horas | F60: Limpieza en general, ajuste de contactos, revisión de voltajes, corriente, cambio de aceite y filtros, cambio de refrigerante, pruebas de funcionamiento en vacío y lo demas necesario para su correcto funcionamiento. | G60: 1 | H60: 1 | I60: ='1. SELTEL S.A.S.'!I68 -> 3103751 | J60: ='2. ING ELECTROMECA'!I68 -> 3100000 | K60: =IF('3. EM 2025 + IPC'!I68*(1+($K$79/100))=0,"",'3. EM 2025 + IPC'!I68*(1+($K$79/100))) -> 3005323.5 | M60: =STDEVP(I60:L60)/AVERAGE(I60:L60) -> 0.014835633 | N60: =ROUND(AVERAGE(I60:L60),-2) -> 3069700 | O60: =ROUND(MEDIAN(I60:K60),-2) -> 3100000 | P60: =ROUND(GEOMEAN(I60:L60),-2) -> 3069400 | Q60: =ROUND(HARMEAN(I60:L60),-2) -> 3069000
B61: 6.4 | D61: TRANSFERENCIA AUTOMÁTICA | E61: Transferencia automática in = 400A / 220V 208V, incluye breakers tipo industrial de 3 x 450 A y 3 x 400 A | F61: Mantenimiento en general todos los elementos que integran el tablero, Registro de datos del tablero correspondiente, Registro de datos del tablero correspondiente. Maniobras de des-energización y puesta a tierra, Revisión y limpieza del gabinete, cables, aisladores, interruptores electromagnéticos, termomagnéticos y demás componentes que integran el tablero, Revisión del sistema de tierras y apriete de conexiones en general, Pruebas de operación mecánica de interruptor(es) principal(es) y derivados, Medición de resistencia de aislamiento de interruptores electromagnéticos (megóhmetro), Revisión final, retiro de puesta a tierra y energización. | G61: 1 | H61: 1 | I61: ='1. SELTEL S.A.S.'!I69 -> 893492 | J61: ='2. ING ELECTROMECA'!I69 -> 3200000 | K61: =IF('3. EM 2025 + IPC'!I69*(1+($K$79/100))=0,"",'3. EM 2025 + IPC'!I69*(1+($K$79/100))) -> 889490.6 | M61: =STDEVP(I61:L61)/AVERAGE(I61:L61) -> 0.65517547 | N61: =ROUND(AVERAGE(I61:L61),-2) -> 1661000 | O61: =ROUND(MEDIAN(I61:K61),-2) -> 893500 | P61: =ROUND(GEOMEAN(I61:L61),-2) -> 1365000 | Q61: =ROUND(HARMEAN(I61:L61),-2) -> 1173700
B62: 6.5 | D62: TABLERO GENERAL DE DISTRIBUCIÓN | E62: Tablero de distribución general, Incluye totalizador 3 x 450 A-25k A, breaker de protección para cada carga, contactor de control de enclavamiento con el sistema de bombas contra incendio y DPS categoría C 4 hilos para 20 kA drenaje de neutro. | G62: 1 | H62: 1 | I62: ='1. SELTEL S.A.S.'!I70 -> 1988712 | J62: ='2. ING ELECTROMECA'!I70 -> 2800000 | K62: =IF('3. EM 2025 + IPC'!I70*(1+($K$79/100))=0,"",'3. EM 2025 + IPC'!I70*(1+($K$79/100))) -> 1948178.4 | M62: =STDEVP(I62:L62)/AVERAGE(I62:L62) -> 0.17471613 | N62: =ROUND(AVERAGE(I62:L62),-2) -> 2245600 | O62: =ROUND(MEDIAN(I62:K62),-2) -> 1988700 | P62: =ROUND(GEOMEAN(I62:L62),-2) -> 2213700 | Q62: =ROUND(HARMEAN(I62:L62),-2) -> 2184500
B63: 6.6 | D63: SISTEMA EYECTOR | E63: Sistema de Bombeo eyector sumergible el cual se compone de 4 equipos de 1 Hp | F63: Mantenimiento preventivo de dos sistemas eyectores, incluye limpieza general de equipos, ajuste de contactos, revision de rodamientos y sello mecánico, ajuste de cableado, revisión de parámetros, pruebas de aislamiento y lo demas necesario para su correcto funcionamiento. | G63: 1 | H63: 1 | I63: ='1. SELTEL S.A.S.'!I71 -> 754479 | J63: ='2. ING ELECTROMECA'!I71 -> 800000 | K63: =IF('3. EM 2025 + IPC'!I71*(1+($K$79/100))=0,"",'3. EM 2025 + IPC'!I71*(1+($K$79/100))) -> 798148.63 | M63: =STDEVP(I63:L63)/AVERAGE(I63:L63) -> 0.026824493 | N63: =ROUND(AVERAGE(I63:L63),-2) -> 784200 | O63: =ROUND(MEDIAN(I63:K63),-2) -> 798100 | P63: =ROUND(GEOMEAN(I63:L63),-2) -> 783900 | Q63: =ROUND(HARMEAN(I63:L63),-2) -> 783600
B64: 6.7 | D64: SISTEMA BOMBEO RCI | E64: BOMBA JOCKEY: Marca: VM 55 2-180 | Modelo: TURE | Serie: 2100 39130 | Succión: 5"-6" | Descarga: 3"-6" | ADT: 212 M | Caudal: 2 m³/h | RPM: 3500 | Motor Marca: TPI MOTOR | Motor Modelo: YEZ-112 M-2 | Motor Serie: 2AOJ22 506 V2KK | Potencia: 4 kW | Voltaje: 220 V | Amperaje: 13,9 A | Motor RPM: 3500 | Tablero Marca: TORNATECH INC | Tablero Serie: JP3-20817,5/3/60 | Voltaje Placa: 20 B | Voltaje Red: 212,3 | Amperaje Placa: 24,2 | Amperaje Red: 15,1 | F64: Mantenimiento preventivo del sistema de RCI, incluye limpieza general de equipos, ajuste de contactos, revision de rodamientos y sello mecánico, ajuste de cableado, revisión de parámetros, pruebas de aislamiento y lo demas necesario para su correcto funcionamiento. | G64: 1 | H64: 1 | I64: ='1. SELTEL S.A.S.'!I72 -> 1798000 | J64: ='2. ING ELECTROMECA'!I72 -> 2000000 | M64: =STDEVP(I64:L64)/AVERAGE(I64:L64) -> 0.053185887 | N64: =ROUND(AVERAGE(I64:L64),-2) -> 1899000 | O64: =ROUND(MEDIAN(I64:K64),-2) -> 1899000 | P64: =ROUND(GEOMEAN(I64:L64),-2) -> 1896300 | Q64: =ROUND(HARMEAN(I64:L64),-2) -> 1893600
E65: BOMBA PRINCIPAL: Marca: PATTERSON | Modelo: 5 x 3 11A VIP | Serie: FP-C0002091 54-01-01 | Succión: 5"-6" | Descarga: 3"-6" | ADT: 98 M | Caudal: 500 GPM | RPM: 3565 | Motor Marca: WEG | Motor Modelo: WHO | Motor Serie: 14829612 | Potencia: 758 HP | Voltaje: 220 V | Amperaje: 196 A | Motor RPM: 3550 | Tablero Marca: TORNATECH | Tablero Serie: W21216508 | Voltaje Placa: 208 | Voltaje Red: 212,8 | Amperaje Placa: 211 | Amperaje Red: 180 | G65: 1 | H65: 1 | I65: ='1. SELTEL S.A.S.'!I73 -> 2000000 | J65: ='2. ING ELECTROMECA'!I73 -> 2500000 | M65: =STDEVP(I65:L65)/AVERAGE(I65:L65) -> 0.11111111 | N65: =ROUND(AVERAGE(I65:L65),-2) -> 2250000 | O65: =ROUND(MEDIAN(I65:K65),-2) -> 2250000 | P65: =ROUND(GEOMEAN(I65:L65),-2) -> 2236100 | Q65: =ROUND(HARMEAN(I65:L65),-2) -> 2222200
B66: 6.8 | D66: AIRES ACONDICIONADOS | E66: Aire acondicionado Wurden piso techo Inverter Ref / 24000 BTU | F66: Unidades Manejadoras Limpieza de bandeja de condensado, Limpieza de drenajes, Limpieza, sanitización e higienización serpentín evaporador, Mediciones de parámetros eléctricos, Revisión y limpieza de válvulas, Limpieza de filtros de aire, Revisión de lecturas eléctricas, temperatura, presiones alta y baja en circuitos de refrigeración, operación de motores y compresores. Unidades Condensadoras Limpieza y sanitización serpentín de la condensadora, Mediciones de parámetros eléctricos compresor, Revisión presiones de refrigerante de succión, descarga compresor con manómetros, Limpieza general de unidad, Verificación de niveles y presiones de aceite Verificación del estado de correas y poleas, Verificación del alineamiento de trasmisión de potencia, Revisión de rodamientos y chumaceras, Verificación del estado del sistema de acople a la red de ductos, Verificación del aislamiento térmico, Ajuste general de la unidad Revisión de la carga de refrigerante con manómetros, Revisión de tuberías para detectar posibles fugas, Inspección de mirillas de líquido para verificar estado de humedad en los circuitos, Verificación del estado del aislamiento térmico, Circuito de Refrigeración, Inspección visual de tuberías, Inspección y limpieza de conductos de expulsión de calor Revisión de válvulas de paso. Revisión Eléctrica Limpieza general de contactos eléctricos, fuerza y control de sulfatación de terminales, limpieza general de tableros, Ajuste de terminales eléctricos y de sulfatación, Verificación de la operación de sistemas de control, Ajuste del control de temperatura. | G66: 1 | H66: 1 | I66: ='1. SELTEL S.A.S.'!I74 -> 588000 | J66: ='2. ING ELECTROMECA'!I74 -> 1200000 | K66: =IF('3. EM 2025 + IPC'!I74*(1+($K$79/100))=0,"",'3. EM 2025 + IPC'!I74*(1+($K$79/100))) | M66: =STDEVP(I66:L66)/AVERAGE(I66:L66) -> 0.34228188 | N66: =ROUND(AVERAGE(I66:L66),-2) -> 894000 | O66: =ROUND(MEDIAN(I66:K66),-2) -> 894000 | P66: =ROUND(GEOMEAN(I66:L66),-2) -> 840000 | Q66: =ROUND(HARMEAN(I66:L66),-2) -> 789300
B67: 7.1 | C67: PARQUE ARQUEOLOGICO SANTA MARIA LA ANTIGUA DEL DARIEN Vereda Santuario, corregimiento de Tanela | D67: GENERADORES ELECTRICOS | E67: Sistema Híbrido OFF-GRID con Batería de Litio 6500W / 29.890Wh-día 14 x Panel Solar Bifacial 610W N-Type 14 x Panel Solar Bifacial 610W N-Type con accesorios | F67: Mantenimiento general del sistema de paneles solares, inlcuye limpeza general de equipos compuesto por 12 paneles solares y 8 baterias | G67: 1 | H67: 1 | I67: ='1. SELTEL S.A.S.'!I75 -> 1420000 | J67: ='2. ING ELECTROMECA'!I75 -> 2875000 | K67: =IF('3. EM 2025 + IPC'!I75*(1+($K$79/100))=0,"",'3. EM 2025 + IPC'!I75*(1+($K$79/100))) | M67: =STDEVP(I67:L67)/AVERAGE(I67:L67) -> 0.33876601 | N67: =ROUND(AVERAGE(I67:L67),-2) -> 2147500 | O67: =ROUND(MEDIAN(I67:K67),-2) -> 2147500 | P67: =ROUND(GEOMEAN(I67:L67),-2) -> 2020500 | Q67: =ROUND(HARMEAN(I67:L67),-2) -> 1901000
B68: 7.2 | D68: BOMBAS | E68: MOTOBOMBA POWERMASTER 6,5 HP A GASOLINA SALIDA DE 2" | F68: Mantenimiento preventivo equipo portatil, incluye limpieza general de equipo (interior-exterior), mantenimiento de motor, cambio de aceite y filtro de aceite, sustitucion de filtro de aire del motor, inspeccion sistema de refigeracion y cambio de refigerante,cambio de bujía y lo demas necesario para su corrector funcionamiento. | G68: 1 | H68: 1 | I68: ='1. SELTEL S.A.S.'!I76 -> 1962348 | J68: ='2. ING ELECTROMECA'!I76 -> 1960000 | K68: =IF('3. EM 2025 + IPC'!I76*(1+($K$79/100))=0,"",'3. EM 2025 + IPC'!I76*(1+($K$79/100))) -> 1948136.3 | M68: =STDEVP(I68:L68)/AVERAGE(I68:L68) -> 0.0031787784 | N68: =ROUND(AVERAGE(I68:L68),-2) -> 1956800 | O68: =ROUND(MEDIAN(I68:K68),-2) -> 1960000 | P68: =ROUND(GEOMEAN(I68:L68),-2) -> 1956800 | Q68: =ROUND(HARMEAN(I68:L68),-2) -> 1956800
B69: 7.3 | D69: COMPRESOR AIRE | E69: Compresor de aire marca Toolcraft de 1,5 HP | F69: Mantenimiento preventivo equipo compresor portatil incluye limpieza general del equipo, cambio de filtro, aceites, correa y rodamientos. | G69: 1 | H69: 1 | I69: ='1. SELTEL S.A.S.'!I77 -> 310305 | J69: ='2. ING ELECTROMECA'!I77 -> 400000 | K69: =IF('3. EM 2025 + IPC'!I77*(1+($K$79/100))=0,"",'3. EM 2025 + IPC'!I77*(1+($K$79/100))) -> 300397.95 | M69: =STDEVP(I69:L69)/AVERAGE(I69:L69) -> 0.13297878 | N69: =ROUND(AVERAGE(I69:L69),-2) -> 336900 | O69: =ROUND(MEDIAN(I69:K69),-2) -> 310300 | P69: =ROUND(GEOMEAN(I69:L69),-2) -> 334100 | Q69: =ROUND(HARMEAN(I69:L69),-2) -> 331400
B70: 7.4 | D70: GENERADORES ELECTRICOS | E70: Planta eléctrica portátil KTC 3500 - 3,2 KW / Voltaje 110-220, combustible gasolina | F70: Mantenimiento preventivo equipo portatil, incluye limpieza general de equipo (interior-exterior), mantenimiento de motor, cambio de aceite y filtro de aceite, sustitucion de filtro de aire del motor, cambio de correas de elementos auxiliares, mantenimiento del alternador inspeccion sistema de refigeracion y cambio de refigerante, servicio a la válvula de combustible, cambio de bujía y lo demas necesario para su correcto funcionamiento. | G70: 1 | H70: 1 | I70: ='1. SELTEL S.A.S.'!I78 -> 2497638 | J70: ='2. ING ELECTROMECA'!I78 -> 2515000 | K70: =IF('3. EM 2025 + IPC'!I78*(1+($K$79/100))=0,"",'3. EM 2025 + IPC'!I78*(1+($K$79/100))) -> 2484448.1 | M70: =STDEVP(I70:L70)/AVERAGE(I70:L70) -> 0.0050065292 | N70: =ROUND(AVERAGE(I70:L70),-2) -> 2499000 | O70: =ROUND(MEDIAN(I70:K70),-2) -> 2497600 | P70: =ROUND(GEOMEAN(I70:L70),-2) -> 2499000 | Q70: =ROUND(HARMEAN(I70:L70),-2) -> 2499000
E71: Planta eléctrica portátil FG 1250 - 1200 W, Voltaje 110-220, combustible gasolina | F71: Mantenimiento preventivo equipo portatil, incluye limpieza general de equipo (interior-exterior), mantenimiento de motor, cambio de aceite y filtro de aceite, sustitucion de filtro de aire del motor, cambio de correas de elementos auxiliares, mantenimiento del alternador inspeccion sistema de refigeracion y cambio de refigerante, servicio a la válvula de combustible, cambio de bujía y lo demas necesario para su correcto funcionamiento. | G71: 1 | H71: 1 | I71: ='1. SELTEL S.A.S.'!I79 -> 1956816 | J71: ='2. ING ELECTROMECA'!I79 -> 1945000 | K71: =IF('3. EM 2025 + IPC'!I79*(1+($K$79/100))=0,"",'3. EM 2025 + IPC'!I79*(1+($K$79/100))) -> 1947694.7 | M71: =STDEVP(I71:L71)/AVERAGE(I71:L71) -> 0.0025930926 | N71: =ROUND(AVERAGE(I71:L71),-2) -> 1949800 | O71: =ROUND(MEDIAN(I71:K71),-2) -> 1947700 | P71: =ROUND(GEOMEAN(I71:L71),-2) -> 1949800 | Q71: =ROUND(HARMEAN(I71:L71),-2) -> 1949800
B72: 8.1 | C72: SEDE ADMINISTRATIVA SAN JOSE DEL GUAVIARE Carrera 21 5- 15 | D72: AIRES ACONDICIONADOS | E72: Aire acondicionado Mirage Life+ piso techo Ref / 12000 BTU | F72: Unidades Manejadoras Limpieza de bandeja de condensado, Limpieza de drenajes, Limpieza, sanitización e higienización serpentín evaporador, Mediciones de parámetros eléctricos, Revisión y limpieza de válvulas, Limpieza de filtros de aire, Revisión de lecturas eléctricas, temperatura, presiones alta y baja en circuitos de refrigeración, operación de motores y compresores. Unidades Condensadoras Limpieza y sanitización serpentín de la condensadora, Mediciones de parámetros eléctricos compresor, Revisión presiones de refrigerante de succión, descarga compresor con manómetros, Limpieza general de unidad, Verificación de niveles y presiones de aceite Verificación del estado de correas y poleas, Verificación del alineamiento de trasmisión de potencia, Revisión de rodamientos y chumaceras, Verificación del estado del sistema de acople a la red de ductos, Verificación del aislamiento térmico, Ajuste general de la unidad Revisión de la carga de refrigerante con manómetros, Revisión de tuberías para detectar posibles fugas, Inspección de mirillas de líquido para verificar estado de humedad en los circuitos, Verificación del estado del aislamiento térmico, Circuito de Refrigeración, Inspección visual de tuberías, Inspección y limpieza de conductos de expulsión de calor Revisión de válvulas de paso. Revisión Eléctrica Limpieza general de contactos eléctricos, fuerza y control de sulfatación de terminales, limpieza general de tableros, Ajuste de terminales eléctricos y de sulfatación, Verificación de la operación de sistemas de control, Ajuste del control de temperatura. | G72: 1 | H72: 1 | I72: ='1. SELTEL S.A.S.'!I80 -> 739537 | J72: ='2. ING ELECTROMECA'!I80 -> 2300000 | K72: =IF('3. EM 2025 + IPC'!I80*(1+($K$79/100))=0,"",'3. EM 2025 + IPC'!I80*(1+($K$79/100))) -> 853112.6 | M72: =STDEVP(I72:L72)/AVERAGE(I72:L72) -> 0.54745808 | N72: =ROUND(AVERAGE(I72:L72),-2) -> 1297500 | O72: =ROUND(MEDIAN(I72:K72),-2) -> 853100 | P72: =ROUND(GEOMEAN(I72:L72),-2) -> 1132100 | Q72: =ROUND(HARMEAN(I72:L72),-2) -> 1013800
H73: TOTAL UNITARIOS | I73: =SUM(I10:I72) -> 60050344 | J73: =SUM(J10:J72) -> 75742000 | K73: =SUM(K10:K72) -> 49695568 | L73: =SUM(L10:L72) -> 0 | N73: =SUM(N10:N72) -> 66539500 | O73: =SUM(O10:O72) -> 63275400 | P73: =SUM(P10:P72) -> 64723400 | Q73: =SUM(Q10:Q72) -> 63268800
H74: TOTAL OFERTA | I74: =SUMPRODUCT(I10:I72,$G$10:$G$72,$H$10:$H$72) -> 82348868 | J74: =SUMPRODUCT(J10:J72,$G$10:$G$72,$H$10:$H$72) -> 119504000 | K74: =SUMPRODUCT(K10:K72,$G$10:$G$72,$H$10:$H$72) -> 62683852 | L74: =SUMPRODUCT(L10:L72,$G$10:$G$72,$H$10:$H$72) -> 0 | N74: =SUMPRODUCT(N10:N72,$G$10:$G$72,$H$10:$H$72) -> 94812200 | O74: =SUMPRODUCT(O10:O72,$G$10:$G$72,$H$10:$H$72) -> 88377800 | P74: =SUMPRODUCT(P10:P72,$G$10:$G$72,$H$10:$H$72) -> 89305400 | Q74: =SUMPRODUCT(Q10:Q72,$G$10:$G$72,$H$10:$H$72) -> 84902500
M75: Variación Progresiva | N75: =N74/P74-1 -> 0.061662565 | O75: =O74/Q74-1 -> 0.040932835 | P75: =P74/O74-1 -> 0.010495849 | Q75: 0
M76: Variación al menor | N76: =N74/Q74-1 -> 0.11671859 | O76: =O74/Q74-1 -> 0.040932835 | P76: =P74/Q74-1 -> 0.051858308
C77: Metodo | D77: Valor Estimado
C78: Promedio | D78: =N74 -> 94812200
C79: Mediana | D79: =O74 -> 88377800 | K79: 5.16
C80: Media Geometrica | D80: =P74 -> 89305400
C81: Media Armonica | D81: =Q74 -> 84902500

Sheet 1. SELTEL S.A.S.
B2: #VALUE! | D2: República de Colombia | I2: #VALUE!
D3: Instituto Colombiano de Antropología e Historia
D5: Formato de cotización
B7: Nombre o Razón Social | D7: SELTEL S.A.S. | H7: NIT | I7: 900.851.890-4
B8: Persona de contacto | D8: JORGE MEDINA RAMIREZ | H8: Teléfono celular | I8: 316 831 49 55
B9: Correo electrónico | D9: comercial@seltel.co | H9: Teléfono fijo | I9: 608 864 50 11
B12: OBJETO: Prestar el servicio de mantenimiento preventivo y correctivo de los equipos especiales de las sedes del Instituto Colombiano de Antropología e Historia – ICANH a nivel nacional, que incluye equipos de bombeo, generadores eléctricos, sistemas de aire acondicionado, Red Contra Incendios (RCI) y sistemas de detección de incendios; así como el suministro e instalación de repuestos, partes y componentes requeridos.
B14: Instrucciones para el diligenciamiento de la cotización
B15: • Por favor diligenciar solo las celdas en AZUL. • Revisar todos los requerimientos que se exponen en los documentos técnico y formular su cotización en concordancia con este, de tal forma que cumplan con la necesidad del Instituto. • Los precios unitarios deberán ser expresado en PESOS COLOMBIANOS. • Los precios deberán aproximarse por exceso o por defecto al entero más cercano así: (i) si es igual o superior a 50 centavos, se aproxima al entero siguiente; (ii) si es inferior a 50 centavos se baja al entero anterior. • El formato contiene los insumos de costos estimados por el Instituto por lo tanto no se permite modificar, agregar o quitar ningún ítem o sub-ítem. • Los precios unitarios deben contemplar todos los rubros requeridos para la adecuada prestación del servicio y el cumplimiento de las obligaciones tributarias y contractuales como los son trazabilidad del servicio, equipo mínimo de trabajo, impuestos entre otros.
B17: ÍTEM | C17: SEDE | D17: DESCRIPCIÓN | E17: REFERENCIA | F17: ALCANCE MINIMO | G17: CANTIDAD DE EQUIPOS | H17: CANTIDAD DE MANTENIMIENTOS | I17: Precio unitario (Incluidos Impuestos) | J17: Precio total (Incluidos Impuestos)
B18: 1.1 | C18: PARQUE TEYUNA Parque Arqueológico Teyuna – Ciudad Perdida. Sierra Nevada de Santa Marta, Resguardo Kogüi-malayo -Arhuaco – Distrito Turístico, Cultural e Histórico de Santa Marta, Magdalena | D18: GENERADORE S ELÉCTRICOS | E18: Panel Solar Kyocera KC65 - Con accesorios | F18: Mantenimiento general del sistema de paneles solares, inlcuye limpeza general de equipos compuesto por 12 paneles solares y 8 baterias | G18: 1 | H18: 1 | I18: 2778704 | J18: =ROUND(I18*H18*G18,0) -> 2778704
E19: Planta eléctrica portátil Portel Cable 3.500 W | F19: Mantenimiento preventivo equipo portatil, incluye limpieza general de equipo (interior-exterior), mantenimiento de motor, cambio de aceite y filtro de aceite, sustitucion de filtro de aire del motor, cambio de correas de elementos auxiliares, mantenimiento del alternador inspeccion sistema de refigeracion y cambio de refigerante, servicio a la válvula de combustible, cambio de bujía y lo demas necesario para su correcto funcionamiento. | G19: 1 | H19: 1 | I19: 2576117 | J19: =ROUND(I19*H19*G19,0) -> 2576117
E20: Planta eléctrica Portel Cable 1200 W | F20: Mantenimiento preventivo equipo portatil, incluye limpieza general de equipo (interior-exterior), mantenimiento de motor, cambio de aceite y filtro de aceite, sustitucion de filtro de aire del motor, cambio de correas de elementos auxiliares, mantenimiento del alternador inspeccion sistema de refigeracion y cambio de refigerante, servicio a la válvula de combustible, cambio de bujía y lo demas necesario para su correcto funcionamiento. | G20: 1 | H20: 1 | I20: 2090502 | J20: =ROUND(I20*H20*G20,0) -> 2090502
B21: 1.2 | D21: MOTOBOMBA AUTOMÁTICA | E21: Motobomba Toolcraft Potencia máxima 4097w-Motor a gasolina | F21: Mantenimiento preventivo de equipo de bombeo incluye limpieza general del equipo, ajuste de contactos, revision de rodamientos y sello mecánico, lavado de embobinado de motor, revisión de parámetros y pruebas de aislamiento y lo demas necesario para su correcto funcionamiento. | G21: 1 | H21: 1 | I21: 1731170 | J21: =ROUND(I21*H21*G21,0) -> 1731170
B22: 1.3 | D22: EQUIPO DE SOLDADURA | E22: Maquina de soldadura TIG-220GP modelo TIG-220GP | F22: Mantenimiento preventivo de equipo de soldadura, incluye limpieza general del equipo (interior-exterior), revisión de conexiones eléctricas, verificación de componentes internos, inspección de cables y accesorios, pruebas de funcionamiento y ajustes básicos, así como las demás actividades necesarias para garantizar su correcto funcionamiento. | G22: 1 | H22: 1 | I22: 850000 | J22: =ROUND(I22*H22*G22,0) -> 850000
B23: 2.1 | C23: CASA ADMINISTRA TIVA SEDE SANTA MARTA Santa Marta "Calle 17 No. 3-72" | D23: GENERADORES ELÉCTRICOS | E23: Planta eléctrica portátil Portel Cable 3.500 W | F23: Mantenimiento preventivo equipo portatil, incluye limpieza general de equipo (interior-exterior), mantenimiento de motor, cambio de aceite y filtro de aceite, sustitucion de filtro de aire del motor, cambio de correas de elementos auxiliares, mantenimiento del alternador inspeccion sistema de refigeracion y cambio de refigerante, servicio a la válvula de combustible, cambio de bujía y lo demas necesario para su correcto funcionamiento. | G23: 1 | H23: 1 | I23: 1061886 | J23: =ROUND(I23*H23*G23,0) -> 1061886
B24: 2.2 | D24: AIRE ACONDICIONADO | E24: Aire acondicionado piso techo Ref / 12000 BTU | F24: Unidades Manejadoras Limpieza de bandeja de condensado, Limpieza de drenajes, Limpieza, sanitización e higienización serpentín evaporador, Mediciones de parámetros eléctricos, Revisión y limpieza de válvulas, Limpieza de filtros de aire, Revisión de lecturas eléctricas, temperatura, presiones alta y baja en circuitos de refrigeración, operación de motores y compresores. Unidades Condensadoras Limpieza y sanitización serpentín de la condensadora, Mediciones de parámetros eléctricos compresor, Revisión presiones de refrigerante de succión, descarga compresor con manómetros, Limpieza general de unidad, Verificación de niveles y presiones de aceite Verificación del estado de correas y poleas, Verificación del alineamiento de trasmisión de potencia, Revisión de rodamientos y chumaceras, Verificación del estado del sistema de acople a la red de ductos, Verificación del aislamiento térmico, Ajuste general de la unidad Revisión de la carga de refrigerante con manómetros, Revisión de tuberías para detectar posibles fugas, Inspección de mirillas de líquido para verificar estado de humedad en los circuitos, Verificación del estado del aislamiento térmico, Circuito de Refrigeración, Inspección visual de tuberías, Inspección y limpieza de conductos de expulsión de calor Revisión de válvulas de paso. Revisión Eléctrica Limpieza general de contactos eléctricos, fuerza y control de sulfatación de terminales, limpieza general de tableros, Ajuste de terminales eléctricos y de sulfatación, Verificación de la operación de sistemas de control, Ajuste del control de temperatura. | G24: 3 | H24: 1 | I24: 500000 | J24: =ROUND(I24*H24*G24,0) -> 1500000
E25: Aire acondicionado Wurden piso techo Inverter Ref / 18000 BTU | G25: 2 | H25: 1 | I25: 588540 | J25: =ROUND(I25*H25*G25,0) -> 1177080
E26: Aire acondicionado Wurden piso techo Inverter Ref / 24000 BTU | G26: 2 | H26: 1 | I26: 588540 | J26: =ROUND(I26*H26*G26,0) -> 1177080
E27: Aire acondicionado piso techo LG Ref AUNQ36EM / 36000 BTU | G27: 2 | H27: 1 | I27: 1070660 | J27: =ROUND(I27*H27*G27,0) -> 2141320
B28: 2.3 | D28: ELECTROBOMBA | E28: Electrobomba predollo modelo CPM620 TANQUE DE PRECIÓN MENBRANA DE 100 LITROS/ 1 HP | F28: Mantenimiento preventivo de sistema de presurizacion incluye limpieza general de equipos, ajuste de contactos, revision de rodamientos y sello mecánico, revision y mantenimiento de tanque hidroflo, ajuste de cableado, lavado de embobinado de motor, revisión de parámetros y pruebas de aislamiento y lo demas necesario para su correcto funcionamiento. | G28: 1 | H28: 1 | I28: 1350000 | J28: =ROUND(I28*H28*G28,0) -> 1350000
B29: 3.1 | C29: PARQUE ARQUEOLOGICO TIERRADENTRO Vereda El Escaño bajo (El Escaño Parque) – Resguardo San Andrés de Pisimbalá | D29: BOMBAS | E29: Motobomba Toolcraft Potencia máxima 4097w-Motor a gasolina | F29: Mantenimiento preventivo de equipo de bombeo incluye limpieza general del equipo, ajuste de contactos, revision de rodamientos y sello mecánico, lavado de embobinado de motor, revisión de parámetros y pruebas de aislamiento y lo demas necesario para su correcto funcionamiento. | G29: 1 | H29: 1 | I29: 1705522 | J29: =ROUND(I29*H29*G29,0) -> 1705522
B30: 3.2 | D30: COMPRESOR AIRE | E30: Compresor de aire marca Toolcraft de 2,5 HP | F30: Mantenimiento preventivo equipo compresor portatil incluye limpieza general del equipo, cambio de filtro, aceites, correa y rodamientos. | G30: 1 | H30: 1 | I30: 744976 | J30: =ROUND(I30*H30*G30,0) -> 744976
E31: Compresor de aire Siemens HP 1/2 RMP 1730 | F31: Mantenimiento preventivo equipo compresor portatil incluye limpieza general del equipo, cambio de filtro, aceites, correa y rodamientos. | G31: 1 | H31: 1 | I31: 292943 | J31: =ROUND(I31*H31*G31,0) -> 292943
B32: 3.3 | D32: GENERADORES ELÉCTRICOS | E32: Planta eléctrica portátil Portel Cable / 6500W / voltaje 110-220 /Combustible gasolina. | F32: Mantenimiento preventivo equipo portatil, incluye limpieza general de equipo ( interior-exterior), mantenimiento de motor, cambio de aceite y filtro de aceite, sustitucion de filtro de aire del motor, cambio de correas de elementos auxiliares, mantenimiento del alternador inspeccion sistema de refigeracion y cambio de refigerante, servicio a la válvula de combustible, cambio de bujía y lo demas necesario para su correcto funcionamiento. | G32: 1 | H32: 1 | I32: 2702324 | J32: =ROUND(I32*H32*G32,0) -> 2702324
E33: Planta eléctrica portátil Honda 650 / voltaje 110-220 / Combustible gasolina. | F33: Mantenimiento preventivo equipo portatil, incluye limpieza general de equipo ( interior-exterior), mantenimiento de motor, cambio de aceite y filtro de aceite, sustitucion de filtro de aire del motor, cambio de correas de elementos auxiliares, mantenimiento del alternador inspeccion sistema de refigeracion y cambio de refigerante, servicio a la válvula de combustible, cambio de bujía y lo demas necesario para su correcto funcionamiento. | G33: 1 | H33: 1 | I33: 795000 | J33: =ROUND(I33*H33*G33,0) -> 795000
E34: Planta eléctrica portátil Honda 950 / voltaje 110-220 / Combustible gasolina. | F34: Mantenimiento preventivo equipo portatil, incluye limpieza general de equipo ( interior-exterior), mantenimiento de motor, cambio de aceite y filtro de aceite, sustitucion de filtro de aire del motor, cambio de correas de elementos auxiliares, mantenimiento del alternador inspeccion sistema de refigeracion y cambio de refigerante, servicio a la válvula de combustible, cambio de bujía y lo demas necesario para su correcto funcionamiento. | G34: 1 | H34: 1 | I34: 932257 | J34: =ROUND(I34*H34*G34,0) -> 932257
B35: 4.1 | C35: PARQUE ALTO DE LOS ÍDOLOS ubicado en la Vereda Ídolos | D35: BOMBAS PRESURIZACI ÓN | E35: Sistema de presurización BARNES de dos (2) bombas Ref 1J6085 / Mod: AP2-HE 1.5 20- 1 -201 / 2 Hp / 220 V + tanque Hidroneumático + Presostato + Tablero de distribución | F35: Mantenimiento preventivo de sistema de presurizacion incluye limpieza general de equipos, ajuste de contactos, revision de rodamientos y sello mecánico, revision y mantenimiento de tanque hidroflo, ajuste de cableado, lavado de embobinado de motor, revisión de parámetros y pruebas de aislamiento y lo demas necesario para su correcto funcionamiento. | G35: 1 | H35: 2 | I35: 299130 | J35: =ROUND(I35*H35*G35,0) -> 598260
B36: 4.2 | D36: BOMBAS SUMERGIBLES | E36: Sin especificaciones dos bombas sumergidas en un pozo | F36: Mantenimiento preventivo de sistema de subsión, incluye limpieza general de equipos, ajuste de contactos, revision de rodamientos y sello mecánico, revision y mantenimiento de tanque hidroflo, ajuste de cableado, lavado de embobinado de motor, revisión de parámetros y pruebas de aislamiento y lo demas necesario para su correcto funcionamiento. | G36: 2 | H36: 2 | I36: 683680 | J36: =ROUND(I36*H36*G36,0) -> 2734720
B37: 4.3 | D37: TABLERO DE DISTRIBUCIÓN GENERAL, | E37: Tablero distribución, Tensión de servicio 208/120v. Tensión nominal 600V. Corriente de corto 70KA. Corriente nominal 400AMP. Serial del tablero IP-B427/2020.Fases 3. Hilos 5 | F37: Mantenimiento en general todos los elementos que integran el tablero, Registro de datos del tablero correspondiente, Registro de datos del tablero correspondiente. Maniobras de des-energización y puesta a tierra, Revisión y limpieza del gabinete, cables, aisladores, interruptores electromagnéticos, termomagnéticos y demás componentes que integran el tablero, Revisión del sistema de tierras y apriete de conexiones en general, Pruebas de operación mecánica de interruptor(es) principal(es) y derivados, Medición de resistencia de aislamiento de interruptores electromagnéticos (megóhmetro), Revisión final, retiro de puesta a tierra y energización. | G37: 1 | H37: 1 | I37: 317250 | J37: =ROUND(I37*H37*G37,0) -> 317250
D38: TRANSFERENCIA AUTOMÁTICA | E38: Transferencia motorizada, Tensión de servicio 208/120v. Tensión nominal 600V. Corriente de corto 70KA. Corriente nominal 400AMP. Serial del tablero IP- B427/2020.Fases 3. Hilos 5 | G38: 1 | H38: 1 | I38: 317250 | J38: =ROUND(I38*H38*G38,0) -> 317250
B39: 4.4 | D39: GENERADORE S ELÉCTRICOS | E39: Planta eléctrica tipo cabinado Jeilyfish Power de 100KVA / voltaje 220V / altura 1000 mts | F39: Limpieza en general, ajuste de contactos, revisión de voltajes, corriente, cambio de aceite y filtros, cambio de refrigerante, pruebas de funcionamiento en vacío y lo demas necesario para su correcto funcionamiento. | G39: 1 | H39: 1 | I39: 928507 | J39: =ROUND(I39*H39*G39,0) -> 928507
E40: Planta eléctrica portátil KT 3500 - 3,2 KW / Voltaje 110-220, combustible gasolina | F40: Mantenimiento preventivo equipo portatil, incluye limpieza general de equipo (interior-exterior), mantenimiento de motor, cambio de aceite y filtro de aceite, sustitucion de filtro de aire del motor, cambio de correas de elementos auxiliares, mantenimiento del alternador inspeccion sistema de refigeracion y cambio de refigerante, servicio a la válvula de combustible, cambio de bujía y lo demas necesario para su correcto funcionamiento. | G40: 1 | H40: 1 | I40: 1102630 | J40: =ROUND(I40*H40*G40,0) -> 1102630
E41: Planta eléctrica portátil FG 1250 - 1200 W, Voltaje 110-220, combustible gasolina | F41: Mantenimiento preventivo equipo portatil, incluye limpieza general de equipo (interior-exterior), mantenimiento de motor, cambio de aceite y filtro de aceite, sustitucion de filtro de aire del motor, cambio de correas de elementos auxiliares, mantenimiento del alternador inspeccion sistema de refigeracion y cambio de refigerante, servicio a la válvula de combustible, cambio de bujía y lo demas necesario para su correcto funcionamiento. | G41: 1 | H41: 1 | I41: 787507 | J41: =ROUND(I41*H41*G41,0) -> 787507
B42: 4.5 | D42: MOTOBOMBA A GASOLINA | E42: Motobomba Globalmeq. Model KGP 30. FLOW 60 M3/H. LIFT 35m. SUCTION HEIGHT 8m. OUTIETSIZE 80mm. INIET SIZE 80mm. Motor 7.0 HP A GASOLINA | F42: Mantenimiento preventivo equipo portatil, incluye limpieza general de equipo (interior-exterior), mantenimiento de motor, cambio de aceite y filtro de aceite, sustitucion de filtro de aire del motor, inspeccion sistema de refigeracion y cambio de refigerante y lo demas necesario para su corrector funcionamiento. | G42: 1 | H42: 1 | I42: 662634 | J42: =ROUND(I42*H42*G42,0) -> 662634
B43: 4.6 | D43: AIRES ACONDICIONADOS | E43: Aire acondicionado PANASONIC CS-YS18VKV-8 - 1552 KW, Frecuencia 60HZ. Voltaje 220V. Potencia Nominal 1.552KW. Capacidad 5043W. Índice de eficiencia energía 3.25W./ WE. Entrada de alimentación 1552W. | F43: Unidades Manejadoras Limpieza de bandeja de condensado, Limpieza de drenajes, Limpieza, sanitización e higienización serpentín evaporador, Mediciones de parámetros eléctricos, Revisión y limpieza de válvulas, Limpieza de filtros de aire, Revisión de lecturas eléctricas, temperatura, presiones alta y baja en circuitos de refrigeración, operación de motores y compresores. Unidades Condensadoras Limpieza y sanitización serpentín de la condensadora, Mediciones de parámetros eléctricos compresor, Revisión presiones de refrigerante de succión, descarga compresor con manómetros, Limpieza general de unidad, Verificación de niveles y presiones de aceite Verificación del estado de correas y poleas, Verificación del alineamiento de trasmisión de potencia, Revisión de rodamientos y chumaceras, Verificación del estado del sistema de acople a la red de ductos, Verificación del aislamiento térmico, Ajuste general de la unidad Revisión de la carga de refrigerante con manómetros, Revisión de tuberías para detectar posibles fugas, Inspección de mirillas de líquido para verificar estado de humedad en los circuitos, Verificación del estado del aislamiento térmico, Circuito de Refrigeración, Inspección visual de tuberías, Inspección y limpieza de conductos de expulsión de calor Revisión de válvulas de paso. Revisión Eléctrica Limpieza general de contactos eléctricos, fuerza y control de sulfatación de terminales, limpieza general de tableros, Ajuste de terminales eléctricos y de sulfatación, Verificación de la operación de sistemas de control, Ajuste del control de temperatura. | G43: 1 | H43: 1 | I43: 739537 | J43: =ROUND(I43*H43*G43,0) -> 739537
B44: 4.7 | D44: UPS ELÉCTRICA | E44: UPS marca PEI Potencia 3.000VA Frecuencia 60 Hz THD: <3% Numero de fases una (1) Voltaje de entrada 120 VAC +20, -25% Voltaje de salida 120 VAC +/-2% Voltaje de baterías 72 VDC | F44: Mantenimiento preventivo equipo fijo, incluye limpieza general de equipo (interior-exterior), mantenimiento de de baterias, verificación de entrada y salida, configuración del equipo. Cambio de baterias si es necesario. | G44: 3 | H44: 1 | I44: 610352 | J44: =ROUND(I44*H44*G44,0) -> 1831056
E45: UPS marca PEI Potencia 10.000VA Frecuencia 60 Hz, THD: <3%, Numero de fases dos (2) Voltaje de entrada 208 VAC +20, -25%, Voltaje de baterías 192 VDC, Voltaje de salida 240/120 VAC +/-1% | F45: Mantenimiento preventivo equipo fijo, incluye limpieza general de equipo (interior-exterior), mantenimiento de de baterias, verificación de entrada y salida, configuración del equipo. Cambio de baterias si es necesario. | G45: 1 | H45: 1 | I45: 1992144 | J45: =ROUND(I45*H45*G45,0) -> 1992144
B46: 4.8 | D46: SISTEMA DE DETECCION Y ALARMA CONTRA INCENDIO | E46: Panel central de detección VS SERIES ref VS4-(G/R)(D)(-PG/-SP) / 110 V | F46: Inspección pruebas y mantenimientos de sistemas de detección, alarma, extinción y protección contra incendio, incluye limpieza e inspeccion visual, pruebas funcionales, pruebas de sensibilidad, | G46: 1 | H46: 1 | I46: 500000 | J46: =ROUND(I46*H46*G46,0) -> 500000
E47: Sirena Kidde con luz estroboscópica | G47: 10 | H47: 1 | I47: 72000 | J47: =ROUND(I47*H47*G47,0) -> 720000
E48: Estación manual de alarma | G48: 5 | H48: 1 | I48: 72000 | J48: =ROUND(I48*H48*G48,0) -> 360000
E49: Sensor humo fotoeléctrico | G49: 10 | H49: 1 | I49: 72000 | J49: =ROUND(I49*H49*G49,0) -> 720000
E50: Modulo indicador, BOSCH de la serie DS7400Xi o similar | G50: 1 | H50: 1 | I50: 72000 | J50: =ROUND(I50*H50*G50,0) -> 72000
E51: Rociador Pendent K=5,6 Respuesta Rápida (QR) UL/FM | G51: 30 | H51: 1 | I51: 55000 | J51: =ROUND(I51*H51*G51,0) -> 1650000
B52: 5.1 | C52: PARQUE ARQUEOLOGICO SAN AGUSTIN Km 3 Vía San Agustín – Parque Arqueológico | D52: BOMBAS | E52: Motobomba Gasolina Honda Gp 3x3 Pulgadas, sistema de arranque manual | F52: Mantenimiento preventivo equipo portatil, incluye limpieza general de equipo (interior-exterior), mantenimiento de motor, cambio de aceite y filtro de aceite, sustitucion de filtro de aire del motor, inspeccion sistema de refigeracion y cambio de refigerante,cambio de bujía y lo demas necesario para su corrector funcionamiento. | G52: 1 | H52: 1 | I52: 1679482 | J52: =ROUND(I52*H52*G52,0) -> 1679482
E53: Bomba Succión Barmesa Modelo IA4-7,5-4 / motor WEG W 22 / 7.5 Hp / V 220 / | F53: Mantenimiento preventivo equipo portatil, incluye limpieza general de equipo (interior-exterior), mantenimiento de motor, cambio de aceite y filtro de aceite, sustitucion de filtro de aire del motor, inspeccion sistema de refigeracion y cambio de refigerante,cambio de bujía y lo demas necesario para su corrector funcionamiento. | G53: 2 | H53: 1 | I53: 468932 | J53: =ROUND(I53*H53*G53,0) -> 937864
E54: Barnes, modelo GE3C75-4 / 7,5 Hp / V 220- 440 / D succión 4" / D descarga 3" + Tablero de distribución | F54: Mantenimiento preventivo del sistema de bombeo lavapatas, incluye limpieza general de equipos, ajuste de contactos, revision de rodamientos y sello mecánico, ajuste de cableado, revisión de parámetros, pruebas de aislamiento y lo demas necesario para su correcto funcionamiento. | G54: 2 | H54: 1 | I54: 448080 | J54: =ROUND(I54*H54*G54,0) -> 896160
B55: 5.2 | D55: SISTEMA PRESURIZADO R | E55: Sistema de presurización WEG de dos (2) bombas Ref / 1,5 Hp / 220 V + tanque Hidroneumático + Presostato + Tablero de distribución | F55: Mantenimiento preventivo de sistema de presurizacion incluye limpieza general de equipos, ajuste de contactos, revision de rodamientos y sello mecánico, revision y mantenimiento de tanque hidroflo, ajuste de cableado, lavado de embobinado de motor, revisión de parámetros y pruebas de aislamiento y lo demas necesario para su correcto funcionamiento. | G55: 1 | H55: 1 | I55: 335048 | J55: =ROUND(I55*H55*G55,0) -> 335048
B56: 5.3 | D56: COMPRESOR DE AIRE | E56: Compresor de aire Mawell HP 1/2 RMP / 30 lbs | F56: Mantenimiento preventivo equipo compresor portatil incluye limpieza general del equipo, cambio de filtro, aceites, correa, rodamientos y lo demas necesario para su correcto funcionamiento. | G56: 1 | H56: 1 | I56: 281422 | J56: =ROUND(I56*H56*G56,0) -> 281422
B57: 5.4 | D57: CALENTADOR DE AGUA | E57: Calentador de agua marca Haceb corriente 220 V / 75,7 lts | F57: Mantenimiento general de calentador de agua incluye limpeza general (interna-externa ) del equipo | G57: 3 | H57: 1 | I57: 135367 | J57: =ROUND(I57*H57*G57,0) -> 406101
B58: 5.5 | D58: TABLERO PRINCIPAL | E58: Tablero general de distribución y unidad de medida 100 AMP | F58: Desmonte y cambio de gabinete de distribucion general y unidad de medida, incluye mantenimeinto general de las piezas internas demonstadas, distribucion de barraje, cableado y totalizadores con los elemtos existentes de aceurdo a la normatividad vigente. | G58: 1 | H58: 1 | I58: 315325 | J58: =ROUND(I58*H58*G58,0) -> 315325
B59: 5.6 | D59: GENERADORE S ELÉCTRICOS | E59: Planta eléctrica tipo cabinado Generatin Set Model T30X de 30KVA / voltaje 220V /110; Dimensiones 2152 x 885 x 1106 mm | F59: Limpieza en general, ajuste de contactos, revisión de voltajes, corriente, cambio de aceite y filtros, cambio de refrigerante, pruebas de funcionamiento en vacío y lo demas necesario para su correcto funcionamiento. | G59: 1 | H59: 1 | I59: 772684 | J59: =ROUND(I59*H59*G59,0) -> 772684
E60: Planta eléctrica portátil Portel Cable / 6500W / voltaje 110-220 /Combustible gasolina. | G60: 2 | H60: 1 | I60: 1353164 | J60: =ROUND(I60*H60*G60,0) -> 2706328
B61: 5.7 | D61: PLANTA ELECTRICA | E61: Planta electrica tipo cabinado E-PRO Model T30X SERIE TPSO1FJ180328 de 30KVA / voltaje 220V /110; Dimensiones 2152 x 885 x 1106 mm | F61: Mantenimiento preventivo equipo portatil, incluye limpieza general de equipo (interior-exterior), mantenimiento de motor, cambio de aceite y filtro de aceite, sustitucion de filtro de aire del motor, cambio de correas de elementos auxiliares, mantenimiento del alternador inspeccion sistema de refigeracion y cambio de refigerante, servicio a la válvula de combustible, cambio de bujía y lo demas necesario para su correcto funcionamiento. | G61: 1 | H61: 1 | I61: 1850000 | J61: =ROUND(I61*H61*G61,0) -> 1850000
B62: 6.1 | C62: SEDE GREGORIO HERNANDEZ DE ALBA calle 12 No 2– 38 | D62: SISTEMA DE DETECCIÓN Y ALARMA CONTRA INCENDIO | E62: Panel central de detección VS SERIES ref VS4-(G/R)(D)(-PG/-SP) / 110 V | F62: Inspección pruebas y mantenimientos de sistemas de detección, alarma, extinción y protección contra incendio, incluye limpieza e inspeccion visual, pruebas funcionales, pruebas de sensibilidad, | G62: 1 | H62: 1 | I62: 500000 | J62: =ROUND(I62*H62*G62,0) -> 500000
E63: Sirena Kidde con luz estroboscópica | G63: 13 | H63: 1 | I63: 55000 | J63: =ROUND(I63*H63*G63,0) -> 715000
E64: Estación manual de alarma | G64: 13 | H64: 1 | I64: 55000 | J64: =ROUND(I64*H64*G64,0) -> 715000
E65: Sensor humo fotoeléctrico | G65: 77 | H65: 1 | I65: 55000 | J65: =ROUND(I65*H65*G65,0) -> 4235000
E66: Modulo indicador, BOSCH de la serie DS7400Xi o similar | G66: 4 | H66: 1 | I66: 55000 | J66: =ROUND(I66*H66*G66,0) -> 220000
B67: 6.2 | D67: SISTEMA DE EXTINCIÓN | E67: Rociador Pendent K=5,6 Respuesta Rápida (QR) UL/FM | G67: 118 | H67: 1 | I67: 35000 | J67: =ROUND(I67*H67*G67,0) -> 4130000
B68: 6.3 | D68: GENERADORES ELÉCTRICOS | E68: Planta Eléctrica tipo cabinado PEL Power Sistems de 150 KVA efectivos altura Bogotá / motor WEIFFANG modelo R6105BZLDS2/ Trifásica / 220 V/ tanque interno para suministro de combustible (Diesel) por 8 horas | F68: Limpieza en general, ajuste de contactos, revisión de voltajes, corriente, cambio de aceite y filtros, cambio de refrigerante, pruebas de funcionamiento en vacío y lo demas necesario para su correcto funcionamiento. | G68: 1 | H68: 1 | I68: 3103751 | J68: =ROUND(I68*H68*G68,0) -> 3103751
B69: 6.4 | D69: TRANSFERENCIA AUTOMÁTICA | E69: Transferencia automática in = 400A / 220V 208V, incluye breakers tipo industrial de 3 x 450 A y 3 x 400 A | F69: Mantenimiento en general todos los elementos que integran el tablero, Registro de datos del tablero correspondiente, Registro de datos del tablero correspondiente. Maniobras de des-energización y puesta a tierra, Revisión y limpieza del gabinete, cables, aisladores, interruptores electromagnéticos, termomagnéticos y demás componentes que integran el tablero, Revisión del sistema de tierras y apriete de conexiones en general, Pruebas de operación mecánica de interruptor(es) principal(es) y derivados, Medición de resistencia de aislamiento de interruptores electromagnéticos (megóhmetro), Revisión final, retiro de puesta a tierra y energización. | G69: 1 | H69: 1 | I69: 893492 | J69: =ROUND(I69*H69*G69,0) -> 893492
B70: 6.5 | D70: TABLERO GENERAL DE DISTRIBUCIÓN | E70: Tablero de distribución general, Incluye totalizador 3 x 450 A-25k A, breaker de protección para cada carga, contactor de control de enclavamiento con el sistema de bombas contra incendio y DPS categoría C 4 hilos para 20 kA drenaje de neutro. | G70: 1 | H70: 1 | I70: 1988712 | J70: =ROUND(I70*H70*G70,0) -> 1988712
B71: 6.6 | D71: SISTEMA EYECTOR | E71: Sistema de Bombeo eyector sumergible el cual se compone de 4 equipos de 1 Hp | F71: Mantenimiento preventivo de dos sistemas eyectores, incluye limpieza general de equipos, ajuste de contactos, revision de rodamientos y sello mecánico, ajuste de cableado, revisión de parámetros, pruebas de aislamiento y lo demas necesario para su correcto funcionamiento. | G71: 1 | H71: 1 | I71: 754479 | J71: =ROUND(I71*H71*G71,0) -> 754479
B72: 6.7 | D72: SISTEMA BOMBEO RCI | E72: BOMBA JOCKEY: Marca: VM 55 2-180 | Modelo: TURE | Serie: 2100 39130 | Succión: 5"-6" | Descarga: 3"-6" | ADT: 212 M | Caudal: 2 m³/h | RPM: 3500 | Motor Marca: TPI MOTOR | Motor Modelo: YEZ-112 M-2 | Motor Serie: 2AOJ22 506 V2KK | Potencia: 4 kW | Voltaje: 220 V | Amperaje: 13,9 A | Motor RPM: 3500 | Tablero Marca: TORNATECH INC | Tablero Serie: JP3-20817,5/3/60 | Voltaje Placa: 20 B | Voltaje Red: 212,3 | Amperaje Placa: 24,2 | Amperaje Red: 15,1 | F72: Mantenimiento preventivo del sistema de RCI, incluye limpieza general de equipos, ajuste de contactos, revision de rodamientos y sello mecánico, ajuste de cableado, revisión de parámetros, pruebas de aislamiento y lo demas necesario para su correcto funcionamiento. | G72: 1 | H72: 1 | I72: 1798000 | J72: =ROUND(I72*H72*G72,0) -> 1798000
E73: BOMBA PRINCIPAL: Marca: PATTERSON | Modelo: 5 x 3 11A VIP | Serie: FP-C0002091 54-01-01 | Succión: 5"-6" | Descarga: 3"-6" | ADT: 98 M | Caudal: 500 GPM | RPM: 3565 | Motor Marca: WEG | Motor Modelo: WHO | Motor Serie: 14829612 | Potencia: 758 HP | Voltaje: 220 V | Amperaje: 196 A | Motor RPM: 3550 | Tablero Marca: TORNATECH | Tablero Serie: W21216508 | Voltaje Placa: 208 | Voltaje Red: 212,8 | Amperaje Placa: 211 | Amperaje Red: 180 | G73: 1 | H73: 1 | I73: 2000000 | J73: =ROUND(I73*H73*G73,0) -> 2000000
B74: 6.8 | D74: AIRES ACONDICIONADOS | E74: Aire acondicionado Wurden piso techo Inverter Ref / 24000 BTU | F74: Unidades Manejadoras Limpieza de bandeja de condensado, Limpieza de drenajes, Limpieza, sanitización e higienización serpentín evaporador, Mediciones de parámetros eléctricos, Revisión y limpieza de válvulas, Limpieza de filtros de aire, Revisión de lecturas eléctricas, temperatura, presiones alta y baja en circuitos de refrigeración, operación de motores y compresores. Unidades Condensadoras Limpieza y sanitización serpentín de la condensadora, Mediciones de parámetros eléctricos compresor, Revisión presiones de refrigerante de succión, descarga compresor con manómetros, Limpieza general de unidad, Verificación de niveles y presiones de aceite Verificación del estado de correas y poleas, Verificación del alineamiento de trasmisión de potencia, Revisión de rodamientos y chumaceras, Verificación del estado del sistema de acople a la red de ductos, Verificación del aislamiento térmico, Ajuste general de la unidad Revisión de la carga de refrigerante con manómetros, Revisión de tuberías para detectar posibles fugas, Inspección de mirillas de líquido para verificar estado de humedad en los circuitos, Verificación del estado del aislamiento térmico, Circuito de Refrigeración, Inspección visual de tuberías, Inspección y limpieza de conductos de expulsión de calor Revisión de válvulas de paso. Revisión Eléctrica Limpieza general de contactos eléctricos, fuerza y control de sulfatación de terminales, limpieza general de tableros, Ajuste de terminales eléctricos y de sulfatación, Verificación de la operación de sistemas de control, Ajuste del control de temperatura. | G74: 1 | H74: 1 | I74: 588000 | J74: =ROUND(I74*H74*G74,0) -> 588000
B75: 7.1 | C75: PARQUE ARQUEOLOGICO SANTA MARIA LA ANTIGUA DEL DARIEN Vereda Santuario, corregimiento de Tanela | D75: GENERADORES ELECTRICOS | E75: Sistema Híbrido OFF-GRID con Batería de Litio 6500W / 29.890Wh-día 14 x Panel Solar Bifacial 610W N-Type 14 x Panel Solar Bifacial 610W N-Type con accesorios | F75: Mantenimiento general del sistema de paneles solares, inlcuye limpeza general de equipos compuesto por 12 paneles solares y 8 baterias | G75: 1 | H75: 1 | I75: 1420000 | J75: =ROUND(I75*H75*G75,0) -> 1420000
B76: 7.2 | D76: BOMBAS | E76: MOTOBOMBA POWERMASTER 6,5 HP A GASOLINA SALIDA DE 2" | F76: Mantenimiento preventivo equipo portatil, incluye limpieza general de equipo (interior-exterior), mantenimiento de motor, cambio de aceite y filtro de aceite, sustitucion de filtro de aire del motor, inspeccion sistema de refigeracion y cambio de refigerante,cambio de bujía y lo demas necesario para su corrector funcionamiento. | G76: 1 | H76: 1 | I76: 1962348 | J76: =ROUND(I76*H76*G76,0) -> 1962348
B77: 7.3 | D77: COMPRESOR AIRE | E77: Compresor de aire marca Toolcraft de 1,5 HP | F77: Mantenimiento preventivo equipo compresor portatil incluye limpieza general del equipo, cambio de filtro, aceites, correa y rodamientos. | G77: 1 | H77: 1 | I77: 310305 | J77: =ROUND(I77*H77*G77,0) -> 310305
B78: 7.4 | D78: GENERADORES ELECTRICOS | E78: Planta eléctrica portátil KTC 3500 - 3,2 KW / Voltaje 110-220, combustible gasolina | F78: Mantenimiento preventivo equipo portatil, incluye limpieza general de equipo (interior-exterior), mantenimiento de motor, cambio de aceite y filtro de aceite, sustitucion de filtro de aire del motor, cambio de correas de elementos auxiliares, mantenimiento del alternador inspeccion sistema de refigeracion y cambio de refigerante, servicio a la válvula de combustible, cambio de bujía y lo demas necesario para su correcto funcionamiento. | G78: 1 | H78: 1 | I78: 2497638 | J78: =ROUND(I78*H78*G78,0) -> 2497638
E79: Planta eléctrica portátil FG 1250 - 1200 W, Voltaje 110-220, combustible gasolina | F79: Mantenimiento preventivo equipo portatil, incluye limpieza general de equipo (interior-exterior), mantenimiento de motor, cambio de aceite y filtro de aceite, sustitucion de filtro de aire del motor, cambio de correas de elementos auxiliares, mantenimiento del alternador inspeccion sistema de refigeracion y cambio de refigerante, servicio a la válvula de combustible, cambio de bujía y lo demas necesario para su correcto funcionamiento. | G79: 1 | H79: 1 | I79: 1956816 | J79: =ROUND(I79*H79*G79,0) -> 1956816
B80: 8.1 | C80: SEDE ADMINISTRATIVA SAN JOSE DEL GUAVIARE Carrera 21 5- 15 | D80: AIRES ACONDICIONADOS | E80: Aire acondicionado Mirage Life+ piso techo Ref / 12000 BTU | F80: Unidades Manejadoras Limpieza de bandeja de condensado, Limpieza de drenajes, Limpieza, sanitización e higienización serpentín evaporador, Mediciones de parámetros eléctricos, Revisión y limpieza de válvulas, Limpieza de filtros de aire, Revisión de lecturas eléctricas, temperatura, presiones alta y baja en circuitos de refrigeración, operación de motores y compresores. Unidades Condensadoras Limpieza y sanitización serpentín de la condensadora, Mediciones de parámetros eléctricos compresor, Revisión presiones de refrigerante de succión, descarga compresor con manómetros, Limpieza general de unidad, Verificación de niveles y presiones de aceite Verificación del estado de correas y poleas, Verificación del alineamiento de trasmisión de potencia, Revisión de rodamientos y chumaceras, Verificación del estado del sistema de acople a la red de ductos, Verificación del aislamiento térmico, Ajuste general de la unidad Revisión de la carga de refrigerante con manómetros, Revisión de tuberías para detectar posibles fugas, Inspección de mirillas de líquido para verificar estado de humedad en los circuitos, Verificación del estado del aislamiento térmico, Circuito de Refrigeración, Inspección visual de tuberías, Inspección y limpieza de conductos de expulsión de calor Revisión de válvulas de paso. Revisión Eléctrica Limpieza general de contactos eléctricos, fuerza y control de sulfatación de terminales, limpieza general de tableros, Ajuste de terminales eléctricos y de sulfatación, Verificación de la operación de sistemas de control, Ajuste del control de temperatura. | G80: 1 | H80: 1 | I80: 739537 | J80: =ROUND(I80*H80*G80,0) -> 739537
H82: TOTAL | J82: =SUM(J18:J80) -> 82348868
B90: FIRMA REPRESENTANTE LEGAL

Sheet 2. ING ELECTROMECA
B2: #VALUE! | D2: República de Colombia | I2: #VALUE!
D3: Instituto Colombiano de Antropología e Historia
D5: Formato de cotización
B7: Nombre o Razón Social | D7: INGENIEROS ELECTROMECANICOS SAS | H7: NIT | I7: 901512765
B8: Persona de contacto | D8: Carlos Fernando Rojas Tovar | H8: Teléfono celular | I8: 32123922389
B9: Correo electrónico | D9: comercial@ingelectromecanicos.com | H9: Teléfono fijo
B12: OBJETO: Prestar el servicio de mantenimiento preventivo y correctivo de los equipos especiales de las sedes del Instituto Colombiano de Antropología e Historia – ICANH a nivel nacional, que incluye equipos de bombeo, generadores eléctricos, sistemas de aire acondicionado, Red Contra Incendios (RCI) y sistemas de detección de incendios; así como el suministro e instalación de repuestos, partes y componentes requeridos.
B14: Instrucciones para el diligenciamiento de la cotización
B15: • Por favor diligenciar solo las celdas en AZUL. • Revisar todos los requerimientos que se exponen en los documentos técnico y formular su cotización en concordancia con este, de tal forma que cumplan con la necesidad del Instituto. • Los precios unitarios deberán ser expresado en PESOS COLOMBIANOS. • Los precios deberán aproximarse por exceso o por defecto al entero más cercano así: (i) si es igual o superior a 50 centavos, se aproxima al entero siguiente; (ii) si es inferior a 50 centavos se baja al entero anterior. • El formato contiene los insumos de costos estimados por el Instituto por lo tanto no se permite modificar, agregar o quitar ningún ítem o sub-ítem. • Los precios unitarios deben contemplar todos los rubros requeridos para la adecuada prestación del servicio y el cumplimiento de las obligaciones tributarias y contractuales como los son trazabilidad del servicio, equipo mínimo de trabajo, impuestos entre otros.
B17: ÍTEM | C17: SEDE | D17: DESCRIPCIÓN | E17: REFERENCIA | F17: ALCANCE MINIMO | G17: CANTIDAD DE EQUIPOS | H17: CANTIDAD DE MANTENIMIENTOS | I17: Precio unitario (Incluidos Impuestos) | J17: Precio total (Incluidos Impuestos)
B18: 1.1 | C18: PARQUE TEYUNA Parque Arqueológico Teyuna – Ciudad Perdida. Sierra Nevada de Santa Marta, Resguardo Kogüi-malayo -Arhuaco – Distrito Turístico, Cultural e Histórico de Santa Marta, Magdalena | D18: GENERADORE S ELÉCTRICOS | E18: Panel Solar Kyocera KC65 - Con accesorios | F18: Mantenimiento general del sistema de paneles solares, inlcuye limpeza general de equipos compuesto por 12 paneles solares y 8 baterias | G18: 1 | H18: 1 | I18: 2875000 | J18: =ROUND(I18*H18*G18,0) -> 2875000
E19: Planta eléctrica portátil Portel Cable 3.500 W | F19: Mantenimiento preventivo equipo portatil, incluye limpieza general de equipo (interior-exterior), mantenimiento de motor, cambio de aceite y filtro de aceite, sustitucion de filtro de aire del motor, cambio de correas de elementos auxiliares, mantenimiento del alternador inspeccion sistema de refigeracion y cambio de refigerante, servicio a la válvula de combustible, cambio de bujía y lo demas necesario para su correcto funcionamiento. | G19: 1 | H19: 1 | I19: 2640000 | J19: =ROUND(I19*H19*G19,0) -> 2640000
E20: Planta eléctrica Portel Cable 1200 W | F20: Mantenimiento preventivo equipo portatil, incluye limpieza general de equipo (interior-exterior), mantenimiento de motor, cambio de aceite y filtro de aceite, sustitucion de filtro de aire del motor, cambio de correas de elementos auxiliares, mantenimiento del alternador inspeccion sistema de refigeracion y cambio de refigerante, servicio a la válvula de combustible, cambio de bujía y lo demas necesario para su correcto funcionamiento. | G20: 1 | H20: 1 | I20: 2236000 | J20: =ROUND(I20*H20*G20,0) -> 2236000
B21: 1.2 | D21: MOTOBOMBA AUTOMÁTICA | E21: Motobomba Toolcraft Potencia máxima 4097w-Motor a gasolina | F21: Mantenimiento preventivo de equipo de bombeo incluye limpieza general del equipo, ajuste de contactos, revision de rodamientos y sello mecánico, lavado de embobinado de motor, revisión de parámetros y pruebas de aislamiento y lo demas necesario para su correcto funcionamiento. | G21: 1 | H21: 1 | I21: 1860000 | J21: =ROUND(I21*H21*G21,0) -> 1860000
B22: 1.3 | D22: EQUIPO DE SOLDADURA | E22: Maquina de soldadura TIG-220GP modelo TIG-220GP | F22: Mantenimiento preventivo de equipo de soldadura, incluye limpieza general del equipo (interior-exterior), revisión de conexiones eléctricas, verificación de componentes internos, inspección de cables y accesorios, pruebas de funcionamiento y ajustes básicos, así como las demás actividades necesarias para garantizar su correcto funcionamiento. | G22: 1 | H22: 1 | I22: 1450000 | J22: =ROUND(I22*H22*G22,0) -> 1450000
B23: 2.1 | C23: CASA ADMINISTRA TIVA SEDE SANTA MARTA Santa Marta "Calle 17 No. 3-72" | D23: GENERADORES ELÉCTRICOS | E23: Planta eléctrica portátil Portel Cable 3.500 W | F23: Mantenimiento preventivo equipo portatil, incluye limpieza general de equipo (interior-exterior), mantenimiento de motor, cambio de aceite y filtro de aceite, sustitucion de filtro de aire del motor, cambio de correas de elementos auxiliares, mantenimiento del alternador inspeccion sistema de refigeracion y cambio de refigerante, servicio a la válvula de combustible, cambio de bujía y lo demas necesario para su correcto funcionamiento. | G23: 1 | H23: 1 | I23: 1180000 | J23: =ROUND(I23*H23*G23,0) -> 1180000
B24: 2.2 | D24: AIRE ACONDICIONADO | E24: Aire acondicionado piso techo Ref / 12000 BTU | F24: Unidades Manejadoras Limpieza de bandeja de condensado, Limpieza de drenajes, Limpieza, sanitización e higienización serpentín evaporador, Mediciones de parámetros eléctricos, Revisión y limpieza de válvulas, Limpieza de filtros de aire, Revisión de lecturas eléctricas, temperatura, presiones alta y baja en circuitos de refrigeración, operación de motores y compresores. Unidades Condensadoras Limpieza y sanitización serpentín de la condensadora, Mediciones de parámetros eléctricos compresor, Revisión presiones de refrigerante de succión, descarga compresor con manómetros, Limpieza general de unidad, Verificación de niveles y presiones de aceite Verificación del estado de correas y poleas, Verificación del alineamiento de trasmisión de potencia, Revisión de rodamientos y chumaceras, Verificación del estado del sistema de acople a la red de ductos, Verificación del aislamiento térmico, Ajuste general de la unidad Revisión de la carga de refrigerante con manómetros, Revisión de tuberías para detectar posibles fugas, Inspección de mirillas de líquido para verificar estado de humedad en los circuitos, Verificación del estado del aislamiento térmico, Circuito de Refrigeración, Inspección visual de tuberías, Inspección y limpieza de conductos de expulsión de calor Revisión de válvulas de paso. Revisión Eléctrica Limpieza general de contactos eléctricos, fuerza y control de sulfatación de terminales, limpieza general de tableros, Ajuste de terminales eléctricos y de sulfatación, Verificación de la operación de sistemas de control, Ajuste del control de temperatura. | G24: 3 | H24: 1 | I24: 950000 | J24: =ROUND(I24*H24*G24,0) -> 2850000
E25: Aire acondicionado Wurden piso techo Inverter Ref / 18000 BTU | G25: 2 | H25: 1 | I25: 950000 | J25: =ROUND(I25*H25*G25,0) -> 1900000
E26: Aire acondicionado Wurden piso techo Inverter Ref / 24000 BTU | G26: 2 | H26: 1 | I26: 950000 | J26: =ROUND(I26*H26*G26,0) -> 1900000
E27: Aire acondicionado piso techo LG Ref AUNQ36EM / 36000 BTU | G27: 2 | H27: 1 | I27: 1956000 | J27: =ROUND(I27*H27*G27,0) -> 3912000
B28: 2.3 | D28: ELECTROBOMBA | E28: Electrobomba predollo modelo CPM620 TANQUE DE PRECIÓN MENBRANA DE 100 LITROS/ 1 HP | F28: Mantenimiento preventivo de sistema de presurizacion incluye limpieza general de equipos, ajuste de contactos, revision de rodamientos y sello mecánico, revision y mantenimiento de tanque hidroflo, ajuste de cableado, lavado de embobinado de motor, revisión de parámetros y pruebas de aislamiento y lo demas necesario para su correcto funcionamiento. | G28: 1 | H28: 1 | I28: 1723000 | J28: =ROUND(I28*H28*G28,0) -> 1723000
B29: 3.1 | C29: PARQUE ARQUEOLOGICO TIERRADENTRO Vereda El Escaño bajo (El Escaño Parque) – Resguardo San Andrés de Pisimbalá | D29: BOMBAS | E29: Motobomba Toolcraft Potencia máxima 4097w-Motor a gasolina | F29: Mantenimiento preventivo de equipo de bombeo incluye limpieza general del equipo, ajuste de contactos, revision de rodamientos y sello mecánico, lavado de embobinado de motor, revisión de parámetros y pruebas de aislamiento y lo demas necesario para su correcto funcionamiento. | G29: 1 | H29: 1 | I29: 1700000 | J29: =ROUND(I29*H29*G29,0) -> 1700000
B30: 3.2 | D30: COMPRESOR AIRE | E30: Compresor de aire marca Toolcraft de 2,5 HP | F30: Mantenimiento preventivo equipo compresor portatil incluye limpieza general del equipo, cambio de filtro, aceites, correa y rodamientos. | G30: 1 | H30: 1 | I30: 767000 | J30: =ROUND(I30*H30*G30,0) -> 767000
E31: Compresor de aire Siemens HP 1/2 RMP 1730 | F31: Mantenimiento preventivo equipo compresor portatil incluye limpieza general del equipo, cambio de filtro, aceites, correa y rodamientos. | G31: 1 | H31: 1 | I31: 380000 | J31: =ROUND(I31*H31*G31,0) -> 380000
B32: 3.3 | D32: GENERADORES ELÉCTRICOS | E32: Planta eléctrica portátil Portel Cable / 6500W / voltaje 110-220 /Combustible gasolina. | F32: Mantenimiento preventivo equipo portatil, incluye limpieza general de equipo ( interior-exterior), mantenimiento de motor, cambio de aceite y filtro de aceite, sustitucion de filtro de aire del motor, cambio de correas de elementos auxiliares, mantenimiento del alternador inspeccion sistema de refigeracion y cambio de refigerante, servicio a la válvula de combustible, cambio de bujía y lo demas necesario para su correcto funcionamiento. | G32: 1 | H32: 1 | I32: 2800000 | J32: =ROUND(I32*H32*G32,0) -> 2800000
E33: Planta eléctrica portátil Honda 650 / voltaje 110-220 / Combustible gasolina. | F33: Mantenimiento preventivo equipo portatil, incluye limpieza general de equipo ( interior-exterior), mantenimiento de motor, cambio de aceite y filtro de aceite, sustitucion de filtro de aire del motor, cambio de correas de elementos auxiliares, mantenimiento del alternador inspeccion sistema de refigeracion y cambio de refigerante, servicio a la válvula de combustible, cambio de bujía y lo demas necesario para su correcto funcionamiento. | G33: 1 | H33: 1 | I33: 825000 | J33: =ROUND(I33*H33*G33,0) -> 825000
E34: Planta eléctrica portátil Honda 950 / voltaje 110-220 / Combustible gasolina. | F34: Mantenimiento preventivo equipo portatil, incluye limpieza general de equipo ( interior-exterior), mantenimiento de motor, cambio de aceite y filtro de aceite, sustitucion de filtro de aire del motor, cambio de correas de elementos auxiliares, mantenimiento del alternador inspeccion sistema de refigeracion y cambio de refigerante, servicio a la válvula de combustible, cambio de bujía y lo demas necesario para su correcto funcionamiento. | G34: 1 | H34: 1 | I34: 1030000 | J34: =ROUND(I34*H34*G34,0) -> 1030000
B35: 4.1 | C35: PARQUE ALTO DE LOS ÍDOLOS ubicado en la Vereda Ídolos | D35: BOMBAS PRESURIZACI ÓN | E35: Sistema de presurización BARNES de dos (2) bombas Ref 1J6085 / Mod: AP2-HE 1.5 20- 1 -201 / 2 Hp / 220 V + tanque Hidroneumático + Presostato + Tablero de distribución | F35: Mantenimiento preventivo de sistema de presurizacion incluye limpieza general de equipos, ajuste de contactos, revision de rodamientos y sello mecánico, revision y mantenimiento de tanque hidroflo, ajuste de cableado, lavado de embobinado de motor, revisión de parámetros y pruebas de aislamiento y lo demas necesario para su correcto funcionamiento. | G35: 1 | H35: 2 | I35: 756000 | J35: =ROUND(I35*H35*G35,0) -> 1512000
B36: 4.2 | D36: BOMBAS SUMERGIBLES | E36: Sin especificaciones dos bombas sumergidas en un pozo | F36: Mantenimiento preventivo de sistema de subsión, incluye limpieza general de equipos, ajuste de contactos, revision de rodamientos y sello mecánico, revision y mantenimiento de tanque hidroflo, ajuste de cableado, lavado de embobinado de motor, revisión de parámetros y pruebas de aislamiento y lo demas necesario para su correcto funcionamiento. | G36: 2 | H36: 2 | I36: 780000 | J36: =ROUND(I36*H36*G36,0) -> 3120000
B37: 4.3 | D37: TABLERO DE DISTRIBUCIÓN GENERAL, | E37: Tablero distribución, Tensión de servicio 208/120v. Tensión nominal 600V. Corriente de corto 70KA. Corriente nominal 400AMP. Serial del tablero IP-B427/2020.Fases 3. Hilos 5 | F37: Mantenimiento en general todos los elementos que integran el tablero, Registro de datos del tablero correspondiente, Registro de datos del tablero correspondiente. Maniobras de des-energización y puesta a tierra, Revisión y limpieza del gabinete, cables, aisladores, interruptores electromagnéticos, termomagnéticos y demás componentes que integran el tablero, Revisión del sistema de tierras y apriete de conexiones en general, Pruebas de operación mecánica de interruptor(es) principal(es) y derivados, Medición de resistencia de aislamiento de interruptores electromagnéticos (megóhmetro), Revisión final, retiro de puesta a tierra y energización. | G37: 1 | H37: 1 | I37: 750000 | J37: =ROUND(I37*H37*G37,0) -> 750000
D38: TRANSFERENCIA AUTOMÁTICA | E38: Transferencia motorizada, Tensión de servicio 208/120v. Tensión nominal 600V. Corriente de corto 70KA. Corriente nominal 400AMP. Serial del tablero IP- B427/2020.Fases 3. Hilos 5 | G38: 1 | H38: 1 | I38: 750000 | J38: =ROUND(I38*H38*G38,0) -> 750000
B39: 4.4 | D39: GENERADORE S ELÉCTRICOS | E39: Planta eléctrica tipo cabinado Jeilyfish Power de 100KVA / voltaje 220V / altura 1000 mts | F39: Limpieza en general, ajuste de contactos, revisión de voltajes, corriente, cambio de aceite y filtros, cambio de refrigerante, pruebas de funcionamiento en vacío y lo demas necesario para su correcto funcionamiento. | G39: 1 | H39: 1 | I39: 1400000 | J39: =ROUND(I39*H39*G39,0) -> 1400000
E40: Planta eléctrica portátil KT 3500 - 3,2 KW / Voltaje 110-220, combustible gasolina | F40: Mantenimiento preventivo equipo portatil, incluye limpieza general de equipo (interior-exterior), mantenimiento de motor, cambio de aceite y filtro de aceite, sustitucion de filtro de aire del motor, cambio de correas de elementos auxiliares, mantenimiento del alternador inspeccion sistema de refigeracion y cambio de refigerante, servicio a la válvula de combustible, cambio de bujía y lo demas necesario para su correcto funcionamiento. | G40: 1 | H40: 1 | I40: 840000 | J40: =ROUND(I40*H40*G40,0) -> 840000
E41: Planta eléctrica portátil FG 1250 - 1200 W, Voltaje 110-220, combustible gasolina | F41: Mantenimiento preventivo equipo portatil, incluye limpieza general de equipo (interior-exterior), mantenimiento de motor, cambio de aceite y filtro de aceite, sustitucion de filtro de aire del motor, cambio de correas de elementos auxiliares, mantenimiento del alternador inspeccion sistema de refigeracion y cambio de refigerante, servicio a la válvula de combustible, cambio de bujía y lo demas necesario para su correcto funcionamiento. | G41: 1 | H41: 1 | I41: 650000 | J41: =ROUND(I41*H41*G41,0) -> 650000
B42: 4.5 | D42: MOTOBOMBA A GASOLINA | E42: Motobomba Globalmeq. Model KGP 30. FLOW 60 M3/H. LIFT 35m. SUCTION HEIGHT 8m. OUTIETSIZE 80mm. INIET SIZE 80mm. Motor 7.0 HP A GASOLINA | F42: Mantenimiento preventivo equipo portatil, incluye limpieza general de equipo (interior-exterior), mantenimiento de motor, cambio de aceite y filtro de aceite, sustitucion de filtro de aire del motor, inspeccion sistema de refigeracion y cambio de refigerante y lo demas necesario para su corrector funcionamiento. | G42: 1 | H42: 1 | I42: 689000 | J42: =ROUND(I42*H42*G42,0) -> 689000
B43: 4.6 | D43: AIRES ACONDICIONADOS | E43: Aire acondicionado PANASONIC CS-YS18VKV-8 - 1552 KW, Frecuencia 60HZ. Voltaje 220V. Potencia Nominal 1.552KW. Capacidad 5043W. Índice de eficiencia energía 3.25W./ WE. Entrada de alimentación 1552W. | F43: Unidades Manejadoras Limpieza de bandeja de condensado, Limpieza de drenajes, Limpieza, sanitización e higienización serpentín evaporador, Mediciones de parámetros eléctricos, Revisión y limpieza de válvulas, Limpieza de filtros de aire, Revisión de lecturas eléctricas, temperatura, presiones alta y baja en circuitos de refrigeración, operación de motores y compresores. Unidades Condensadoras Limpieza y sanitización serpentín de la condensadora, Mediciones de parámetros eléctricos compresor, Revisión presiones de refrigerante de succión, descarga compresor con manómetros, Limpieza general de unidad, Verificación de niveles y presiones de aceite Verificación del estado de correas y poleas, Verificación del alineamiento de trasmisión de potencia, Revisión de rodamientos y chumaceras, Verificación del estado del sistema de acople a la red de ductos, Verificación del aislamiento térmico, Ajuste general de la unidad Revisión de la carga de refrigerante con manómetros, Revisión de tuberías para detectar posibles fugas, Inspección de mirillas de líquido para verificar estado de humedad en los circuitos, Verificación del estado del aislamiento térmico, Circuito de Refrigeración, Inspección visual de tuberías, Inspección y limpieza de conductos de expulsión de calor Revisión de válvulas de paso. Revisión Eléctrica Limpieza general de contactos eléctricos, fuerza y control de sulfatación de terminales, limpieza general de tableros, Ajuste de terminales eléctricos y de sulfatación, Verificación de la operación de sistemas de control, Ajuste del control de temperatura. | G43: 1 | H43: 1 | I43: 980000 | J43: =ROUND(I43*H43*G43,0) -> 980000
B44: 4.7 | D44: UPS ELÉCTRICA | E44: UPS marca PEI Potencia 3.000VA Frecuencia 60 Hz THD: <3% Numero de fases una (1) Voltaje de entrada 120 VAC +20, -25% Voltaje de salida 120 VAC +/-2% Voltaje de baterías 72 VDC | F44: Mantenimiento preventivo equipo fijo, incluye limpieza general de equipo (interior-exterior), mantenimiento de de baterias, verificación de entrada y salida, configuración del equipo. Cambio de baterias si es necesario. | G44: 3 | H44: 1 | I44: 2100000 | J44: =ROUND(I44*H44*G44,0) -> 6300000
E45: UPS marca PEI Potencia 10.000VA Frecuencia 60 Hz, THD: <3%, Numero de fases dos (2) Voltaje de entrada 208 VAC +20, -25%, Voltaje de baterías 192 VDC, Voltaje de salida 240/120 VAC +/-1% | F45: Mantenimiento preventivo equipo fijo, incluye limpieza general de equipo (interior-exterior), mantenimiento de de baterias, verificación de entrada y salida, configuración del equipo. Cambio de baterias si es necesario. | G45: 1 | H45: 1 | I45: 2200000 | J45: =ROUND(I45*H45*G45,0) -> 2200000
B46: 4.8 | D46: SISTEMA DE DETECCION Y ALARMA CONTRA INCENDIO | E46: Panel central de detección VS SERIES ref VS4-(G/R)(D)(-PG/-SP) / 110 V | F46: Inspección pruebas y mantenimientos de sistemas de detección, alarma, extinción y protección contra incendio, incluye limpieza e inspeccion visual, pruebas funcionales, pruebas de sensibilidad, | G46: 1 | H46: 1 | I46: 150000 | J46: =ROUND(I46*H46*G46,0) -> 150000
E47: Sirena Kidde con luz estroboscópica | G47: 10 | H47: 1 | I47: 100000 | J47: =ROUND(I47*H47*G47,0) -> 1000000
E48: Estación manual de alarma | G48: 5 | H48: 1 | I48: 120000 | J48: =ROUND(I48*H48*G48,0) -> 600000
E49: Sensor humo fotoeléctrico | G49: 10 | H49: 1 | I49: 120000 | J49: =ROUND(I49*H49*G49,0) -> 1200000
E50: Modulo indicador, BOSCH de la serie DS7400Xi o similar | G50: 1 | H50: 1 | I50: 150000 | J50: =ROUND(I50*H50*G50,0) -> 150000
E51: Rociador Pendent K=5,6 Respuesta Rápida (QR) UL/FM | G51: 30 | H51: 1 | I51: 100000 | J51: =ROUND(I51*H51*G51,0) -> 3000000
B52: 5.1 | C52: PARQUE ARQUEOLOGICO SAN AGUSTIN Km 3 Vía San Agustín – Parque Arqueológico | D52: BOMBAS | E52: Motobomba Gasolina Honda Gp 3x3 Pulgadas, sistema de arranque manual | F52: Mantenimiento preventivo equipo portatil, incluye limpieza general de equipo (interior-exterior), mantenimiento de motor, cambio de aceite y filtro de aceite, sustitucion de filtro de aire del motor, inspeccion sistema de refigeracion y cambio de refigerante,cambio de bujía y lo demas necesario para su corrector funcionamiento. | G52: 1 | H52: 1 | I52: 1800000 | J52: =ROUND(I52*H52*G52,0) -> 1800000
E53: Bomba Succión Barmesa Modelo IA4-7,5-4 / motor WEG W 22 / 7.5 Hp / V 220 / | F53: Mantenimiento preventivo equipo portatil, incluye limpieza general de equipo (interior-exterior), mantenimiento de motor, cambio de aceite y filtro de aceite, sustitucion de filtro de aire del motor, inspeccion sistema de refigeracion y cambio de refigerante,cambio de bujía y lo demas necesario para su corrector funcionamiento. | G53: 2 | H53: 1 | I53: 1150000 | J53: =ROUND(I53*H53*G53,0) -> 2300000
E54: Barnes, modelo GE3C75-4 / 7,5 Hp / V 220- 440 / D succión 4" / D descarga 3" + Tablero de distribución | F54: Mantenimiento preventivo del sistema de bombeo lavapatas, incluye limpieza general de equipos, ajuste de contactos, revision de rodamientos y sello mecánico, ajuste de cableado, revisión de parámetros, pruebas de aislamiento y lo demas necesario para su correcto funcionamiento. | G54: 2 | H54: 1 | I54: 650000 | J54: =ROUND(I54*H54*G54,0) -> 1300000
B55: 5.2 | D55: SISTEMA PRESURIZADO R | E55: Sistema de presurización WEG de dos (2) bombas Ref / 1,5 Hp / 220 V + tanque Hidroneumático + Presostato + Tablero de distribución | F55: Mantenimiento preventivo de sistema de presurizacion incluye limpieza general de equipos, ajuste de contactos, revision de rodamientos y sello mecánico, revision y mantenimiento de tanque hidroflo, ajuste de cableado, lavado de embobinado de motor, revisión de parámetros y pruebas de aislamiento y lo demas necesario para su correcto funcionamiento. | G55: 1 | H55: 1 | I55: 650000 | J55: =ROUND(I55*H55*G55,0) -> 650000
B56: 5.3 | D56: COMPRESOR DE AIRE | E56: Compresor de aire Mawell HP 1/2 RMP / 30 lbs | F56: Mantenimiento preventivo equipo compresor portatil incluye limpieza general del equipo, cambio de filtro, aceites, correa, rodamientos y lo demas necesario para su correcto funcionamiento. | G56: 1 | H56: 1 | I56: 300000 | J56: =ROUND(I56*H56*G56,0) -> 300000
B57: 5.4 | D57: CALENTADOR DE AGUA | E57: Calentador de agua marca Haceb corriente 220 V / 75,7 lts | F57: Mantenimiento general de calentador de agua incluye limpeza general (interna-externa ) del equipo | G57: 3 | H57: 1 | I57: 180000 | J57: =ROUND(I57*H57*G57,0) -> 540000
B58: 5.5 | D58: TABLERO PRINCIPAL | E58: Tablero general de distribución y unidad de medida 100 AMP | F58: Desmonte y cambio de gabinete de distribucion general y unidad de medida, incluye mantenimeinto general de las piezas internas demonstadas, distribucion de barraje, cableado y totalizadores con los elemtos existentes de aceurdo a la normatividad vigente. | G58: 1 | H58: 1 | I58: 850000 | J58: =ROUND(I58*H58*G58,0) -> 850000
B59: 5.6 | D59: GENERADORE S ELÉCTRICOS | E59: Planta eléctrica tipo cabinado Generatin Set Model T30X de 30KVA / voltaje 220V /110; Dimensiones 2152 x 885 x 1106 mm | F59: Limpieza en general, ajuste de contactos, revisión de voltajes, corriente, cambio de aceite y filtros, cambio de refrigerante, pruebas de funcionamiento en vacío y lo demas necesario para su correcto funcionamiento. | G59: 1 | H59: 1 | I59: 900000 | J59: =ROUND(I59*H59*G59,0) -> 900000
E60: Planta eléctrica portátil Portel Cable / 6500W / voltaje 110-220 /Combustible gasolina. | G60: 2 | H60: 1 | I60: 650000 | J60: =ROUND(I60*H60*G60,0) -> 1300000
B61: 5.7 | D61: PLANTA ELECTRICA | E61: Planta electrica tipo cabinado E-PRO Model T30X SERIE TPSO1FJ180328 de 30KVA / voltaje 220V /110; Dimensiones 2152 x 885 x 1106 mm | F61: Mantenimiento preventivo equipo portatil, incluye limpieza general de equipo (interior-exterior), mantenimiento de motor, cambio de aceite y filtro de aceite, sustitucion de filtro de aire del motor, cambio de correas de elementos auxiliares, mantenimiento del alternador inspeccion sistema de refigeracion y cambio de refigerante, servicio a la válvula de combustible, cambio de bujía y lo demas necesario para su correcto funcionamiento. | G61: 1 | H61: 1 | I61: 1400000 | J61: =ROUND(I61*H61*G61,0) -> 1400000
B62: 6.1 | C62: SEDE GREGORIO HERNANDEZ DE ALBA calle 12 No 2– 38 | D62: SISTEMA DE DETECCIÓN Y ALARMA CONTRA INCENDIO | E62: Panel central de detección VS SERIES ref VS4-(G/R)(D)(-PG/-SP) / 110 V | F62: Inspección pruebas y mantenimientos de sistemas de detección, alarma, extinción y protección contra incendio, incluye limpieza e inspeccion visual, pruebas funcionales, pruebas de sensibilidad, | G62: 1 | H62: 1 | I62: 150000 | J62: =ROUND(I62*H62*G62,0) -> 150000
E63: Sirena Kidde con luz estroboscópica | G63: 13 | H63: 1 | I63: 120000 | J63: =ROUND(I63*H63*G63,0) -> 1560000
E64: Estación manual de alarma | G64: 13 | H64: 1 | I64: 120000 | J64: =ROUND(I64*H64*G64,0) -> 1560000
E65: Sensor humo fotoeléctrico | G65: 77 | H65: 1 | I65: 100000 | J65: =ROUND(I65*H65*G65,0) -> 7700000
E66: Modulo indicador, BOSCH de la serie DS7400Xi o similar | G66: 4 | H66: 1 | I66: 120000 | J66: =ROUND(I66*H66*G66,0) -> 480000
B67: 6.2 | D67: SISTEMA DE EXTINCIÓN | E67: Rociador Pendent K=5,6 Respuesta Rápida (QR) UL/FM | G67: 118 | H67: 1 | I67: 100000 | J67: =ROUND(I67*H67*G67,0) -> 11800000
B68: 6.3 | D68: GENERADORES ELÉCTRICOS | E68: Planta Eléctrica tipo cabinado PEL Power Sistems de 150 KVA efectivos altura Bogotá / motor WEIFFANG modelo R6105BZLDS2/ Trifásica / 220 V/ tanque interno para suministro de combustible (Diesel) por 8 horas | F68: Limpieza en general, ajuste de contactos, revisión de voltajes, corriente, cambio de aceite y filtros, cambio de refrigerante, pruebas de funcionamiento en vacío y lo demas necesario para su correcto funcionamiento. | G68: 1 | H68: 1 | I68: 3100000 | J68: =ROUND(I68*H68*G68,0) -> 3100000
B69: 6.4 | D69: TRANSFERENCIA AUTOMÁTICA | E69: Transferencia automática in = 400A / 220V 208V, incluye breakers tipo industrial de 3 x 450 A y 3 x 400 A | F69: Mantenimiento en general todos los elementos que integran el tablero, Registro de datos del tablero correspondiente, Registro de datos del tablero correspondiente. Maniobras de des-energización y puesta a tierra, Revisión y limpieza del gabinete, cables, aisladores, interruptores electromagnéticos, termomagnéticos y demás componentes que integran el tablero, Revisión del sistema de tierras y apriete de conexiones en general, Pruebas de operación mecánica de interruptor(es) principal(es) y derivados, Medición de resistencia de aislamiento de interruptores electromagnéticos (megóhmetro), Revisión final, retiro de puesta a tierra y energización. | G69: 1 | H69: 1 | I69: 3200000 | J69: =ROUND(I69*H69*G69,0) -> 3200000
B70: 6.5 | D70: TABLERO GENERAL DE DISTRIBUCIÓN | E70: Tablero de distribución general, Incluye totalizador 3 x 450 A-25k A, breaker de protección para cada carga, contactor de control de enclavamiento con el sistema de bombas contra incendio y DPS categoría C 4 hilos para 20 kA drenaje de neutro. | G70: 1 | H70: 1 | I70: 2800000 | J70: =ROUND(I70*H70*G70,0) -> 2800000
B71: 6.6 | D71: SISTEMA EYECTOR | E71: Sistema de Bombeo eyector sumergible el cual se compone de 4 equipos de 1 Hp | F71: Mantenimiento preventivo de dos sistemas eyectores, incluye limpieza general de equipos, ajuste de contactos, revision de rodamientos y sello mecánico, ajuste de cableado, revisión de parámetros, pruebas de aislamiento y lo demas necesario para su correcto funcionamiento. | G71: 1 | H71: 1 | I71: 800000 | J71: =ROUND(I71*H71*G71,0) -> 800000
B72: 6.7 | D72: SISTEMA BOMBEO RCI | E72: BOMBA JOCKEY: Marca: VM 55 2-180 | Modelo: TURE | Serie: 2100 39130 | Succión: 5"-6" | Descarga: 3"-6" | ADT: 212 M | Caudal: 2 m³/h | RPM: 3500 | Motor Marca: TPI MOTOR | Motor Modelo: YEZ-112 M-2 | Motor Serie: 2AOJ22 506 V2KK | Potencia: 4 kW | Voltaje: 220 V | Amperaje: 13,9 A | Motor RPM: 3500 | Tablero Marca: TORNATECH INC | Tablero Serie: JP3-20817,5/3/60 | Voltaje Placa: 20 B | Voltaje Red: 212,3 | Amperaje Placa: 24,2 | Amperaje Red: 15,1 | F72: Mantenimiento preventivo del sistema de RCI, incluye limpieza general de equipos, ajuste de contactos, revision de rodamientos y sello mecánico, ajuste de cableado, revisión de parámetros, pruebas de aislamiento y lo demas necesario para su correcto funcionamiento. | G72: 1 | H72: 1 | I72: 2000000 | J72: =ROUND(I72*H72*G72,0) -> 2000000
E73: BOMBA PRINCIPAL: Marca: PATTERSON | Modelo: 5 x 3 11A VIP | Serie: FP-C0002091 54-01-01 | Succión: 5"-6" | Descarga: 3"-6" | ADT: 98 M | Caudal: 500 GPM | RPM: 3565 | Motor Marca: WEG | Motor Modelo: WHO | Motor Serie: 14829612 | Potencia: 758 HP | Voltaje: 220 V | Amperaje: 196 A | Motor RPM: 3550 | Tablero Marca: TORNATECH | Tablero Serie: W21216508 | Voltaje Placa: 208 | Voltaje Red: 212,8 | Amperaje Placa: 211 | Amperaje Red: 180 | G73: 1 | H73: 1 | I73: 2500000 | J73: =ROUND(I73*H73*G73,0) -> 2500000
B74: 6.8 | D74: AIRES ACONDICIONADOS | E74: Aire acondicionado Wurden piso techo Inverter Ref / 24000 BTU | F74: Unidades Manejadoras Limpieza de bandeja de condensado, Limpieza de drenajes, Limpieza, sanitización e higienización serpentín evaporador, Mediciones de parámetros eléctricos, Revisión y limpieza de válvulas, Limpieza de filtros de aire, Revisión de lecturas eléctricas, temperatura, presiones alta y baja en circuitos de refrigeración, operación de motores y compresores. Unidades Condensadoras Limpieza y sanitización serpentín de la condensadora, Mediciones de parámetros eléctricos compresor, Revisión presiones de refrigerante de succión, descarga compresor con manómetros, Limpieza general de unidad, Verificación de niveles y presiones de aceite Verificación del estado de correas y poleas, Verificación del alineamiento de trasmisión de potencia, Revisión de rodamientos y chumaceras, Verificación del estado del sistema de acople a la red de ductos, Verificación del aislamiento térmico, Ajuste general de la unidad Revisión de la carga de refrigerante con manómetros, Revisión de tuberías para detectar posibles fugas, Inspección de mirillas de líquido para verificar estado de humedad en los circuitos, Verificación del estado del aislamiento térmico, Circuito de Refrigeración, Inspección visual de tuberías, Inspección y limpieza de conductos de expulsión de calor Revisión de válvulas de paso. Revisión Eléctrica Limpieza general de contactos eléctricos, fuerza y control de sulfatación de terminales, limpieza general de tableros, Ajuste de terminales eléctricos y de sulfatación, Verificación de la operación de sistemas de control, Ajuste del control de temperatura. | G74: 1 | H74: 1 | I74: 1200000 | J74: =ROUND(I74*H74*G74,0) -> 1200000
B75: 7.1 | C75: PARQUE ARQUEOLOGICO SANTA MARIA LA ANTIGUA DEL DARIEN Vereda Santuario, corregimiento de Tanela | D75: GENERADORES ELECTRICOS | E75: Sistema Híbrido OFF-GRID con Batería de Litio 6500W / 29.890Wh-día 14 x Panel Solar Bifacial 610W N-Type 14 x Panel Solar Bifacial 610W N-Type con accesorios | F75: Mantenimiento general del sistema de paneles solares, inlcuye limpeza general de equipos compuesto por 12 paneles solares y 8 baterias | G75: 1 | H75: 1 | I75: 2875000 | J75: =ROUND(I75*H75*G75,0) -> 2875000
B76: 7.2 | D76: BOMBAS | E76: MOTOBOMBA POWERMASTER 6,5 HP A GASOLINA SALIDA DE 2" | F76: Mantenimiento preventivo equipo portatil, incluye limpieza general de equipo (interior-exterior), mantenimiento de motor, cambio de aceite y filtro de aceite, sustitucion de filtro de aire del motor, inspeccion sistema de refigeracion y cambio de refigerante,cambio de bujía y lo demas necesario para su corrector funcionamiento. | G76: 1 | H76: 1 | I76: 1960000 | J76: =ROUND(I76*H76*G76,0) -> 1960000
B77: 7.3 | D77: COMPRESOR AIRE | E77: Compresor de aire marca Toolcraft de 1,5 HP | F77: Mantenimiento preventivo equipo compresor portatil incluye limpieza general del equipo, cambio de filtro, aceites, correa y rodamientos. | G77: 1 | H77: 1 | I77: 400000 | J77: =ROUND(I77*H77*G77,0) -> 400000
B78: 7.4 | D78: GENERADORES ELECTRICOS | E78: Planta eléctrica portátil KTC 3500 - 3,2 KW / Voltaje 110-220, combustible gasolina | F78: Mantenimiento preventivo equipo portatil, incluye limpieza general de equipo (interior-exterior), mantenimiento de motor, cambio de aceite y filtro de aceite, sustitucion de filtro de aire del motor, cambio de correas de elementos auxiliares, mantenimiento del alternador inspeccion sistema de refigeracion y cambio de refigerante, servicio a la válvula de combustible, cambio de bujía y lo demas necesario para su correcto funcionamiento. | G78: 1 | H78: 1 | I78: 2515000 | J78: =ROUND(I78*H78*G78,0) -> 2515000
E79: Planta eléctrica portátil FG 1250 - 1200 W, Voltaje 110-220, combustible gasolina | F79: Mantenimiento preventivo equipo portatil, incluye limpieza general de equipo (interior-exterior), mantenimiento de motor, cambio de aceite y filtro de aceite, sustitucion de filtro de aire del motor, cambio de correas de elementos auxiliares, mantenimiento del alternador inspeccion sistema de refigeracion y cambio de refigerante, servicio a la válvula de combustible, cambio de bujía y lo demas necesario para su correcto funcionamiento. | G79: 1 | H79: 1 | I79: 1945000 | J79: =ROUND(I79*H79*G79,0) -> 1945000
B80: 8.1 | C80: SEDE ADMINISTRATIVA SAN JOSE DEL GUAVIARE Carrera 21 5- 15 | D80: AIRES ACONDICIONADOS | E80: Aire acondicionado Mirage Life+ piso techo Ref / 12000 BTU | F80: Unidades Manejadoras Limpieza de bandeja de condensado, Limpieza de drenajes, Limpieza, sanitización e higienización serpentín evaporador, Mediciones de parámetros eléctricos, Revisión y limpieza de válvulas, Limpieza de filtros de aire, Revisión de lecturas eléctricas, temperatura, presiones alta y baja en circuitos de refrigeración, operación de motores y compresores. Unidades Condensadoras Limpieza y sanitización serpentín de la condensadora, Mediciones de parámetros eléctricos compresor, Revisión presiones de refrigerante de succión, descarga compresor con manómetros, Limpieza general de unidad, Verificación de niveles y presiones de aceite Verificación del estado de correas y poleas, Verificación del alineamiento de trasmisión de potencia, Revisión de rodamientos y chumaceras, Verificación del estado del sistema de acople a la red de ductos, Verificación del aislamiento térmico, Ajuste general de la unidad Revisión de la carga de refrigerante con manómetros, Revisión de tuberías para detectar posibles fugas, Inspección de mirillas de líquido para verificar estado de humedad en los circuitos, Verificación del estado del aislamiento térmico, Circuito de Refrigeración, Inspección visual de tuberías, Inspección y limpieza de conductos de expulsión de calor Revisión de válvulas de paso. Revisión Eléctrica Limpieza general de contactos eléctricos, fuerza y control de sulfatación de terminales, limpieza general de tableros, Ajuste de terminales eléctricos y de sulfatación, Verificación de la operación de sistemas de control, Ajuste del control de temperatura. | G80: 1 | H80: 1 | I80: 2300000 | J80: =ROUND(I80*H80*G80,0) -> 2300000
H82: TOTAL | J82: =SUM(J18:J80) -> 119504000
B90: FIRMA REPRESENTANTE LEGAL

Sheet 3. EM 2025 + IPC
B2: #VALUE! | D2: República de Colombia | I2: #VALUE!
D3: Instituto Colombiano de Antropología e Historia
D5: Formato de cotización
B7: Nombre o Razón Social | H7: NIT
B8: Persona de contacto | H8: Teléfono celular
B9: Correo electrónico | H9: Teléfono fijo
B12: OBJETO: Prestar el servicio de mantenimiento preventivo y correctivo de los equipos especiales de las sedes del Instituto Colombiano de Antropología e Historia – ICANH a nivel nacional, que incluye equipos de bombeo, generadores eléctricos, sistemas de aire acondicionado, Red Contra Incendios (RCI) y sistemas de detección de incendios; así como el suministro e instalación de repuestos, partes y componentes requeridos.
B14: Instrucciones para el diligenciamiento de la cotización
B15: • Por favor diligenciar solo las celdas en AZUL. • Revisar todos los requerimientos que se exponen en los documentos técnico y formular su cotización en concordancia con este, de tal forma que cumplan con la necesidad del Instituto. • Los precios unitarios deberán ser expresado en PESOS COLOMBIANOS. • Los precios deberán aproximarse por exceso o por defecto al entero más cercano así: (i) si es igual o superior a 50 centavos, se aproxima al entero siguiente; (ii) si es inferior a 50 centavos se baja al entero anterior. • El formato contiene los insumos de costos estimados por el Instituto por lo tanto no se permite modificar, agregar o quitar ningún ítem o sub-ítem. • Los precios unitarios deben contemplar todos los rubros requeridos para la adecuada prestación del servicio y el cumplimiento de las obligaciones tributarias y contractuales como los son trazabilidad del servicio, equipo mínimo de trabajo, impuestos entre otros.
B17: ÍTEM | C17: SEDE | D17: DESCRIPCIÓN | E17: REFERENCIA | F17: ALCANCE MINIMO | G17: CANTIDAD DE EQUIPOS | H17: CANTIDAD DE MANTENIMIENTOS | I17: Precio unitario (Incluidos Impuestos) | J17: Precio total (Incluidos Impuestos)
B18: 1.1 | C18: PARQUE TEYUNA Parque Arqueológico Teyuna – Ciudad Perdida. Sierra Nevada de Santa Marta, Resguardo Kogüi-malayo -Arhuaco – Distrito Turístico, Cultural e Histórico de Santa Marta, Magdalena | D18: GENERADORE S ELÉCTRICOS | E18: Panel Solar Kyocera KC65 - Con accesorios | F18: Mantenimiento general del sistema de paneles solares, inlcuye limpeza general de equipos compuesto por 12 paneles solares y 8 baterias | G18: 1 | H18: 1 | I18: 2545125 | J18: =ROUND(I18*H18*G18,0) -> 2545125
E19: Planta eléctrica portátil Portel Cable 3.500 W | F19: Mantenimiento preventivo equipo portatil, incluye limpieza general de equipo (interior-exterior), mantenimiento de motor, cambio de aceite y filtro de aceite, sustitucion de filtro de aire del motor, cambio de correas de elementos auxiliares, mantenimiento del alternador inspeccion sistema de refigeracion y cambio de refigerante, servicio a la válvula de combustible, cambio de bujía y lo demas necesario para su correcto funcionamiento. | G19: 1 | H19: 1 | I19: 2362541 | J19: =ROUND(I19*H19*G19,0) -> 2362541
E20: Planta eléctrica Portel Cable 1200 W | F20: Mantenimiento preventivo equipo portatil, incluye limpieza general de equipo (interior-exterior), mantenimiento de motor, cambio de aceite y filtro de aceite, sustitucion de filtro de aire del motor, cambio de correas de elementos auxiliares, mantenimiento del alternador inspeccion sistema de refigeracion y cambio de refigerante, servicio a la válvula de combustible, cambio de bujía y lo demas necesario para su correcto funcionamiento. | G20: 1 | H20: 1 | I20: 1852125 | J20: =ROUND(I20*H20*G20,0) -> 1852125
B21: 1.2 | D21: MOTOBOMBA AUTOMÁTICA | E21: Motobomba Toolcraft Potencia máxima 4097w-Motor a gasolina | F21: Mantenimiento preventivo de equipo de bombeo incluye limpieza general del equipo, ajuste de contactos, revision de rodamientos y sello mecánico, lavado de embobinado de motor, revisión de parámetros y pruebas de aislamiento y lo demas necesario para su correcto funcionamiento. | G21: 1 | H21: 1 | I21: 1568985 | J21: =ROUND(I21*H21*G21,0) -> 1568985
B22: 1.3 | D22: EQUIPO DE SOLDADURA | E22: Maquina de soldadura TIG-220GP modelo TIG-220GP | F22: Mantenimiento preventivo de equipo de soldadura, incluye limpieza general del equipo (interior-exterior), revisión de conexiones eléctricas, verificación de componentes internos, inspección de cables y accesorios, pruebas de funcionamiento y ajustes básicos, así como las demás actividades necesarias para garantizar su correcto funcionamiento. | G22: 1 | H22: 1 | J22: =ROUND(I22*H22*G22,0) -> 0
B23: 2.1 | C23: CASA ADMINISTRA TIVA SEDE SANTA MARTA Santa Marta "Calle 17 No. 3-72" | D23: GENERADORES ELÉCTRICOS | E23: Planta eléctrica portátil Portel Cable 3.500 W | F23: Mantenimiento preventivo equipo portatil, incluye limpieza general de equipo (interior-exterior), mantenimiento de motor, cambio de aceite y filtro de aceite, sustitucion de filtro de aire del motor, cambio de correas de elementos auxiliares, mantenimiento del alternador inspeccion sistema de refigeracion y cambio de refigerante, servicio a la válvula de combustible, cambio de bujía y lo demas necesario para su correcto funcionamiento. | G23: 1 | H23: 1 | I23: 1254452 | J23: =ROUND(I23*H23*G23,0) -> 1254452
B24: 2.2 | D24: AIRE ACONDICIONADO | E24: Aire acondicionado piso techo Ref / 12000 BTU | F24: Unidades Manejadoras Limpieza de bandeja de condensado, Limpieza de drenajes, Limpieza, sanitización e higienización serpentín evaporador, Mediciones de parámetros eléctricos, Revisión y limpieza de válvulas, Limpieza de filtros de aire, Revisión de lecturas eléctricas, temperatura, presiones alta y baja en circuitos de refrigeración, operación de motores y compresores. Unidades Condensadoras Limpieza y sanitización serpentín de la condensadora, Mediciones de parámetros eléctricos compresor, Revisión presiones de refrigerante de succión, descarga compresor con manómetros, Limpieza general de unidad, Verificación de niveles y presiones de aceite Verificación del estado de correas y poleas, Verificación del alineamiento de trasmisión de potencia, Revisión de rodamientos y chumaceras, Verificación del estado del sistema de acople a la red de ductos, Verificación del aislamiento térmico, Ajuste general de la unidad Revisión de la carga de refrigerante con manómetros, Revisión de tuberías para detectar posibles fugas, Inspección de mirillas de líquido para verificar estado de humedad en los circuitos, Verificación del estado del aislamiento térmico, Circuito de Refrigeración, Inspección visual de tuberías, Inspección y limpieza de conductos de expulsión de calor Revisión de válvulas de paso. Revisión Eléctrica Limpieza general de contactos eléctricos, fuerza y control de sulfatación de terminales, limpieza general de tableros, Ajuste de terminales eléctricos y de sulfatación, Verificación de la operación de sistemas de control, Ajuste del control de temperatura. | G24: 1 | H24: 3 | I24: 811252 | J24: =ROUND(I24*H24*G24,0) -> 2433756
E25: Aire acondicionado Wurden piso techo Inverter Ref / 18000 BTU | G25: 3 | H25: 3 | I25: 811252 | J25: =ROUND(I25*H25*G25,0) -> 7301268
E26: Aire acondicionado Wurden piso techo Inverter Ref / 24000 BTU | G26: 1 | H26: 3 | I26: 811252 | J26: =ROUND(I26*H26*G26,0) -> 2433756
E27: Aire acondicionado piso techo LG Ref AUNQ36EM / 36000 BTU | G27: 2 | H27: 3 | I27: 2125450 | J27: =ROUND(I27*H27*G27,0) -> 12752700
B28: 2.3 | D28: ELECTROBOMBA | E28: Electrobomba predollo modelo CPM620 TANQUE DE PRECIÓN MENBRANA DE 100 LITROS/ 1 HP | F28: Mantenimiento preventivo de sistema de presurizacion incluye limpieza general de equipos, ajuste de contactos, revision de rodamientos y sello mecánico, revision y mantenimiento de tanque hidroflo, ajuste de cableado, lavado de embobinado de motor, revisión de parámetros y pruebas de aislamiento y lo demas necesario para su correcto funcionamiento. | G28: 1 | H28: 1 | J28: =ROUND(I28*H28*G28,0) -> 0
B29: 3.1 | C29: PARQUE ARQUEOLOGICO TIERRADENTRO Vereda El Escaño bajo (El Escaño Parque) – Resguardo San Andrés de Pisimbalá | D29: BOMBAS | E29: Motobomba Toolcraft Potencia máxima 4097w-Motor a gasolina | F29: Mantenimiento preventivo de equipo de bombeo incluye limpieza general del equipo, ajuste de contactos, revision de rodamientos y sello mecánico, lavado de embobinado de motor, revisión de parámetros y pruebas de aislamiento y lo demas necesario para su correcto funcionamiento. | G29: 1 | H29: 1 | I29: 1568985 | J29: =ROUND(I29*H29*G29,0) -> 1568985
B30: 3.2 | D30: COMPRESOR AIRE | E30: Compresor de aire marca Toolcraft de 2,5 HP | F30: Mantenimiento preventivo equipo compresor portatil incluye limpieza general del equipo, cambio de filtro, aceites, correa y rodamientos. | G30: 1 | H30: 1 | I30: 658585 | J30: =ROUND(I30*H30*G30,0) -> 658585
E31: Compresor de aire Siemens HP 1/2 RMP 1730 | F31: Mantenimiento preventivo equipo compresor portatil incluye limpieza general del equipo, cambio de filtro, aceites, correa y rodamientos. | G31: 1 | H31: 1 | I31: 254584 | J31: =ROUND(I31*H31*G31,0) -> 254584
B32: 3.3 | D32: GENERADORES ELÉCTRICOS | E32: Planta eléctrica portátil Portel Cable / 6500W / voltaje 110-220 /Combustible gasolina. | F32: Mantenimiento preventivo equipo portatil, incluye limpieza general de equipo ( interior-exterior), mantenimiento de motor, cambio de aceite y filtro de aceite, sustitucion de filtro de aire del motor, cambio de correas de elementos auxiliares, mantenimiento del alternador inspeccion sistema de refigeracion y cambio de refigerante, servicio a la válvula de combustible, cambio de bujía y lo demas necesario para su correcto funcionamiento. | G32: 1 | H32: 1 | I32: 2452545 | J32: =ROUND(I32*H32*G32,0) -> 2452545
E33: Planta eléctrica portátil Honda 650 / voltaje 110-220 / Combustible gasolina. | F33: Mantenimiento preventivo equipo portatil, incluye limpieza general de equipo ( interior-exterior), mantenimiento de motor, cambio de aceite y filtro de aceite, sustitucion de filtro de aire del motor, cambio de correas de elementos auxiliares, mantenimiento del alternador inspeccion sistema de refigeracion y cambio de refigerante, servicio a la válvula de combustible, cambio de bujía y lo demas necesario para su correcto funcionamiento. | G33: 1 | H33: 1 | I33: 750000 | J33: =ROUND(I33*H33*G33,0) -> 750000
E34: Planta eléctrica portátil Honda 950 / voltaje 110-220 / Combustible gasolina. | F34: Mantenimiento preventivo equipo portatil, incluye limpieza general de equipo ( interior-exterior), mantenimiento de motor, cambio de aceite y filtro de aceite, sustitucion de filtro de aire del motor, cambio de correas de elementos auxiliares, mantenimiento del alternador inspeccion sistema de refigeracion y cambio de refigerante, servicio a la válvula de combustible, cambio de bujía y lo demas necesario para su correcto funcionamiento. | G34: 1 | H34: 1 | I34: 850000 | J34: =ROUND(I34*H34*G34,0) -> 850000
B35: 4.1 | C35: PARQUE ALTO DE LOS ÍDOLOS ubicado en la Vereda Ídolos | D35: BOMBAS PRESURIZACI ÓN | E35: Sistema de presurización BARNES de dos (2) bombas Ref 1J6085 / Mod: AP2-HE 1.5 20- 1 -201 / 2 Hp / 220 V + tanque Hidroneumático + Presostato + Tablero de distribución | F35: Mantenimiento preventivo de sistema de presurizacion incluye limpieza general de equipos, ajuste de contactos, revision de rodamientos y sello mecánico, revision y mantenimiento de tanque hidroflo, ajuste de cableado, lavado de embobinado de motor, revisión de parámetros y pruebas de aislamiento y lo demas necesario para su correcto funcionamiento. | G35: 1 | H35: 2 | I35: 265452 | J35: =ROUND(I35*H35*G35,0) -> 530904
B36: 4.2 | D36: BOMBAS SUMERGIBLES | E36: Sin especificaciones dos bombas sumergidas en un pozo | F36: Mantenimiento preventivo de sistema de subsión, incluye limpieza general de equipos, ajuste de contactos, revision de rodamientos y sello mecánico, revision y mantenimiento de tanque hidroflo, ajuste de cableado, lavado de embobinado de motor, revisión de parámetros y pruebas de aislamiento y lo demas necesario para su correcto funcionamiento. | G36: 2 | H36: 2 | I36: 650000 | J36: =ROUND(I36*H36*G36,0) -> 2600000
B37: 4.3 | D37: TABLERO DE DISTRIBUCIÓN GENERAL, | E37: Tablero distribución, Tensión de servicio 208/120v. Tensión nominal 600V. Corriente de corto 70KA. Corriente nominal 400AMP. Serial del tablero IP-B427/2020.Fases 3. Hilos 5 | F37: Mantenimiento en general todos los elementos que integran el tablero, Registro de datos del tablero correspondiente, Registro de datos del tablero correspondiente. Maniobras de des-energización y puesta a tierra, Revisión y limpieza del gabinete, cables, aisladores, interruptores electromagnéticos, termomagnéticos y demás componentes que integran el tablero, Revisión del sistema de tierras y apriete de conexiones en general, Pruebas de operación mecánica de interruptor(es) principal(es) y derivados, Medición de resistencia de aislamiento de interruptores electromagnéticos (megóhmetro), Revisión final, retiro de puesta a tierra y energización. | G37: 1 | H37: 1 | I37: 298585 | J37: =ROUND(I37*H37*G37,0) -> 298585
D38: TRANSFERENCIA AUTOMÁTICA | E38: Transferencia motorizada, Tensión de servicio 208/120v. Tensión nominal 600V. Corriente de corto 70KA. Corriente nominal 400AMP. Serial del tablero IP- B427/2020.Fases 3. Hilos 5 | G38: 1 | H38: 1 | I38: 298585 | J38: =ROUND(I38*H38*G38,0) -> 298585
B39: 4.4 | D39: GENERADORE S ELÉCTRICOS | E39: Planta eléctrica tipo cabinado Jeilyfish Power de 100KVA / voltaje 220V / altura 1000 mts | F39: Limpieza en general, ajuste de contactos, revisión de voltajes, corriente, cambio de aceite y filtros, cambio de refrigerante, pruebas de funcionamiento en vacío y lo demas necesario para su correcto funcionamiento. | G39: 1 | H39: 1 | I39: 852542 | J39: =ROUND(I39*H39*G39,0) -> 852542
E40: Planta eléctrica portátil KT 3500 - 3,2 KW / Voltaje 110-220, combustible gasolina | F40: Mantenimiento preventivo equipo portatil, incluye limpieza general de equipo (interior-exterior), mantenimiento de motor, cambio de aceite y filtro de aceite, sustitucion de filtro de aire del motor, cambio de correas de elementos auxiliares, mantenimiento del alternador inspeccion sistema de refigeracion y cambio de refigerante, servicio a la válvula de combustible, cambio de bujía y lo demas necesario para su correcto funcionamiento. | G40: 1 | H40: 1 | I40: 1352565 | J40: =ROUND(I40*H40*G40,0) -> 1352565
E41: Planta eléctrica portátil FG 1250 - 1200 W, Voltaje 110-220, combustible gasolina | F41: Mantenimiento preventivo equipo portatil, incluye limpieza general de equipo (interior-exterior), mantenimiento de motor, cambio de aceite y filtro de aceite, sustitucion de filtro de aire del motor, cambio de correas de elementos auxiliares, mantenimiento del alternador inspeccion sistema de refigeracion y cambio de refigerante, servicio a la válvula de combustible, cambio de bujía y lo demas necesario para su correcto funcionamiento. | G41: 1 | H41: 1 | I41: 745874 | J41: =ROUND(I41*H41*G41,0) -> 745874
B42: 4.5 | D42: MOTOBOMBA A GASOLINA | E42: Motobomba Globalmeq. Model KGP 30. FLOW 60 M3/H. LIFT 35m. SUCTION HEIGHT 8m. OUTIETSIZE 80mm. INIET SIZE 80mm. Motor 7.0 HP A GASOLINA | F42: Mantenimiento preventivo equipo portatil, incluye limpieza general de equipo (interior-exterior), mantenimiento de motor, cambio de aceite y filtro de aceite, sustitucion de filtro de aire del motor, inspeccion sistema de refigeracion y cambio de refigerante y lo demas necesario para su corrector funcionamiento. | G42: 1 | H42: 1 | I42: 625252 | J42: =ROUND(I42*H42*G42,0) -> 625252
B43: 4.6 | D43: AIRES ACONDICIONADOS | E43: Aire acondicionado PANASONIC CS-YS18VKV-8 - 1552 KW, Frecuencia 60HZ. Voltaje 220V. Potencia Nominal 1.552KW. Capacidad 5043W. Índice de eficiencia energía 3.25W./ WE. Entrada de alimentación 1552W. | F43: Unidades Manejadoras Limpieza de bandeja de condensado, Limpieza de drenajes, Limpieza, sanitización e higienización serpentín evaporador, Mediciones de parámetros eléctricos, Revisión y limpieza de válvulas, Limpieza de filtros de aire, Revisión de lecturas eléctricas, temperatura, presiones alta y baja en circuitos de refrigeración, operación de motores y compresores. Unidades Condensadoras Limpieza y sanitización serpentín de la condensadora, Mediciones de parámetros eléctricos compresor, Revisión presiones de refrigerante de succión, descarga compresor con manómetros, Limpieza general de unidad, Verificación de niveles y presiones de aceite Verificación del estado de correas y poleas, Verificación del alineamiento de trasmisión de potencia, Revisión de rodamientos y chumaceras, Verificación del estado del sistema de acople a la red de ductos, Verificación del aislamiento térmico, Ajuste general de la unidad Revisión de la carga de refrigerante con manómetros, Revisión de tuberías para detectar posibles fugas, Inspección de mirillas de líquido para verificar estado de humedad en los circuitos, Verificación del estado del aislamiento térmico, Circuito de Refrigeración, Inspección visual de tuberías, Inspección y limpieza de conductos de expulsión de calor Revisión de válvulas de paso. Revisión Eléctrica Limpieza general de contactos eléctricos, fuerza y control de sulfatación de terminales, limpieza general de tableros, Ajuste de terminales eléctricos y de sulfatación, Verificación de la operación de sistemas de control, Ajuste del control de temperatura. | G43: 1 | H43: 3 | I43: 811252 | J43: =ROUND(I43*H43*G43,0) -> 2433756
B44: 4.7 | D44: UPS ELÉCTRICA | E44: UPS marca PEI Potencia 3.000VA Frecuencia 60 Hz THD: <3% Numero de fases una (1) Voltaje de entrada 120 VAC +20, -25% Voltaje de salida 120 VAC +/-2% Voltaje de baterías 72 VDC | F44: Mantenimiento preventivo equipo fijo, incluye limpieza general de equipo (interior-exterior), mantenimiento de de baterias, verificación de entrada y salida, configuración del equipo. Cambio de baterias si es necesario. | G44: 3 | H44: 1 | I44: 552584 | J44: =ROUND(I44*H44*G44,0) -> 1657752
E45: UPS marca PEI Potencia 10.000VA Frecuencia 60 Hz, THD: <3%, Numero de fases dos (2) Voltaje de entrada 208 VAC +20, -25%, Voltaje de baterías 192 VDC, Voltaje de salida 240/120 VAC +/-1% | F45: Mantenimiento preventivo equipo fijo, incluye limpieza general de equipo (interior-exterior), mantenimiento de de baterias, verificación de entrada y salida, configuración del equipo. Cambio de baterias si es necesario. | G45: 1 | H45: 1 | I45: 1858985 | J45: =ROUND(I45*H45*G45,0) -> 1858985
B46: 4.8 | D46: SISTEMA DE DETECCION Y ALARMA CONTRA INCENDIO | E46: Panel central de detección VS SERIES ref VS4-(G/R)(D)(-PG/-SP) / 110 V | F46: Inspección pruebas y mantenimientos de sistemas de detección, alarma, extinción y protección contra incendio, incluye limpieza e inspeccion visual, pruebas funcionales, pruebas de sensibilidad, | G46: 1 | H46: 1 | J46: =ROUND(I46*H46*G46,0) -> 0
E47: Sirena Kidde con luz estroboscópica | G47: 10 | H47: 1 | J47: =ROUND(I47*H47*G47,0) -> 0
E48: Estación manual de alarma | G48: 5 | H48: 1 | J48: =ROUND(I48*H48*G48,0) -> 0
E49: Sensor humo fotoeléctrico | G49: 10 | H49: 1 | J49: =ROUND(I49*H49*G49,0) -> 0
E50: Modulo indicador, BOSCH de la serie DS7400Xi o similar | G50: 1 | H50: 1 | J50: =ROUND(I50*H50*G50,0) -> 0
E51: Rociador Pendent K=5,6 Respuesta Rápida (QR) UL/FM | G51: 30 | H51: 1 | J51: =ROUND(I51*H51*G51,0) -> 0
B52: 5.1 | C52: PARQUE ARQUEOLOGICO SAN AGUSTIN Km 3 Vía San Agustín – Parque Arqueológico | D52: BOMBAS | E52: Motobomba Gasolina Honda Gp 3x3 Pulgadas, sistema de arranque manual | F52: Mantenimiento preventivo equipo portatil, incluye limpieza general de equipo (interior-exterior), mantenimiento de motor, cambio de aceite y filtro de aceite, sustitucion de filtro de aire del motor, inspeccion sistema de refigeracion y cambio de refigerante,cambio de bujía y lo demas necesario para su corrector funcionamiento. | G52: 1 | H52: 1 | I52: 1568985 | J52: =ROUND(I52*H52*G52,0) -> 1568985
E53: Bomba Succión Barmesa Modelo IA4-7,5-4 / motor WEG W 22 / 7.5 Hp / V 220 / | F53: Mantenimiento preventivo equipo portatil, incluye limpieza general de equipo (interior-exterior), mantenimiento de motor, cambio de aceite y filtro de aceite, sustitucion de filtro de aire del motor, inspeccion sistema de refigeracion y cambio de refigerante,cambio de bujía y lo demas necesario para su corrector funcionamiento. | G53: 2 | H53: 1 | I53: 425452 | J53: =ROUND(I53*H53*G53,0) -> 850904
E54: Barnes, modelo GE3C75-4 / 7,5 Hp / V 220- 440 / D succión 4" / D descarga 3" + Tablero de distribución | F54: Mantenimiento preventivo del sistema de bombeo lavapatas, incluye limpieza general de equipos, ajuste de contactos, revision de rodamientos y sello mecánico, ajuste de cableado, revisión de parámetros, pruebas de aislamiento y lo demas necesario para su correcto funcionamiento. | G54: 2 | H54: 1 | I54: 425452 | J54: =ROUND(I54*H54*G54,0) -> 850904
B55: 5.2 | D55: SISTEMA PRESURIZADO R | E55: Sistema de presurización WEG de dos (2) bombas Ref / 1,5 Hp / 220 V + tanque Hidroneumático + Presostato + Tablero de distribución | F55: Mantenimiento preventivo de sistema de presurizacion incluye limpieza general de equipos, ajuste de contactos, revision de rodamientos y sello mecánico, revision y mantenimiento de tanque hidroflo, ajuste de cableado, lavado de embobinado de motor, revisión de parámetros y pruebas de aislamiento y lo demas necesario para su correcto funcionamiento. | G55: 1 | H55: 2 | I55: 285452 | J55: =ROUND(I55*H55*G55,0) -> 570904
B56: 5.3 | D56: COMPRESOR DE AIRE | E56: Compresor de aire Mawell HP 1/2 RMP / 30 lbs | F56: Mantenimiento preventivo equipo compresor portatil incluye limpieza general del equipo, cambio de filtro, aceites, correa, rodamientos y lo demas necesario para su correcto funcionamiento. | G56: 1 | H56: 2 | I56: 265985 | J56: =ROUND(I56*H56*G56,0) -> 531970
B57: 5.4 | D57: CALENTADOR DE AGUA | E57: Calentador de agua marca Haceb corriente 220 V / 75,7 lts | F57: Mantenimiento general de calentador de agua incluye limpeza general (interna-externa ) del equipo | G57: 3 | H57: 2 | I57: 125451 | J57: =ROUND(I57*H57*G57,0) -> 752706
B58: 5.5 | D58: TABLERO PRINCIPAL | E58: Tablero general de distribución y unidad de medida 100 AMP | F58: Desmonte y cambio de gabinete de distribucion general y unidad de medida, incluye mantenimeinto general de las piezas internas demonstadas, distribucion de barraje, cableado y totalizadores con los elemtos existentes de aceurdo a la normatividad vigente. | G58: 1 | H58: 1 | I58: 285458 | J58: =ROUND(I58*H58*G58,0) -> 285458
B59: 5.6 | D59: GENERADORE S ELÉCTRICOS | E59: Planta eléctrica tipo cabinado Generatin Set Model T30X de 30KVA / voltaje 220V /110; Dimensiones 2152 x 885 x 1106 mm | F59: Limpieza en general, ajuste de contactos, revisión de voltajes, corriente, cambio de aceite y filtros, cambio de refrigerante, pruebas de funcionamiento en vacío y lo demas necesario para su correcto funcionamiento. | G59: 1 | H59: 1 | I59: 2125452 | J59: =ROUND(I59*H59*G59,0) -> 2125452
E60: Planta eléctrica portátil Portel Cable / 6500W / voltaje 110-220 /Combustible gasolina. | G60: 2 | H60: 1 | I60: 1253562 | J60: =ROUND(I60*H60*G60,0) -> 2507124
B61: 5.7 | D61: PLANTA ELECTRICA | E61: Planta electrica tipo cabinado E-PRO Model T30X SERIE TPSO1FJ180328 de 30KVA / voltaje 220V /110; Dimensiones 2152 x 885 x 1106 mm | F61: Mantenimiento preventivo equipo portatil, incluye limpieza general de equipo (interior-exterior), mantenimiento de motor, cambio de aceite y filtro de aceite, sustitucion de filtro de aire del motor, cambio de correas de elementos auxiliares, mantenimiento del alternador inspeccion sistema de refigeracion y cambio de refigerante, servicio a la válvula de combustible, cambio de bujía y lo demas necesario para su correcto funcionamiento. | G61: 1 | H61: 1 | J61: =ROUND(I61*H61*G61,0) -> 0
B62: 6.1 | C62: SEDE GREGORIO HERNANDEZ DE ALBA calle 12 No 2– 38 | D62: SISTEMA DE DETECCIÓN Y ALARMA CONTRA INCENDIO | E62: Panel central de detección VS SERIES ref VS4-(G/R)(D)(-PG/-SP) / 110 V | F62: Inspección pruebas y mantenimientos de sistemas de detección, alarma, extinción y protección contra incendio, incluye limpieza e inspeccion visual, pruebas funcionales, pruebas de sensibilidad, | G62: 1 | H62: 1 | I62: 4439666 | J62: =ROUND(I62*H62*G62,0) -> 4439666
E63: Sirena Kidde con luz estroboscópica | G63: 13 | H63: 1 | I63: 25452 | J63: =ROUND(I63*H63*G63,0) -> 330876
E64: Estación manual de alarma | G64: 13 | H64: 1 | I64: 25452 | J64: =ROUND(I64*H64*G64,0) -> 330876
E65: Sensor humo fotoeléctrico | G65: 77 | H65: 1 | I65: 15485 | J65: =ROUND(I65*H65*G65,0) -> 1192345
E66: Modulo indicador, BOSCH de la serie DS7400Xi o similar | G66: 4 | H66: 1 | I66: 74587 | J66: =ROUND(I66*H66*G66,0) -> 298348
B67: 6.2 | D67: SISTEMA DE EXTINCIÓN | E67: Rociador Pendent K=5,6 Respuesta Rápida (QR) UL/FM | G67: 118 | H67: 1 | I67: 12124 | J67: =ROUND(I67*H67*G67,0) -> 1430632
B68: 6.3 | D68: GENERADORES ELÉCTRICOS | E68: Planta Eléctrica tipo cabinado PEL Power Sistems de 150 KVA efectivos altura Bogotá / motor WEIFFANG modelo R6105BZLDS2/ Trifásica / 220 V/ tanque interno para suministro de combustible (Diesel) por 8 horas | F68: Limpieza en general, ajuste de contactos, revisión de voltajes, corriente, cambio de aceite y filtros, cambio de refrigerante, pruebas de funcionamiento en vacío y lo demas necesario para su correcto funcionamiento. | G68: 1 | H68: 1 | I68: 2857858 | J68: =ROUND(I68*H68*G68,0) -> 2857858
B69: 6.4 | D69: TRANSFERENCIA AUTOMÁTICA | E69: Transferencia automática in = 400A / 220V 208V, incluye breakers tipo industrial de 3 x 450 A y 3 x 400 A | F69: Mantenimiento en general todos los elementos que integran el tablero, Registro de datos del tablero correspondiente, Registro de datos del tablero correspondiente. Maniobras de des-energización y puesta a tierra, Revisión y limpieza del gabinete, cables, aisladores, interruptores electromagnéticos, termomagnéticos y demás componentes que integran el tablero, Revisión del sistema de tierras y apriete de conexiones en general, Pruebas de operación mecánica de interruptor(es) principal(es) y derivados, Medición de resistencia de aislamiento de interruptores electromagnéticos (megóhmetro), Revisión final, retiro de puesta a tierra y energización. | G69: 1 | H69: 1 | I69: 845845 | J69: =ROUND(I69*H69*G69,0) -> 845845
B70: 6.5 | D70: TABLERO GENERAL DE DISTRIBUCIÓN | E70: Tablero de distribución general, Incluye totalizador 3 x 450 A-25k A, breaker de protección para cada carga, contactor de control de enclavamiento con el sistema de bombas contra incendio y DPS categoría C 4 hilos para 20 kA drenaje de neutro. | G70: 1 | H70: 1 | I70: 1852585 | J70: =ROUND(I70*H70*G70,0) -> 1852585
B71: 6.6 | D71: SISTEMA EYECTOR | E71: Sistema de Bombeo eyector sumergible el cual se compone de 4 equipos de 1 Hp | F71: Mantenimiento preventivo de dos sistemas eyectores, incluye limpieza general de equipos, ajuste de contactos, revision de rodamientos y sello mecánico, ajuste de cableado, revisión de parámetros, pruebas de aislamiento y lo demas necesario para su correcto funcionamiento. | G71: 1 | H71: 2 | I71: 758985 | J71: =ROUND(I71*H71*G71,0) -> 1517970
B72: 6.7 | D72: SISTEMA BOMBEO RCI | E72: BOMBA JOCKEY: Marca: VM 55 2-180 | Modelo: TURE | Serie: 2100 39130 | Succión: 5"-6" | Descarga: 3"-6" | ADT: 212 M | Caudal: 2 m³/h | RPM: 3500 | Motor Marca: TPI MOTOR | Motor Modelo: YEZ-112 M-2 | Motor Serie: 2AOJ22 506 V2KK | Potencia: 4 kW | Voltaje: 220 V | Amperaje: 13,9 A | Motor RPM: 3500 | Tablero Marca: TORNATECH INC | Tablero Serie: JP3-20817,5/3/60 | Voltaje Placa: 20 B | Voltaje Red: 212,3 | Amperaje Placa: 24,2 | Amperaje Red: 15,1 | F72: Mantenimiento preventivo del sistema de RCI, incluye limpieza general de equipos, ajuste de contactos, revision de rodamientos y sello mecánico, ajuste de cableado, revisión de parámetros, pruebas de aislamiento y lo demas necesario para su correcto funcionamiento. | G72: 1 | H72: 1 | I72: 3526525 | J72: =ROUND(I72*H72*G72,0) -> 3526525
E73: BOMBA PRINCIPAL: Marca: PATTERSON | Modelo: 5 x 3 11A VIP | Serie: FP-C0002091 54-01-01 | Succión: 5"-6" | Descarga: 3"-6" | ADT: 98 M | Caudal: 500 GPM | RPM: 3565 | Motor Marca: WEG | Motor Modelo: WHO | Motor Serie: 14829612 | Potencia: 758 HP | Voltaje: 220 V | Amperaje: 196 A | Motor RPM: 3550 | Tablero Marca: TORNATECH | Tablero Serie: W21216508 | Voltaje Placa: 208 | Voltaje Red: 212,8 | Amperaje Placa: 211 | Amperaje Red: 180 | G73: 1 | H73: 1 | I73: 3526525 | J73: =ROUND(I73*H73*G73,0) -> 3526525
B74: 6.8 | D74: AIRES ACONDICIONADOS | E74: Aire acondicionado Wurden piso techo Inverter Ref / 24000 BTU | F74: Unidades Manejadoras Limpieza de bandeja de condensado, Limpieza de drenajes, Limpieza, sanitización e higienización serpentín evaporador, Mediciones de parámetros eléctricos, Revisión y limpieza de válvulas, Limpieza de filtros de aire, Revisión de lecturas eléctricas, temperatura, presiones alta y baja en circuitos de refrigeración, operación de motores y compresores. Unidades Condensadoras Limpieza y sanitización serpentín de la condensadora, Mediciones de parámetros eléctricos compresor, Revisión presiones de refrigerante de succión, descarga compresor con manómetros, Limpieza general de unidad, Verificación de niveles y presiones de aceite Verificación del estado de correas y poleas, Verificación del alineamiento de trasmisión de potencia, Revisión de rodamientos y chumaceras, Verificación del estado del sistema de acople a la red de ductos, Verificación del aislamiento térmico, Ajuste general de la unidad Revisión de la carga de refrigerante con manómetros, Revisión de tuberías para detectar posibles fugas, Inspección de mirillas de líquido para verificar estado de humedad en los circuitos, Verificación del estado del aislamiento térmico, Circuito de Refrigeración, Inspección visual de tuberías, Inspección y limpieza de conductos de expulsión de calor Revisión de válvulas de paso. Revisión Eléctrica Limpieza general de contactos eléctricos, fuerza y control de sulfatación de terminales, limpieza general de tableros, Ajuste de terminales eléctricos y de sulfatación, Verificación de la operación de sistemas de control, Ajuste del control de temperatura. | G74: 1 | H74: 1 | J74: =ROUND(I74*H74*G74,0) -> 0
B75: 7.1 | C75: PARQUE ARQUEOLOGICO SANTA MARIA LA ANTIGUA DEL DARIEN Vereda Santuario, corregimiento de Tanela | D75: GENERADORES ELECTRICOS | E75: Sistema Híbrido OFF-GRID con Batería de Litio 6500W / 29.890Wh-día 14 x Panel Solar Bifacial 610W N-Type 14 x Panel Solar Bifacial 610W N-Type con accesorios | F75: Mantenimiento general del sistema de paneles solares, inlcuye limpeza general de equipos compuesto por 12 paneles solares y 8 baterias | G75: 1 | H75: 1 | J75: =ROUND(I75*H75*G75,0) -> 0
B76: 7.2 | D76: BOMBAS | E76: MOTOBOMBA POWERMASTER 6,5 HP A GASOLINA SALIDA DE 2" | F76: Mantenimiento preventivo equipo portatil, incluye limpieza general de equipo (interior-exterior), mantenimiento de motor, cambio de aceite y filtro de aceite, sustitucion de filtro de aire del motor, inspeccion sistema de refigeracion y cambio de refigerante,cambio de bujía y lo demas necesario para su corrector funcionamiento. | G76: 1 | H76: 1 | I76: 1852545 | J76: =ROUND(I76*H76*G76,0) -> 1852545
B77: 7.3 | D77: COMPRESOR AIRE | E77: Compresor de aire marca Toolcraft de 1,5 HP | F77: Mantenimiento preventivo equipo compresor portatil incluye limpieza general del equipo, cambio de filtro, aceites, correa y rodamientos. | G77: 1 | H77: 1 | I77: 285658 | J77: =ROUND(I77*H77*G77,0) -> 285658
B78: 7.4 | D78: GENERADORES ELECTRICOS | E78: Planta eléctrica portátil KTC 3500 - 3,2 KW / Voltaje 110-220, combustible gasolina | F78: Mantenimiento preventivo equipo portatil, incluye limpieza general de equipo (interior-exterior), mantenimiento de motor, cambio de aceite y filtro de aceite, sustitucion de filtro de aire del motor, cambio de correas de elementos auxiliares, mantenimiento del alternador inspeccion sistema de refigeracion y cambio de refigerante, servicio a la válvula de combustible, cambio de bujía y lo demas necesario para su correcto funcionamiento. | G78: 1 | H78: 1 | I78: 2362541 | J78: =ROUND(I78*H78*G78,0) -> 2362541
E79: Planta eléctrica portátil FG 1250 - 1200 W, Voltaje 110-220, combustible gasolina | F79: Mantenimiento preventivo equipo portatil, incluye limpieza general de equipo (interior-exterior), mantenimiento de motor, cambio de aceite y filtro de aceite, sustitucion de filtro de aire del motor, cambio de correas de elementos auxiliares, mantenimiento del alternador inspeccion sistema de refigeracion y cambio de refigerante, servicio a la válvula de combustible, cambio de bujía y lo demas necesario para su correcto funcionamiento. | G79: 1 | H79: 1 | I79: 1852125 | J79: =ROUND(I79*H79*G79,0) -> 1852125
B80: 8.1 | C80: SEDE ADMINISTRATIVA SAN JOSE DEL GUAVIARE Carrera 21 5- 15 | D80: AIRES ACONDICIONADOS | E80: Aire acondicionado Mirage Life+ piso techo Ref / 12000 BTU | F80: Unidades Manejadoras Limpieza de bandeja de condensado, Limpieza de drenajes, Limpieza, sanitización e higienización serpentín evaporador, Mediciones de parámetros eléctricos, Revisión y limpieza de válvulas, Limpieza de filtros de aire, Revisión de lecturas eléctricas, temperatura, presiones alta y baja en circuitos de refrigeración, operación de motores y compresores. Unidades Condensadoras Limpieza y sanitización serpentín de la condensadora, Mediciones de parámetros eléctricos compresor, Revisión presiones de refrigerante de succión, descarga compresor con manómetros, Limpieza general de unidad, Verificación de niveles y presiones de aceite Verificación del estado de correas y poleas, Verificación del alineamiento de trasmisión de potencia, Revisión de rodamientos y chumaceras, Verificación del estado del sistema de acople a la red de ductos, Verificación del aislamiento térmico, Ajuste general de la unidad Revisión de la carga de refrigerante con manómetros, Revisión de tuberías para detectar posibles fugas, Inspección de mirillas de líquido para verificar estado de humedad en los circuitos, Verificación del estado del aislamiento térmico, Circuito de Refrigeración, Inspección visual de tuberías, Inspección y limpieza de conductos de expulsión de calor Revisión de válvulas de paso. Revisión Eléctrica Limpieza general de contactos eléctricos, fuerza y control de sulfatación de terminales, limpieza general de tableros, Ajuste de terminales eléctricos y de sulfatación, Verificación de la operación de sistemas de control, Ajuste del control de temperatura. | G80: 1 | H80: 1 | I80: 811252 | J80: =ROUND(I80*H80*G80,0) -> 811252
H82: TOTAL | J82: =SUM(J18:J80) -> 93652786
B90: FIRMA REPRESENTANTE LEGAL

Sheet Formato_Cotización
B2: #VALUE! | D2: República de Colombia | I2: #VALUE!
D3: Instituto Colombiano de Antropología e Historia
D5: Formato de cotización
B7: Nombre o Razón Social | H7: NIT
B8: Persona de contacto | H8: Teléfono celular
B9: Correo electrónico | H9: Teléfono fijo
B12: OBJETO: Prestar el servicio de mantenimiento preventivo y correctivo de los equipos especiales de las sedes del Instituto Colombiano de Antropología e Historia – ICANH a nivel nacional, que incluye equipos de bombeo, generadores eléctricos, sistemas de aire acondicionado, Red Contra Incendios (RCI) y sistemas de detección de incendios; así como el suministro e instalación de repuestos, partes y componentes requeridos.
B14: Instrucciones para el diligenciamiento de la cotización
B15: • Por favor diligenciar solo las celdas en AZUL. • Revisar todos los requerimientos que se exponen en los documentos técnico y formular su cotización en concordancia con este, de tal forma que cumplan con la necesidad del Instituto. • Los precios unitarios deberán ser expresado en PESOS COLOMBIANOS. • Los precios deberán aproximarse por exceso o por defecto al entero más cercano así: (i) si es igual o superior a 50 centavos, se aproxima al entero siguiente; (ii) si es inferior a 50 centavos se baja al entero anterior. • El formato contiene los insumos de costos estimados por el Instituto por lo tanto no se permite modificar, agregar o quitar ningún ítem o sub-ítem. • Los precios unitarios deben contemplar todos los rubros requeridos para la adecuada prestación del servicio y el cumplimiento de las obligaciones tributarias y contractuales como los son trazabilidad del servicio, equipo mínimo de trabajo, impuestos entre otros.
B17: ÍTEM | C17: SEDE | D17: DESCRIPCIÓN | E17: REFERENCIA | F17: ALCANCE MINIMO | G17: CANTIDAD DE EQUIPOS | H17: CANTIDAD DE MANTENIMIENTOS | I17: Precio unitario (Incluidos Impuestos) | J17: Precio total (Incluidos Impuestos)
B18: 1.1 | C18: PARQUE TEYUNA Parque Arqueológico Teyuna – Ciudad Perdida. Sierra Nevada de Santa Marta, Resguardo Kogüi-malayo -Arhuaco – Distrito Turístico, Cultural e Histórico de Santa Marta, Magdalena | D18: GENERADORE S ELÉCTRICOS | E18: Panel Solar Kyocera KC65 - Con accesorios | F18: Mantenimiento general del sistema de paneles solares, inlcuye limpeza general de equipos compuesto por 12 paneles solares y 8 baterias | G18: 1 | H18: 1 | J18: =ROUND(I18*H18*G18,0) -> 0
E19: Planta eléctrica portátil Portel Cable 3.500 W | F19: Mantenimiento preventivo equipo portatil, incluye limpieza general de equipo (interior-exterior), mantenimiento de motor, cambio de aceite y filtro de aceite, sustitucion de filtro de aire del motor, cambio de correas de elementos auxiliares, mantenimiento del alternador inspeccion sistema de refigeracion y cambio de refigerante, servicio a la válvula de combustible, cambio de bujía y lo demas necesario para su correcto funcionamiento. | G19: 1 | H19: 1 | J19: =ROUND(I19*H19*G19,0) -> 0
E20: Planta eléctrica Portel Cable 1200 W | F20: Mantenimiento preventivo equipo portatil, incluye limpieza general de equipo (interior-exterior), mantenimiento de motor, cambio de aceite y filtro de aceite, sustitucion de filtro de aire del motor, cambio de correas de elementos auxiliares, mantenimiento del alternador inspeccion sistema de refigeracion y cambio de refigerante, servicio a la válvula de combustible, cambio de bujía y lo demas necesario para su correcto funcionamiento. | G20: 1 | H20: 1 | J20: =ROUND(I20*H20*G20,0) -> 0
B21: 1.2 | D21: MOTOBOMBA AUTOMÁTICA | E21: Motobomba Toolcraft Potencia máxima 4097w-Motor a gasolina | F21: Mantenimiento preventivo de equipo de bombeo incluye limpieza general del equipo, ajuste de contactos, revision de rodamientos y sello mecánico, lavado de embobinado de motor, revisión de parámetros y pruebas de aislamiento y lo demas necesario para su correcto funcionamiento. | G21: 1 | H21: 1 | J21: =ROUND(I21*H21*G21,0) -> 0
B22: 1.3 | D22: EQUIPO DE SOLDADURA | E22: Maquina de soldadura TIG-220GP modelo TIG-220GP | F22: Mantenimiento preventivo de equipo de soldadura, incluye limpieza general del equipo (interior-exterior), revisión de conexiones eléctricas, verificación de componentes internos, inspección de cables y accesorios, pruebas de funcionamiento y ajustes básicos, así como las demás actividades necesarias para garantizar su correcto funcionamiento. | G22: 1 | H22: 1 | J22: =ROUND(I22*H22*G22,0) -> 0
B23: 2.1 | C23: CASA ADMINISTRA TIVA SEDE SANTA MARTA Santa Marta "Calle 17 No. 3-72" | D23: GENERADORES ELÉCTRICOS | E23: Planta eléctrica portátil Portel Cable 3.500 W | F23: Mantenimiento preventivo equipo portatil, incluye limpieza general de equipo (interior-exterior), mantenimiento de motor, cambio de aceite y filtro de aceite, sustitucion de filtro de aire del motor, cambio de correas de elementos auxiliares, mantenimiento del alternador inspeccion sistema de refigeracion y cambio de refigerante, servicio a la válvula de combustible, cambio de bujía y lo demas necesario para su correcto funcionamiento. | G23: 1 | H23: 1 | J23: =ROUND(I23*H23*G23,0) -> 0
B24: 2.2 | D24: AIRE ACONDICIONADO | E24: Aire acondicionado piso techo Ref / 12000 BTU | F24: Unidades Manejadoras Limpieza de bandeja de condensado, Limpieza de drenajes, Limpieza, sanitización e higienización serpentín evaporador, Mediciones de parámetros eléctricos, Revisión y limpieza de válvulas, Limpieza de filtros de aire, Revisión de lecturas eléctricas, temperatura, presiones alta y baja en circuitos de refrigeración, operación de motores y compresores. Unidades Condensadoras Limpieza y sanitización serpentín de la condensadora, Mediciones de parámetros eléctricos compresor, Revisión presiones de refrigerante de succión, descarga compresor con manómetros, Limpieza general de unidad, Verificación de niveles y presiones de aceite Verificación del estado de correas y poleas, Verificación del alineamiento de trasmisión de potencia, Revisión de rodamientos y chumaceras, Verificación del estado del sistema de acople a la red de ductos, Verificación del aislamiento térmico, Ajuste general de la unidad Revisión de la carga de refrigerante con manómetros, Revisión de tuberías para detectar posibles fugas, Inspección de mirillas de líquido para verificar estado de humedad en los circuitos, Verificación del estado del aislamiento térmico, Circuito de Refrigeración, Inspección visual de tuberías, Inspección y limpieza de conductos de expulsión de calor Revisión de válvulas de paso. Revisión Eléctrica Limpieza general de contactos eléctricos, fuerza y control de sulfatación de terminales, limpieza general de tableros, Ajuste de terminales eléctricos y de sulfatación, Verificación de la operación de sistemas de control, Ajuste del control de temperatura. | G24: 3 | H24: 1 | J24: =ROUND(I24*H24*G24,0) -> 0
E25: Aire acondicionado Wurden piso techo Inverter Ref / 18000 BTU | G25: 2 | H25: 1 | J25: =ROUND(I25*H25*G25,0) -> 0
E26: Aire acondicionado Wurden piso techo Inverter Ref / 24000 BTU | G26: 2 | H26: 1 | J26: =ROUND(I26*H26*G26,0) -> 0
E27: Aire acondicionado piso techo LG Ref AUNQ36EM / 36000 BTU | G27: 2 | H27: 1 | J27: =ROUND(I27*H27*G27,0) -> 0
B28: 2.3 | D28: ELECTROBOMBA | E28: Electrobomba predollo modelo CPM620 TANQUE DE PRECIÓN MENBRANA DE 100 LITROS/ 1 HP | F28: Mantenimiento preventivo de sistema de presurizacion incluye limpieza general de equipos, ajuste de contactos, revision de rodamientos y sello mecánico, revision y mantenimiento de tanque hidroflo, ajuste de cableado, lavado de embobinado de motor, revisión de parámetros y pruebas de aislamiento y lo demas necesario para su correcto funcionamiento. | G28: 1 | H28: 1 | J28: =ROUND(I28*H28*G28,0) -> 0
B29: 3.1 | C29: PARQUE ARQUEOLOGICO TIERRADENTRO Vereda El Escaño bajo (El Escaño Parque) – Resguardo San Andrés de Pisimbalá | D29: BOMBAS | E29: Motobomba Toolcraft Potencia máxima 4097w-Motor a gasolina | F29: Mantenimiento preventivo de equipo de bombeo incluye limpieza general del equipo, ajuste de contactos, revision de rodamientos y sello mecánico, lavado de embobinado de motor, revisión de parámetros y pruebas de aislamiento y lo demas necesario para su correcto funcionamiento. | G29: 1 | H29: 1 | J29: =ROUND(I29*H29*G29,0) -> 0
B30: 3.2 | D30: COMPRESOR AIRE | E30: Compresor de aire marca Toolcraft de 2,5 HP | F30: Mantenimiento preventivo equipo compresor portatil incluye limpieza general del equipo, cambio de filtro, aceites, correa y rodamientos. | G30: 1 | H30: 1 | J30: =ROUND(I30*H30*G30,0) -> 0
E31: Compresor de aire Siemens HP 1/2 RMP 1730 | F31: Mantenimiento preventivo equipo compresor portatil incluye limpieza general del equipo, cambio de filtro, aceites, correa y rodamientos. | G31: 1 | H31: 1 | J31: =ROUND(I31*H31*G31,0) -> 0
B32: 3.3 | D32: GENERADORES ELÉCTRICOS | E32: Planta eléctrica portátil Portel Cable / 6500W / voltaje 110-220 /Combustible gasolina. | F32: Mantenimiento preventivo equipo portatil, incluye limpieza general de equipo ( interior-exterior), mantenimiento de motor, cambio de aceite y filtro de aceite, sustitucion de filtro de aire del motor, cambio de correas de elementos auxiliares, mantenimiento del alternador inspeccion sistema de refigeracion y cambio de refigerante, servicio a la válvula de combustible, cambio de bujía y lo demas necesario para su correcto funcionamiento. | G32: 1 | H32: 1 | J32: =ROUND(I32*H32*G32,0) -> 0
E33: Planta eléctrica portátil Honda 650 / voltaje 110-220 / Combustible gasolina. | F33: Mantenimiento preventivo equipo portatil, incluye limpieza general de equipo ( interior-exterior), mantenimiento de motor, cambio de aceite y filtro de aceite, sustitucion de filtro de aire del motor, cambio de correas de elementos auxiliares, mantenimiento del alternador inspeccion sistema de refigeracion y cambio de refigerante, servicio a la válvula de combustible, cambio de bujía y lo demas necesario para su correcto funcionamiento. | G33: 1 | H33: 1 | J33: =ROUND(I33*H33*G33,0) -> 0
E34: Planta eléctrica portátil Honda 950 / voltaje 110-220 / Combustible gasolina. | F34: Mantenimiento preventivo equipo portatil, incluye limpieza general de equipo ( interior-exterior), mantenimiento de motor, cambio de aceite y filtro de aceite, sustitucion de filtro de aire del motor, cambio de correas de elementos auxiliares, mantenimiento del alternador inspeccion sistema de refigeracion y cambio de refigerante, servicio a la válvula de combustible, cambio de bujía y lo demas necesario para su correcto funcionamiento. | G34: 1 | H34: 1 | J34: =ROUND(I34*H34*G34,0) -> 0
B35: 4.1 | C35: PARQUE ALTO DE LOS ÍDOLOS ubicado en la Vereda Ídolos | D35: BOMBAS PRESURIZACI ÓN | E35: Sistema de presurización BARNES de dos (2) bombas Ref 1J6085 / Mod: AP2-HE 1.5 20- 1 -201 / 2 Hp / 220 V + tanque Hidroneumático + Presostato + Tablero de distribución | F35: Mantenimiento preventivo de sistema de presurizacion incluye limpieza general de equipos, ajuste de contactos, revision de rodamientos y sello mecánico, revision y mantenimiento de tanque hidroflo, ajuste de cableado, lavado de embobinado de motor, revisión de parámetros y pruebas de aislamiento y lo demas necesario para su correcto funcionamiento. | G35: 1 | H35: 2 | J35: =ROUND(I35*H35*G35,0) -> 0
B36: 4.2 | D36: BOMBAS SUMERGIBLES | E36: Sin especificaciones dos bombas sumergidas en un pozo | F36: Mantenimiento preventivo de sistema de subsión, incluye limpieza general de equipos, ajuste de contactos, revision de rodamientos y sello mecánico, revision y mantenimiento de tanque hidroflo, ajuste de cableado, lavado de embobinado de motor, revisión de parámetros y pruebas de aislamiento y lo demas necesario para su correcto funcionamiento. | G36: 2 | H36: 2 | J36: =ROUND(I36*H36*G36,0) -> 0
B37: 4.3 | D37: TABLERO DE DISTRIBUCIÓN GENERAL, | E37: Tablero distribución, Tensión de servicio 208/120v. Tensión nominal 600V. Corriente de corto 70KA. Corriente nominal 400AMP. Serial del tablero IP-B427/2020.Fases 3. Hilos 5 | F37: Mantenimiento en general todos los elementos que integran el tablero, Registro de datos del tablero correspondiente, Registro de datos del tablero correspondiente. Maniobras de des-energización y puesta a tierra, Revisión y limpieza del gabinete, cables, aisladores, interruptores electromagnéticos, termomagnéticos y demás componentes que integran el tablero, Revisión del sistema de tierras y apriete de conexiones en general, Pruebas de operación mecánica de interruptor(es) principal(es) y derivados, Medición de resistencia de aislamiento de interruptores electromagnéticos (megóhmetro), Revisión final, retiro de puesta a tierra y energización. | G37: 1 | H37: 1 | J37: =ROUND(I37*H37*G37,0) -> 0
D38: TRANSFERENCIA AUTOMÁTICA | E38: Transferencia motorizada, Tensión de servicio 208/120v. Tensión nominal 600V. Corriente de corto 70KA. Corriente nominal 400AMP. Serial del tablero IP- B427/2020.Fases 3. Hilos 5 | G38: 1 | H38: 1 | J38: =ROUND(I38*H38*G38,0) -> 0
B39: 4.4 | D39: GENERADORE S ELÉCTRICOS | E39: Planta eléctrica tipo cabinado Jeilyfish Power de 100KVA / voltaje 220V / altura 1000 mts | F39: Limpieza en general, ajuste de contactos, revisión de voltajes, corriente, cambio de aceite y filtros, cambio de refrigerante, pruebas de funcionamiento en vacío y lo demas necesario para su correcto funcionamiento. | G39: 1 | H39: 1 | J39: =ROUND(I39*H39*G39,0) -> 0
E40: Planta eléctrica portátil KT 3500 - 3,2 KW / Voltaje 110-220, combustible gasolina | F40: Mantenimiento preventivo equipo portatil, incluye limpieza general de equipo (interior-exterior), mantenimiento de motor, cambio de aceite y filtro de aceite, sustitucion de filtro de aire del motor, cambio de correas de elementos auxiliares, mantenimiento del alternador inspeccion sistema de refigeracion y cambio de refigerante, servicio a la válvula de combustible, cambio de bujía y lo demas necesario para su correcto funcionamiento. | G40: 1 | H40: 1 | J40: =ROUND(I40*H40*G40,0) -> 0
E41: Planta eléctrica portátil FG 1250 - 1200 W, Voltaje 110-220, combustible gasolina | F41: Mantenimiento preventivo equipo portatil, incluye limpieza general de equipo (interior-exterior), mantenimiento de motor, cambio de aceite y filtro de aceite, sustitucion de filtro de aire del motor, cambio de correas de elementos auxiliares, mantenimiento del alternador inspeccion sistema de refigeracion y cambio de refigerante, servicio a la válvula de combustible, cambio de bujía y lo demas necesario para su correcto funcionamiento. | G41: 1 | H41: 1 | J41: =ROUND(I41*H41*G41,0) -> 0
B42: 4.5 | D42: MOTOBOMBA A GASOLINA | E42: Motobomba Globalmeq. Model KGP 30. FLOW 60 M3/H. LIFT 35m. SUCTION HEIGHT 8m. OUTIETSIZE 80mm. INIET SIZE 80mm. Motor 7.0 HP A GASOLINA | F42: Mantenimiento preventivo equipo portatil, incluye limpieza general de equipo (interior-exterior), mantenimiento de motor, cambio de aceite y filtro de aceite, sustitucion de filtro de aire del motor, inspeccion sistema de refigeracion y cambio de refigerante y lo demas necesario para su corrector funcionamiento. | G42: 1 | H42: 1 | J42: =ROUND(I42*H42*G42,0) -> 0
B43: 4.6 | D43: AIRES ACONDICIONADOS | E43: Aire acondicionado PANASONIC CS-YS18VKV-8 - 1552 KW, Frecuencia 60HZ. Voltaje 220V. Potencia Nominal 1.552KW. Capacidad 5043W. Índice de eficiencia energía 3.25W./ WE. Entrada de alimentación 1552W. | F43: Unidades Manejadoras Limpieza de bandeja de condensado, Limpieza de drenajes, Limpieza, sanitización e higienización serpentín evaporador, Mediciones de parámetros eléctricos, Revisión y limpieza de válvulas, Limpieza de filtros de aire, Revisión de lecturas eléctricas, temperatura, presiones alta y baja en circuitos de refrigeración, operación de motores y compresores. Unidades Condensadoras Limpieza y sanitización serpentín de la condensadora, Mediciones de parámetros eléctricos compresor, Revisión presiones de refrigerante de succión, descarga compresor con manómetros, Limpieza general de unidad, Verificación de niveles y presiones de aceite Verificación del estado de correas y poleas, Verificación del alineamiento de trasmisión de potencia, Revisión de rodamientos y chumaceras, Verificación del estado del sistema de acople a la red de ductos, Verificación del aislamiento térmico, Ajuste general de la unidad Revisión de la carga de refrigerante con manómetros, Revisión de tuberías para detectar posibles fugas, Inspección de mirillas de líquido para verificar estado de humedad en los circuitos, Verificación del estado del aislamiento térmico, Circuito de Refrigeración, Inspección visual de tuberías, Inspección y limpieza de conductos de expulsión de calor Revisión de válvulas de paso. Revisión Eléctrica Limpieza general de contactos eléctricos, fuerza y control de sulfatación de terminales, limpieza general de tableros, Ajuste de terminales eléctricos y de sulfatación, Verificación de la operación de sistemas de control, Ajuste del control de temperatura. | G43: 1 | H43: 1 | J43: =ROUND(I43*H43*G43,0) -> 0
B44: 4.7 | D44: UPS ELÉCTRICA | E44: UPS marca PEI Potencia 3.000VA Frecuencia 60 Hz THD: <3% Numero de fases una (1) Voltaje de entrada 120 VAC +20, -25% Voltaje de salida 120 VAC +/-2% Voltaje de baterías 72 VDC | F44: Mantenimiento preventivo equipo fijo, incluye limpieza general de equipo (interior-exterior), mantenimiento de de baterias, verificación de entrada y salida, configuración del equipo. Cambio de baterias si es necesario. | G44: 3 | H44: 1 | J44: =ROUND(I44*H44*G44,0) -> 0
E45: UPS marca PEI Potencia 10.000VA Frecuencia 60 Hz, THD: <3%, Numero de fases dos (2) Voltaje de entrada 208 VAC +20, -25%, Voltaje de baterías 192 VDC, Voltaje de salida 240/120 VAC +/-1% | F45: Mantenimiento preventivo equipo fijo, incluye limpieza general de equipo (interior-exterior), mantenimiento de de baterias, verificación de entrada y salida, configuración del equipo. Cambio de baterias si es necesario. | G45: 1 | H45: 1 | J45: =ROUND(I45*H45*G45,0) -> 0
B46: 4.8 | D46: SISTEMA DE DETECCION Y ALARMA CONTRA INCENDIO | E46: Panel central de detección VS SERIES ref VS4-(G/R)(D)(-PG/-SP) / 110 V | F46: Inspección pruebas y mantenimientos de sistemas de detección, alarma, extinción y protección contra incendio, incluye limpieza e inspeccion visual, pruebas funcionales, pruebas de sensibilidad, | G46: 1 | H46: 1 | J46: =ROUND(I46*H46*G46,0) -> 0
E47: Sirena Kidde con luz estroboscópica | G47: 10 | H47: 1 | J47: =ROUND(I47*H47*G47,0) -> 0
E48: Estación manual de alarma | G48: 5 | H48: 1 | J48: =ROUND(I48*H48*G48,0) -> 0
E49: Sensor humo fotoeléctrico | G49: 10 | H49: 1 | J49: =ROUND(I49*H49*G49,0) -> 0
E50: Modulo indicador, BOSCH de la serie DS7400Xi o similar | G50: 1 | H50: 1 | J50: =ROUND(I50*H50*G50,0) -> 0
E51: Rociador Pendent K=5,6 Respuesta Rápida (QR) UL/FM | G51: 30 | H51: 1 | J51: =ROUND(I51*H51*G51,0) -> 0
B52: 5.1 | C52: PARQUE ARQUEOLOGICO SAN AGUSTIN Km 3 Vía San Agustín – Parque Arqueológico | D52: BOMBAS | E52: Motobomba Gasolina Honda Gp 3x3 Pulgadas, sistema de arranque manual | F52: Mantenimiento preventivo equipo portatil, incluye limpieza general de equipo (interior-exterior), mantenimiento de motor, cambio de aceite y filtro de aceite, sustitucion de filtro de aire del motor, inspeccion sistema de refigeracion y cambio de refigerante,cambio de bujía y lo demas necesario para su corrector funcionamiento. | G52: 1 | H52: 1 | J52: =ROUND(I52*H52*G52,0) -> 0
E53: Bomba Succión Barmesa Modelo IA4-7,5-4 / motor WEG W 22 / 7.5 Hp / V 220 / | F53: Mantenimiento preventivo equipo portatil, incluye limpieza general de equipo (interior-exterior), mantenimiento de motor, cambio de aceite y filtro de aceite, sustitucion de filtro de aire del motor, inspeccion sistema de refigeracion y cambio de refigerante,cambio de bujía y lo demas necesario para su corrector funcionamiento. | G53: 2 | H53: 1 | J53: =ROUND(I53*H53*G53,0) -> 0
E54: Barnes, modelo GE3C75-4 / 7,5 Hp / V 220- 440 / D succión 4" / D descarga 3" + Tablero de distribución | F54: Mantenimiento preventivo del sistema de bombeo lavapatas, incluye limpieza general de equipos, ajuste de contactos, revision de rodamientos y sello mecánico, ajuste de cableado, revisión de parámetros, pruebas de aislamiento y lo demas necesario para su correcto funcionamiento. | G54: 2 | H54: 1 | J54: =ROUND(I54*H54*G54,0) -> 0
B55: 5.2 | D55: SISTEMA PRESURIZADO R | E55: Sistema de presurización WEG de dos (2) bombas Ref / 1,5 Hp / 220 V + tanque Hidroneumático + Presostato + Tablero de distribución | F55: Mantenimiento preventivo de sistema de presurizacion incluye limpieza general de equipos, ajuste de contactos, revision de rodamientos y sello mecánico, revision y mantenimiento de tanque hidroflo, ajuste de cableado, lavado de embobinado de motor, revisión de parámetros y pruebas de aislamiento y lo demas necesario para su correcto funcionamiento. | G55: 1 | H55: 1 | J55: =ROUND(I55*H55*G55,0) -> 0
B56: 5.3 | D56: COMPRESOR DE AIRE | E56: Compresor de aire Mawell HP 1/2 RMP / 30 lbs | F56: Mantenimiento preventivo equipo compresor portatil incluye limpieza general del equipo, cambio de filtro, aceites, correa, rodamientos y lo demas necesario para su correcto funcionamiento. | G56: 1 | H56: 1 | J56: =ROUND(I56*H56*G56,0) -> 0
B57: 5.4 | D57: CALENTADOR DE AGUA | E57: Calentador de agua marca Haceb corriente 220 V / 75,7 lts | F57: Mantenimiento general de calentador de agua incluye limpeza general (interna-externa ) del equipo | G57: 3 | H57: 1 | J57: =ROUND(I57*H57*G57,0) -> 0
B58: 5.5 | D58: TABLERO PRINCIPAL | E58: Tablero general de distribución y unidad de medida 100 AMP | F58: Desmonte y cambio de gabinete de distribucion general y unidad de medida, incluye mantenimeinto general de las piezas internas demonstadas, distribucion de barraje, cableado y totalizadores con los elemtos existentes de aceurdo a la normatividad vigente. | G58: 1 | H58: 1 | J58: =ROUND(I58*H58*G58,0) -> 0
B59: 5.6 | D59: GENERADORE S ELÉCTRICOS | E59: Planta eléctrica tipo cabinado Generatin Set Model T30X de 30KVA / voltaje 220V /110; Dimensiones 2152 x 885 x 1106 mm | F59: Limpieza en general, ajuste de contactos, revisión de voltajes, corriente, cambio de aceite y filtros, cambio de refrigerante, pruebas de funcionamiento en vacío y lo demas necesario para su correcto funcionamiento. | G59: 1 | H59: 1 | J59: =ROUND(I59*H59*G59,0) -> 0
E60: Planta eléctrica portátil Portel Cable / 6500W / voltaje 110-220 /Combustible gasolina. | G60: 2 | H60: 1 | J60: =ROUND(I60*H60*G60,0) -> 0
B61: 5.7 | D61: PLANTA ELECTRICA | E61: Planta electrica tipo cabinado E-PRO Model T30X SERIE TPSO1FJ180328 de 30KVA / voltaje 220V /110; Dimensiones 2152 x 885 x 1106 mm | F61: Mantenimiento preventivo equipo portatil, incluye limpieza general de equipo (interior-exterior), mantenimiento de motor, cambio de aceite y filtro de aceite, sustitucion de filtro de aire del motor, cambio de correas de elementos auxiliares, mantenimiento del alternador inspeccion sistema de refigeracion y cambio de refigerante, servicio a la válvula de combustible, cambio de bujía y lo demas necesario para su correcto funcionamiento. | G61: 1 | H61: 1 | J61: =ROUND(I61*H61*G61,0) -> 0
B62: 6.1 | C62: SEDE GREGORIO HERNANDEZ DE ALBA calle 12 No 2– 38 | D62: SISTEMA DE DETECCIÓN Y ALARMA CONTRA INCENDIO | E62: Panel central de detección VS SERIES ref VS4-(G/R)(D)(-PG/-SP) / 110 V | F62: Inspección pruebas y mantenimientos de sistemas de detección, alarma, extinción y protección contra incendio, incluye limpieza e inspeccion visual, pruebas funcionales, pruebas de sensibilidad, | G62: 1 | H62: 1 | J62: =ROUND(I62*H62*G62,0) -> 0
E63: Sirena Kidde con luz estroboscópica | G63: 13 | H63: 1 | J63: =ROUND(I63*H63*G63,0) -> 0
E64: Estación manual de alarma | G64: 13 | H64: 1 | J64: =ROUND(I64*H64*G64,0) -> 0
E65: Sensor humo fotoeléctrico | G65: 77 | H65: 1 | J65: =ROUND(I65*H65*G65,0) -> 0
E66: Modulo indicador, BOSCH de la serie DS7400Xi o similar | G66: 4 | H66: 1 | J66: =ROUND(I66*H66*G66,0) -> 0
B67: 6.2 | D67: SISTEMA DE EXTINCIÓN | E67: Rociador Pendent K=5,6 Respuesta Rápida (QR) UL/FM | G67: 118 | H67: 1 | J67: =ROUND(I67*H67*G67,0) -> 0
B68: 6.3 | D68: GENERADORES ELÉCTRICOS | E68: Planta Eléctrica tipo cabinado PEL Power Sistems de 150 KVA efectivos altura Bogotá / motor WEIFFANG modelo R6105BZLDS2/ Trifásica / 220 V/ tanque interno para suministro de combustible (Diesel) por 8 horas | F68: Limpieza en general, ajuste de contactos, revisión de voltajes, corriente, cambio de aceite y filtros, cambio de refrigerante, pruebas de funcionamiento en vacío y lo demas necesario para su correcto funcionamiento. | G68: 1 | H68: 1 | J68: =ROUND(I68*H68*G68,0) -> 0
B69: 6.4 | D69: TRANSFERENCIA AUTOMÁTICA | E69: Transferencia automática in = 400A / 220V 208V, incluye breakers tipo industrial de 3 x 450 A y 3 x 400 A | F69: Mantenimiento en general todos los elementos que integran el tablero, Registro de datos del tablero correspondiente, Registro de datos del tablero correspondiente. Maniobras de des-energización y puesta a tierra, Revisión y limpieza del gabinete, cables, aisladores, interruptores electromagnéticos, termomagnéticos y demás componentes que integran el tablero, Revisión del sistema de tierras y apriete de conexiones en general, Pruebas de operación mecánica de interruptor(es) principal(es) y derivados, Medición de resistencia de aislamiento de interruptores electromagnéticos (megóhmetro), Revisión final, retiro de puesta a tierra y energización. | G69: 1 | H69: 1 | J69: =ROUND(I69*H69*G69,0) -> 0
B70: 6.5 | D70: TABLERO GENERAL DE DISTRIBUCIÓN | E70: Tablero de distribución general, Incluye totalizador 3 x 450 A-25k A, breaker de protección para cada carga, contactor de control de enclavamiento con el sistema de bombas contra incendio y DPS categoría C 4 hilos para 20 kA drenaje de neutro. | G70: 1 | H70: 1 | J70: =ROUND(I70*H70*G70,0) -> 0
B71: 6.6 | D71: SISTEMA EYECTOR | E71: Sistema de Bombeo eyector sumergible el cual se compone de 4 equipos de 1 Hp | F71: Mantenimiento preventivo de dos sistemas eyectores, incluye limpieza general de equipos, ajuste de contactos, revision de rodamientos y sello mecánico, ajuste de cableado, revisión de parámetros, pruebas de aislamiento y lo demas necesario para su correcto funcionamiento. | G71: 1 | H71: 1 | J71: =ROUND(I71*H71*G71,0) -> 0
B72: 6.7 | D72: SISTEMA BOMBEO RCI | E72: BOMBA JOCKEY: Marca: VM 55 2-180 | Modelo: TURE | Serie: 2100 39130 | Succión: 5"-6" | Descarga: 3"-6" | ADT: 212 M | Caudal: 2 m³/h | RPM: 3500 | Motor Marca: TPI MOTOR | Motor Modelo: YEZ-112 M-2 | Motor Serie: 2AOJ22 506 V2KK | Potencia: 4 kW | Voltaje: 220 V | Amperaje: 13,9 A | Motor RPM: 3500 | Tablero Marca: TORNATECH INC | Tablero Serie: JP3-20817,5/3/60 | Voltaje Placa: 20 B | Voltaje Red: 212,3 | Amperaje Placa: 24,2 | Amperaje Red: 15,1 | F72: Mantenimiento preventivo del sistema de RCI, incluye limpieza general de equipos, ajuste de contactos, revision de rodamientos y sello mecánico, ajuste de cableado, revisión de parámetros, pruebas de aislamiento y lo demas necesario para su correcto funcionamiento. | G72: 1 | H72: 1 | J72: =ROUND(I72*H72*G72,0) -> 0
E73: BOMBA PRINCIPAL: Marca: PATTERSON | Modelo: 5 x 3 11A VIP | Serie: FP-C0002091 54-01-01 | Succión: 5"-6" | Descarga: 3"-6" | ADT: 98 M | Caudal: 500 GPM | RPM: 3565 | Motor Marca: WEG | Motor Modelo: WHO | Motor Serie: 14829612 | Potencia: 758 HP | Voltaje: 220 V | Amperaje: 196 A | Motor RPM: 3550 | Tablero Marca: TORNATECH | Tablero Serie: W21216508 | Voltaje Placa: 208 | Voltaje Red: 212,8 | Amperaje Placa: 211 | Amperaje Red: 180 | G73: 1 | H73: 1 | J73: =ROUND(I73*H73*G73,0) -> 0
B74: 6.8 | D74: AIRES ACONDICIONADOS | E74: Aire acondicionado Wurden piso techo Inverter Ref / 24000 BTU | F74: Unidades Manejadoras Limpieza de bandeja de condensado, Limpieza de drenajes, Limpieza, sanitización e higienización serpentín evaporador, Mediciones de parámetros eléctricos, Revisión y limpieza de válvulas, Limpieza de filtros de aire, Revisión de lecturas eléctricas, temperatura, presiones alta y baja en circuitos de refrigeración, operación de motores y compresores. Unidades Condensadoras Limpieza y sanitización serpentín de la condensadora, Mediciones de parámetros eléctricos compresor, Revisión presiones de refrigerante de succión, descarga compresor con manómetros, Limpieza general de unidad, Verificación de niveles y presiones de aceite Verificación del estado de correas y poleas, Verificación del alineamiento de trasmisión de potencia, Revisión de rodamientos y chumaceras, Verificación del estado del sistema de acople a la red de ductos, Verificación del aislamiento térmico, Ajuste general de la unidad Revisión de la carga de refrigerante con manómetros, Revisión de tuberías para detectar posibles fugas, Inspección de mirillas de líquido para verificar estado de humedad en los circuitos, Verificación del estado del aislamiento térmico, Circuito de Refrigeración, Inspección visual de tuberías, Inspección y limpieza de conductos de expulsión de calor Revisión de válvulas de paso. Revisión Eléctrica Limpieza general de contactos eléctricos, fuerza y control de sulfatación de terminales, limpieza general de tableros, Ajuste de terminales eléctricos y de sulfatación, Verificación de la operación de sistemas de control, Ajuste del control de temperatura. | G74: 1 | H74: 1 | J74: =ROUND(I74*H74*G74,0) -> 0
B75: 7.1 | C75: PARQUE ARQUEOLOGICO SANTA MARIA LA ANTIGUA DEL DARIEN Vereda Santuario, corregimiento de Tanela | D75: GENERADORES ELECTRICOS | E75: Sistema Híbrido OFF-GRID con Batería de Litio 6500W / 29.890Wh-día 14 x Panel Solar Bifacial 610W N-Type 14 x Panel Solar Bifacial 610W N-Type con accesorios | F75: Mantenimiento general del sistema de paneles solares, inlcuye limpeza general de equipos compuesto por 12 paneles solares y 8 baterias | G75: 1 | H75: 1 | J75: =ROUND(I75*H75*G75,0) -> 0
B76: 7.2 | D76: BOMBAS | E76: MOTOBOMBA POWERMASTER 6,5 HP A GASOLINA SALIDA DE 2" | F76: Mantenimiento preventivo equipo portatil, incluye limpieza general de equipo (interior-exterior), mantenimiento de motor, cambio de aceite y filtro de aceite, sustitucion de filtro de aire del motor, inspeccion sistema de refigeracion y cambio de refigerante,cambio de bujía y lo demas necesario para su corrector funcionamiento. | G76: 1 | H76: 1 | J76: =ROUND(I76*H76*G76,0) -> 0
B77: 7.3 | D77: COMPRESOR AIRE | E77: Compresor de aire marca Toolcraft de 1,5 HP | F77: Mantenimiento preventivo equipo compresor portatil incluye limpieza general del equipo, cambio de filtro, aceites, correa y rodamientos. | G77: 1 | H77: 1 | J77: =ROUND(I77*H77*G77,0) -> 0
B78: 7.4 | D78: GENERADORES ELECTRICOS | E78: Planta eléctrica portátil KTC 3500 - 3,2 KW / Voltaje 110-220, combustible gasolina | F78: Mantenimiento preventivo equipo portatil, incluye limpieza general de equipo (interior-exterior), mantenimiento de motor, cambio de aceite y filtro de aceite, sustitucion de filtro de aire del motor, cambio de correas de elementos auxiliares, mantenimiento del alternador inspeccion sistema de refigeracion y cambio de refigerante, servicio a la válvula de combustible, cambio de bujía y lo demas necesario para su correcto funcionamiento. | G78: 1 | H78: 1 | J78: =ROUND(I78*H78*G78,0) -> 0
E79: Planta eléctrica portátil FG 1250 - 1200 W, Voltaje 110-220, combustible gasolina | F79: Mantenimiento preventivo equipo portatil, incluye limpieza general de equipo (interior-exterior), mantenimiento de motor, cambio de aceite y filtro de aceite, sustitucion de filtro de aire del motor, cambio de correas de elementos auxiliares, mantenimiento del alternador inspeccion sistema de refigeracion y cambio de refigerante, servicio a la válvula de combustible, cambio de bujía y lo demas necesario para su correcto funcionamiento. | G79: 1 | H79: 1 | J79: =ROUND(I79*H79*G79,0) -> 0
B80: 8.1 | C80: SEDE ADMINISTRATIVA SAN JOSE DEL GUAVIARE Carrera 21 5- 15 | D80: AIRES ACONDICIONADOS | E80: Aire acondicionado Mirage Life+ piso techo Ref / 12000 BTU | F80: Unidades Manejadoras Limpieza de bandeja de condensado, Limpieza de drenajes, Limpieza, sanitización e higienización serpentín evaporador, Mediciones de parámetros eléctricos, Revisión y limpieza de válvulas, Limpieza de filtros de aire, Revisión de lecturas eléctricas, temperatura, presiones alta y baja en circuitos de refrigeración, operación de motores y compresores. Unidades Condensadoras Limpieza y sanitización serpentín de la condensadora, Mediciones de parámetros eléctricos compresor, Revisión presiones de refrigerante de succión, descarga compresor con manómetros, Limpieza general de unidad, Verificación de niveles y presiones de aceite Verificación del estado de correas y poleas, Verificación del alineamiento de trasmisión de potencia, Revisión de rodamientos y chumaceras, Verificación del estado del sistema de acople a la red de ductos, Verificación del aislamiento térmico, Ajuste general de la unidad Revisión de la carga de refrigerante con manómetros, Revisión de tuberías para detectar posibles fugas, Inspección de mirillas de líquido para verificar estado de humedad en los circuitos, Verificación del estado del aislamiento térmico, Circuito de Refrigeración, Inspección visual de tuberías, Inspección y limpieza de conductos de expulsión de calor Revisión de válvulas de paso. Revisión Eléctrica Limpieza general de contactos eléctricos, fuerza y control de sulfatación de terminales, limpieza general de tableros, Ajuste de terminales eléctricos y de sulfatación, Verificación de la operación de sistemas de control, Ajuste del control de temperatura. | G80: 1 | H80: 1 | J80: =ROUND(I80*H80*G80,0) -> 0
H82: TOTAL | J82: =SUM(J18:J80) -> 0
B90: FIRMA REPRESENTANTE LEGAL

Sheet Diferencias en Bajas CNT vs SM
H2: INSTITUTO COLOMBIANO DE ANTROPOLOGIA E HISTORIA - ICANH
H4: NIT. 830.067.892-2
H7: INFORME DE ACTIVOS X DEPENDENCIA NIIF
H10: Usuario:DMUNOZ | I10: Fecha: | J10: 44704 | K10: Hora: | L10: 0.64945602 | N10: Página -1 de 1
L12: Costo Adquisición
C14: Activo | D14: Serie | E14: Placa Interna | F14: Marca | H14: Modelo | I14: Estado | K14: Fecha Adquisición | M14: Valor en Libros
A15: Centro de Costo: | C15: Centro de Costo 001 ADMINISTRACION-BOGOTA
A17: Ubicación: | C17: DEPENDENCIA CPE SEPTIMIO MARTINEZ GONZALEZ | G17: Encargado: MARTINEZ GONZALEZ SEPTIMIO
A19: Grupo Activo: | C19: EQUIPO CAFETERIA
